Workbook
Name Constr: '19-4-216'!$A$1
Name Constr: '19-4-217'!$A$1
Name Constr: '19-4-224'!$A$1
Name Constr: '19-4-225'!$A$1
Name Constr: '19-4-444'!$A$1
Name Constr: '19-4-446'!$A$1
Name Constr: '19-4-447'!$A$1
Name Constr: '19-4-449'!$A$1
Name Constr: '19-4-451'!$A$1
Name Constr: '19-4-453'!$A$1
Name Constr: '19-4-454'!$A$1
Name Constr: '19-4-456'!$A$1
Name Constr: '19-4-460'!$A$1
Name Constr: '19-4-462'!$A$1
Name Constr: '19-4-464'!$A$1
Name Constr: '19-4-466'!$A$1
Name Constr: '19-4-468'!$A$1
Name Constr: '19-4-470'!$A$1
Name Constr: '19-4-472'!$A$1
Name Constr: '19-4-474'!$A$1
Name Constr: '19-4-475'!$A$1
Name FOT: '19-4-216'!$B$19
Name FOT: '19-4-217'!$B$19
Name FOT: '19-4-224'!$B$19
Name FOT: '19-4-225'!$B$19
Name FOT: '19-4-444'!$B$19
Name FOT: '19-4-446'!$B$19
Name FOT: '19-4-447'!$B$20
Name FOT: '19-4-449'!$B$19
Name FOT: '19-4-451'!$B$20
Name FOT: '19-4-453'!$B$19
Name FOT: '19-4-454'!$B$19
Name FOT: '19-4-456'!$B$19
Name FOT: '19-4-460'!$B$20
Name FOT: '19-4-462'!$B$20
Name FOT: '19-4-464'!$B$20
Name FOT: '19-4-466'!$B$20
Name FOT: '19-4-468'!$B$20
Name FOT: '19-4-470'!$B$20
Name FOT: '19-4-472'!$B$20
Name FOT: '19-4-474'!$B$20
Name FOT: '19-4-475'!$B$19
Name Ind: '19-4-216'!$D$9
Name Ind: '19-4-217'!$D$9
Name Ind: '19-4-224'!$D$9
Name Ind: '19-4-225'!$D$9
Name Ind: '19-4-444'!$D$9
Name Ind: '19-4-446'!$D$9
Name Ind: '19-4-447'!$D$9
Name Ind: '19-4-449'!$D$9
Name Ind: '19-4-451'!$D$9
Name Ind: '19-4-453'!$D$9
Name Ind: '19-4-454'!$D$9
Name Ind: '19-4-456'!$D$9
Name Ind: '19-4-460'!$D$9
Name Ind: '19-4-462'!$D$9
Name Ind: '19-4-464'!$D$9
Name Ind: '19-4-466'!$D$9
Name Ind: '19-4-468'!$D$9
Name Ind: '19-4-470'!$D$9

Sheet 19-4-474
A1: СОГЛАСОВАНО: | I1: УТВЕРЖДАЮ:
A4: ______________ | I4: ____________
A5: " _____ " ________________ 2012 г. | I5: "______ " _______________2012 г.
D6: г. Лесной Свердловской области. ФГУП "Комбинат "Электрохимприбор"
D7: (наименование стройки)
D9: ЛОКАЛЬНЫЙ СМЕТНЫЙ РАСЧЕТ № 313-2095/19-4-474
D10: (локальная смета)
A12: на | B12: Пожарную сигнализацию и оповещение о пожаре, Площадка 17. Цех 343. Здание 377
D13: (наименование работ и затрат, наименование объекта)
B15: Основание: р.ч. 0503.017.0377 - ПС инв. № 313-758, 313-757
B16: Сметная стоимость _______________________________________________________________________________________________ | D16: ___________________________54,827 | F16: тыс. руб.
B17: строительных работ _______________________________________________________________________________________________ | D17: _______________________________________________________________________________________________0,924 | F17: тыс. руб.
B18: монтажных работ _______________________________________________________________________________________________ | D18: _______________________________________________________________________________________________53,669 | F18: тыс. руб.
B19: оборудования _______________________________________________________________________________________________ | D19: _______________________________________________________________________________________________0,234 | F19: тыс. руб.
B20: Средства на оплату труда _______________________________________________________________________________________________ | D20: ___________________________7,996 | F20: тыс. руб.
B21: Сметная трудоемкость _______________________________________________________________________________________________ | D21: _______________________________________________________________________________________________499,49 | F21: чел.час
B22: Трудозатраты механизаторов _______________________________________________________________________________________________ | D22: _______________________________________________________________________________________________31,52 | F22: чел.час
B23: Составлен(а) в ценах по состоянию на 01.01.2000 г. (Редакция 2009 г.)
A26: № пп | B26: Шифр и номер позиции норматива | C26: Наименование работ и затрат, единица измерения | D26: Количество | E26: Стоимость единицы, руб. | G26: Общая стоимость, руб. | J26: Затраты труда рабочих, чел.-ч, не занятых обслуживанием машин
E27: всего | F27: эксплуата- ции машин | G27: Всего | H27: оплаты труда | I27: эксплуата- ция машин
E28: оплаты труда | F28: в т.ч. оплаты труда | I28: в т.ч. оплаты труда | J28: на единицу | K28: всего
A29: 1 | B29: 2 | C29: 3 | D29: 4 | E29: 5 | F29: 6 | G29: 7 | H29: 8 | I29: 9 | J29: 10 | K29: 11
A30: Раздел 1. Монтажные работы и оборудование
A31: Применен повышающий территориальный коэффициент к заработной плате К=1,0434
A32: Учтены индексы:
A33: К = 3,94 - индекс перехода сметной стоимости на оборудование от цен 3 кв. 2013 г. к ценам на 01.01.2000 г. (письмо Минрегиона № 13478-СД/10 от 29.07.2013 г. прил. 5)
A34: К= 5,59 - индекс перехода к стоимости материалов от цен 3 кв. 2013 г. к ценам на 01.01.2000 г. (письмо Минрегиона № 13478-СД/10 от 29.07.2013 г. прил. 1)
A35: Учтены транспортные (3%), заготовительно-складские расходы (1,2%) и расходы на материалы (2%)
A37: Пожарная сигнализация
A38: 1 | B38: ТЕРм10-08-002-03 | C38: Извещатель ПС автоматический тепловой, дымовой, световой во взрывозащищенном исполнении (ИП 101-3А) (1 шт.) | D38: 74 | E38: 35,7 29,18 | F38: 0.54 | G38: 2642 | H38: 2159 | I38: 40 | J38: 1.68 | K38: 124.32
A39: 2 | B39: г. Воронеж, "Электроника и связь" III кв. 2013 г. | C39: Диод Д - 226Г Цена: 7,70:1,18:3,94*1,03*1,012 (шт.) | D39: 74 | E39: 1.73 | G39: 128
A40: 3 | B40: ТЕРм11-03-001-01 | C40: Приборы, устанавливаемые на металлоконструкциях, щитах и пультах, масса до 5 кг(Диоды) (1 шт.) | D40: 74 | E40: 8,73 7,58 | G40: 646 | H40: 561 | J40: 0.52 | K40: 38.48
A41: 4 | B41: ТСЦ-509-8065 прим. | C41: Резисторы (шт.) | D41: 3 | E41: 9.99 | G41: 30
A42: 5 | B42: ТЕРм11-03-001-01 | C42: Резисторы (1 шт.) | D42: 3 | E42: 8,73 7,58 | G42: 26 | H42: 23 | J42: 0.52 | K42: 1.56
A43: 6 | B43: ТЕРм10-04-066-05 | C43: Извещатель пожарный ручной (ИПР 3СУ) (1 шт.) | D43: 3 | E43: 14,44 13,33 | G43: 43 | H43: 40 | J43: 1 | K43: 3
A44: 7 | B44: г. Москва, "Сигналспецавтоматика" III кв. 2013 г. | C44: Устройство контроля шлейфов УШК-02 Цена: 113,52:1,18:3,94*1,03*1,012 (шт.) | D44: 3 | E44: 25.45 | G44: 76
A45: 8 | B45: ТЕРм10-08-001-12 | C45: Устройства промежуточные на количество лучей 2 (1 шт.) | D45: 3 | E45: 131,28 121,79 | F45: 0.37 | G45: 394 | H45: 365 | I45: 1 | J45: 8 | K45: 24
A46: 9 | B46: ТЕРм08-02-148-01 прим | C46: Кабель связи в проложенных трубах, блоках и коробах, масса 1 м кабеля до 1 кг (100 м кабеля) | D46: 8 0,01*800 | E46: 808,64 175,31 | F46: 547,32 60,38 | G46: 6469 | H46: 1402 | I46: 4379 483 | J46: 12.4 | K46: 99.2
A47: 10 | B47: ТЕРм08-02-407-06 | C47: Установка гильзы для прохода заземляющего проводника через стены и перекрытия, диаметр до 25 мм (100 м) | D47: 0,05 0,01*5 | E47: 1632,82 262,68 | F47: 175,85 8,92 | G47: 82 | H47: 13 | I47: 9 | J47: 19 | K47: 0.95
A48: 11 | B48: ТЕРм08-02-411-01 прим. | C48: Рукав металлический наружным диаметром до 48 мм с муфтами и скобами (100 м) | D48: 5,5 0,01*550 | E48: 3967,54 479,73 | F48: 240,39 4,17 | G48: 21821 | H48: 2639 | I48: 1322 23 | J48: 34.7 | K48: 190.85
A49: 12 | B49: ТЕРм08-02-155-01 прим. Кмат=0 | C49: Герметизация проходов при вводе кабелей во взрывоопасные помещения уплотнительной массой (1 проход кабеля) | D49: 15 | E49: 6,65 6,65 | G49: 100 | H49: 100 | J49: 0.47 | K49: 7.05
A50: Итого прямые затраты по разделу в ценах 2001г. | G50: 32457 | H50: 7302 | I50: 5751 506 | K50: 489.41
A51: Накладные расходы | G51: 6950
A52: Сметная прибыль | G52: 4920
A53: Итоги по разделу 1 Монтажные работы и оборудование :
A54: Итого Монтажные работы | G54: 44093 | K54: 489.41
A55: Итого Оборудование | G55: 234
A56: Итого | G56: 44327 | K56: 489.41
A57: В том числе:
A58: Материалы | G58: 19170
A59: Машины и механизмы | G59: 5751
A60: ФОТ | G60: 7808
A61: Оборудование | G61: 234
A62: Накладные расходы | G62: 6950
A63: Сметная прибыль | G63: 4920
A64: Итого по разделу 1 Монтажные работы и оборудование | G64: 44327 | K64: 489.41
A65: Раздел 2. Материалы, не учтенные ценником
A66: Пожарная сигнализация
A67: 13 | B67: г. С-Петербург АО "Аргус Спектр" III кв. 2013 г. | C67: Извещатель пожарный тепловой ИП 101-3А-А3R (в компл. с диодами) Цена: 2734,0:1,18:5,59*1,03*1,02 (шт.) | D67: 3 | E67: 435.45 | G67: 1306
A68: 14 | B68: г. Москва, "База электроники" III кв. 2013 г. | C68: Извещатель пожарный ручной "ИПР 3СУ" Цена: 217,80:1,18:5,59*1,03*1,02 (шт.) | D68: 3 | E68: 34.69 | G68: 104
A69: 15 | B69: г. Москва, "Тинко" III кв. 2013 г. | C69: Кабель огнестойкий КСРЭВнг-FRLS 2x0,8 Цена: 9550,0:1,18:5,59*1,03*1,02 (1000 м) | D69: 0,8 0,001*800 | E69: 1521.06 | G69: 1217
A70: 16 | B70: ДКС г. Москва III кв. 2013 г. | C70: Жесткая гладкая труба, диам. 40 мм Цена:46,46:1,18:5,59*1,03*1,02 (м) | D70: 5 | E70: 7.4 | G70: 37
A71: 17 | B71: ТСЦ-101-2161 прим. | C71: Металлополимерный рукав диам. усл. проход 10 мм (м) | D71: 550 | E71: 11.9 | G71: 6545
A72: 18 | B72: Hilti III кв. 2013 г. | C72: Набухающая противопожарная шпаклевка CР-673 Цена: 5994,0:6:1,18:5,59*1,03*1,02 (кг) | D72: 2 | E72: 159.11 | G72: 318
A73: 19 | B73: ТСЦ-104-0092 | C73: Стекловолокно рубленое (т) | D73: 0,001 1*0,001 | E73: 48614.35 | G73: 49
A74: Итого прямые затраты по разделу в ценах 2001г. | G74: 9576
A75: Итоги по разделу 2 Материалы, не учтенные ценником :
A76: Материалы для монтажных работ | G76: 9576
A77: Итого | G77: 9576
A78: В том числе:
A79: Материалы | G79: 9576
A80: Итого по разделу 2 Материалы, не учтенные ценником | G80: 9576
A81: Раздел 3. Строительные работы
A82: 20 | B82: ТЕР46-03-009-04 | C82: Пробивка в кирпичных стенах отверстий круглых диаметром до 25 мм при толщине стен до 38 см (100 шт.) | D82: 0,15 0,01*15 | E82: 3898,4 907,58 | F82: 2990,82 344,05 | G82: 585 | H82: 136 | I82: 449 52 | J82: 67.22 | K82: 10.08
A83: Итого прямые затраты по разделу в ценах 2001г. | G83: 585 | H83: 136 | I83: 449 52 | K83: 10.08
A84: Накладные расходы | G84: 207
A85: Сметная прибыль | G85: 132
A86: Итоги по разделу 3 Строительные работы :
A87: Работы по реконструкции зданий и сооружений (усиление и замена существующих конструкций, разборка и возведение отдельных конструктивных элементов) | G87: 924 | K87: 10.08
A88: Итого | G88: 924 | K88: 10.08
A89: В том числе:
A90: Машины и механизмы | G90: 449
A91: ФОТ | G91: 188
A92: Накладные расходы | G92: 207
A93: Сметная прибыль | G93: 132
A94: Итого по разделу 3 Строительные работы | G94: 924 | K94: 10.08
A95: ИТОГИ ПО СМЕТЕ:
A96: Итого прямые затраты по смете в ценах 2001г. | G96: 42618 | H96: 7438 | I96: 6200 558 | K96: 499.49
A97: Накладные расходы | G97: 7157
A98: В том числе, справочно:
A99: 80% ФОТ (от 3108) (Поз. 1, 3, 5, 8) | G99: 2486
A100: 92% ФОТ (от 40) (Поз. 6) | G100: 37
A101: 95% ФОТ (от 4660) (Поз. 9-12) | G101: 4427
A102: 110% ФОТ (от 188) (Поз. 20) | G102: 207
A103: Сметная прибыль | G103: 5052
A104: В том числе, справочно:
A105: 60% ФОТ (от 3108) (Поз. 1, 3, 5, 8) | G105: 1865
A106: 65% ФОТ (от 4700) (Поз. 6, 9-12) | G106: 3055
A107: 70% ФОТ (от 188) (Поз. 20) | G107: 132
A108: Итоги по смете:
...

Sheet 19-4-475
A1: СОГЛАСОВАНО: | I1: УТВЕРЖДАЮ:
A4: ______________ | I4: ____________
A5: " _____ " ________________ 2012 г. | I5: "______ " _______________2012 г.
B6: г.Леской ФГУП Комбинат Электрохимприбор
D7: (наименование стройки)
C9: ЛОКАЛЬНЫЙ СМЕТНЫЙ РАСЧЕТ № 313-2099/19-4-475
D10: (локальная смета)
A12: на | B12: Пожарную сигнализацию и оповещение о пожаре, Общежитие "Дружба"
D13: (наименование работ и затрат, наименование объекта)
B15: Основание: р.ч. 0503.000.0000 - ПС, инв. № 313-776, 313-775
B16: Сметная стоимость _______________________________________________________________________________________________ | D16: ___________________________588,544 | F16: тыс. руб.
B17: монтажных работ _______________________________________________________________________________________________ | D17: _______________________________________________________________________________________________578,240 | F17: тыс. руб.
B18: оборудования _______________________________________________________________________________________________ | D18: _______________________________________________________________________________________________10,304 | F18: тыс. руб.
B19: Средства на оплату труда _______________________________________________________________________________________________ | D19: ___________________________74,270 | F19: тыс. руб.
B20: Сметная трудоемкость _______________________________________________________________________________________________ | D20: _______________________________________________________________________________________________4225,82 | F20: чел.час
B21: Трудозатраты механизаторов _______________________________________________________________________________________________ | D21: _______________________________________________________________________________________________631,47 | F21: чел.час
B22: Составлена в ценах по состоянию на 01.01.2000 г. (редакция 2009 г.)
A25: № пп | B25: Шифр и номер позиции норматива | C25: Наименование работ и затрат, единица измерения | D25: Количество | E25: Стоимость единицы, руб. | G25: Общая стоимость, руб. | J25: Затраты труда рабочих, чел.-ч, не занятых обслуживанием машин
E26: всего | F26: эксплуата- ции машин | G26: Всего | H26: оплаты труда | I26: эксплуата- ция машин
E27: оплаты труда | F27: в т.ч. оплаты труда | I27: в т.ч. оплаты труда | J27: на единицу | K27: всего
A28: 1 | B28: 2 | C28: 3 | D28: 4 | E28: 5 | F28: 6 | G28: 7 | H28: 8 | I28: 9 | J28: 10 | K28: 11
A29: Раздел 1. Монтажные работы и оборудование
A30: Применен повышающий территориальный коэффициент к заработной плате К=1,0434
A31: Учтены индексы:
A32: К = 3,94 - индекс перехода сметной стоимости на оборудование от цен 3 кв. 2013 г. к ценам на 01.01.2000 г. (письмо Минрегиона № 13478-СД/10 от 29.07.2013 г. прил. 5)
A33: К= 5,59 - индекс перехода к стоимости материалов от цен 3 кв. 2013 г. к ценам на 01.01.2000 г. (письмо Минрегиона № 13478-СД/10 от 29.07.2013 г. прил. 1)
A34: Учтены транспортные (3%), заготовительно-складские расходы (1,2%) и расходы на оборудование (2%)
A36: Пожарная сигнализация
A37: 1 | B37: г. Москва, "Альтоника" III кв. 2013 г. | C37: Объектовый прибор со встроенным передатчиком "Риф Стринг RS-202 ТD-RR" Цена: 4170:1,18:3,94*1,03*1,012 (компл.) | D37: 1 | E37: 934.92 | G37: 935
A38: 2 | B38: ТЕРм10-08-001-08 | C38: Прибор ОПС на 4 луча (1 шт.) | D38: 1 | E38: 45,14 37,04 | F38: 0.37 | G38: 45 | H38: 37 | J38: 2.4 | K38: 2.4
A39: 3 | B39: г. Москва, "Альтоника" III кв. 2013 г. | C39: Антенна АН7-433, направленная усилением +7dBd Цена: 1470,0:1,18:3,94*1,03*1,012 (шт.) | D39: 1 | E39: 329.58 | G39: 330
A40: 4 | B40: ТЕРм10-04-100-09 | C40: Антенна направленная; аппаратура настенная (1 шт.) | D40: 1 | E40: 151,45 113,1 | G40: 151 | H40: 113 | J40: 8 | K40: 8
A41: 5 | B41: г. Москва, "Юнитест" III кв. 2013 г. | C41: Прибор ППКОПУ "Минитроник А32М" Цена:3900,0:1,18:3,94*1,03*1,012 (шт.) | D41: 1 | E41: 874.39 | G41: 874
A42: 6 | B42: ТЕРм10-08-001-01 | C42: Приборы ПС приемно-контрольные, пусковые, концентратор блок базовый на 10 лучей (1 шт.) | D42: 1 | E42: 121,95 106,45 | F42: 0.46 | G42: 122 | H42: 106 | J42: 7.2 | K42: 7.2
A43: 7 | B43: г. Москва, "Юнитест" III кв. 2013 г. | C43: Модуль адресный управляющий А16-УОП Цена:422,0:1,18:3,94*1,03*1,012 (шт.) | D43: 9 | E43: 94.61 | G43: 851
A44: 8 | B44: г. Москва, "Юнитест" III кв. 2013 г. | C44: Модуль адресный управляющий А16-УОП-В Цена:422,0:1,18:3,94*1,03*1,012 (шт.) | D44: 4 | E44: 94.61 | G44: 378
A45: 9 | B45: ТЕРм10-08-001-09 прим. | C45: Приборы приемно-контрольные объектовые на 2 луча (1 шт.) | D45: 6 4+2 | E45: 95,37 86,77 | F45: 0.37 | G45: 572 | H45: 521 | I45: 2 | J45: 5.7 | K45: 34.2
A46: 10 | B46: ТЕРм10-08-002-03 | C46: Извещатель ПС автоматический тепловой, дымовой, световой во взрывозащищенном исполнении (ИП 101-50А1R, ИП 103-5/2) (1 шт.) | D46: 573 5+568 | E46: 35,7 29,18 | F46: 0.54 | G46: 20456 | H46: 16720 | I46: 309 | J46: 1.68 | K46: 962.64
A47: 11 | B47: ТЕРм10-04-066-05 | C47: Извещатель пожарный ручной (А16-ИПР) (1 шт.) | D47: 14 | E47: 14,44 13,33 | G47: 202 | H47: 187 | J47: 1 | K47: 14
A48: 12 | B48: г. Королев, "Болид" III кв. 2013 г. | C48: Блок резервного питания БРП12/3 Цена: 1497,0:1,18:3,94*1,03*1,012 (шт.) | D48: 10 | E48: 335.63 | G48: 3356
A49: 13 | B49: г. Москва, "База электроники" III кв. 2013 г. | C49: Аккумуляторная батарея, емк. 7 Ач Цена: 400:1,18:3,94*1,03*1,012 (шт.) | D49: 10 | E49: 89.68 | G49: 897
A50: 14 | B50: ТЕРм10-08-003-03 | C50: Блок питания и контроля (1 шт.) | D50: 10 | E50: 62,22 54,02 | F50: 0.37 | G50: 622 | H50: 540 | I50: 4 | J50: 3.6 | K50: 36
A51: 15 | B51: г. Москва "Юнитест" III кв. 2013 г. | C51: Метка адресная пожарная А16-ТК Цена:260,55:1,18:3,94*1,03*1,012 (шт.) | D51: 32 | E51: 58.42 | G51: 1869
A52: 16 | B52: ТЕРм10-08-001-09 прим. | C52: Приборы приемно-контрольные объектовые на 2 луча (1 шт.) | D52: 32 | E52: 95,37 86,77 | F52: 0.37 | G52: 3052 | H52: 2777 | I52: 12 | J52: 5.7 | K52: 182.4
A53: 17 | B53: г. Москва, "Сигналспецавтоматика" III кв. 2013 г. | C53: Устройство контроля шлейфов УШК-02 Цена: 113,52:1,18:3,94*1,03*1,012 (шт.) | D53: 32 | E53: 25.45 | G53: 814
A54: 18 | B54: ТЕРм10-08-001-12 | C54: Устройства промежуточные на количество лучей 2 (1 шт.) | D54: 32 | E54: 131,28 121,79 | F54: 0.37 | G54: 4201 | H54: 3897 | I54: 12 | J54: 8 | K54: 256
A55: 19 | B55: ТЕРм10-08-019-01 | C55: Коробка ответвительная на стене (1 шт.) | D55: 216 | E55: 7,62 7,18 | G55: 1646 | H55: 1551 | J55: 0.5 | K55: 108
A56: 20 | B56: ТЕРм08-02-148-01 прим | C56: Кабель связи в проложенных трубах, блоках и коробах, масса 1 м кабеля до 1 кг (100 м кабеля) | D56: 37,1 0,01*(3600+50+20+30+10) | E56: 808,64 175,31 | F56: 547,32 60,38 | G56: 30001 | H56: 6504 | I56: 20306 2240 | J56: 12.4 | K56: 460.04
A57: 21 | B57: ТЕРм08-02-407-04 | C57: Труба стальная по установленным конструкциям, по стенам с креплением скобами, диаметр до 80 мм (100 м) | D57: 0,1 0,01*10 | E57: 3898,16 933,2 | F57: 1643,41 571,98 | G57: 390 | H57: 93 | I57: 164 57 | J57: 67.5 | K57: 6.75
A58: 22 | B58: ТЕРм08-02-396-05 прим. | C58: Кабельный канал металлический по стенам и потолкам, длина 2 м (100 м) | D58: 20 0,01*2000 | E58: 1870,64 519,82 | F58: 796,97 211,76 | G58: 37413 | H58: 10396 | I58: 15939 4235 | J58: 37.6 | K58: 752
A59: 23 | B59: ТЕРм08-01-087-03 | C59: Металлические конструкции (кронштейн для мачты 0,35 м) (1 т) | D59: 0,0013 0,001*1,30*1 | E59: 18494,68 879,39 | F59: 645,33 33,04 | G59: 24 | H59: 1 | I59: 1 | J59: 62.2 | K59: 0.08
A60: Оповещение о пожаре
A61: 24 | B61: ТЕРм08-01-081-01 | C61: Аппарат (кнопка, ключ управления, замок электромагнитной блокировки, звуковой сигнал, сигнальная лампа) управления и сигнализации, количество подключаемых концов до 2 ( "Люкс" "Выход") (1 шт.) | D61: 17 9+8 | E61: 30,5 15,97 | F61: 11,72 0,76 | G61: 519 | H61: 271 | I61: 199 13 | J61: 1.13 | K61: 19.21
A62: 25 | B62: ТЕРм10-04-066-05 | C62: Оповещатель звуковой ("Говорун") (1 шт.) | D62: 185 | E62: 14,44 13,33 | G62: 2671 | H62: 2466 | J62: 1 | K62: 185
A63: 26 | B63: ТЕРм08-02-148-01 | C63: Кабель связи в проложенных трубах, блоках и коробах, масса 1 м кабеля до 1 кг (100 м кабеля) | D63: 16 0,01*1600 | E63: 808,64 175,31 | F63: 547,32 60,38 | G63: 12938 | H63: 2805 | I63: 8757 966 | J63: 12.4 | K63: 198.4
A64: 27 | B64: ТЕРм10-08-019-01 | C64: Коробка ответвительная на стене (КМ-О) (1 шт.) | D64: 189 | E64: 7,62 7,18 | G64: 1440 | H64: 1357 | J64: 0.5 | K64: 94.5
A65: 28 | B65: ТЕРм08-02-396-05 | C65: Кабельный канал металлический по стенам и потолкам, длина 2 м (100 м) | D65: 14 0,01*1400 | E65: 1870,64 519,82 | F65: 796,97 211,76 | G65: 26189 | H65: 7277 | I65: 11158 2965 | J65: 37.6 | K65: 526.4
A66: Итого прямые затраты по разделу в ценах 2001г. | G66: 152958 | H66: 57619 | I66: 56863 10476 | K66: 3853.22
A67: Накладные расходы | G67: 60482
A68: Сметная прибыль | G68: 42887
A69: Итоги по разделу 1 Монтажные работы и оборудование :
A70: Итого Монтажные работы | G70: 246023 | K70: 3853.22
A71: Итого Оборудование | G71: 10304
A72: Итого | G72: 256327 | K72: 3853.22
A73: В том числе:
A74: Материалы | G74: 28172
A75: Машины и механизмы | G75: 56863
A76: ФОТ | G76: 68095
A77: Оборудование | G77: 10304
A78: Накладные расходы | G78: 60482
A79: Сметная прибыль | G79: 42887
A80: Итого по разделу 1 Монтажные работы и оборудование | G80: 256327 | K80: 3853.22
A81: Раздел 2. Материалы, не учтенные ценником
A82: Пожарная сигнализация
A83: 29 | B83: г. Москва "Юнитест" III кв. 2013 г. | C83: Извещатель пожарный тепловой ИМ 101-50 А1R Цена: 303:1,18:5,59*1,03*1,02 (шт.) | D83: 5 | E83: 48.26 | G83: 241
A84: 30 | B84: г. Обнинск з-д "Сигнал" III кв. 2013 г. | C84: Извещатель пожарный ручной А16-ИПР Цена: 345:1,18:5,59*1,03*1,02 (шт.) | D84: 14 | E84: 54.95 | G84: 769
A85: 31 | B85: г. С-Петербург АО "Аргус Спектр" III кв. 2013 г. | C85: Извещатель пожарный тепловой ИП 103-5/2 Цена: 2734,0:1,18:5,59*1,03*1,02 (шт.) | D85: 568 | E85: 435.45 | G85: 247336
A86: 32 | B86: ТСЦ-503-0453 | C86: Коробка универсальная марки УК-П (шт.) | D86: 216 | E86: 6.79 | G86: 1467
A87: 33 | B87: г. Москва, "Спецкабель" III кв. 2013 г. | C87: Кабель сигнальный UT 105нг FRLS FE 180 Цена: 17,5:1,18:5,59*1,03*1,02 (м) | D87: 3600 | E87: 2.79 | G87: 10044
A88: 34 | B88: г. Подольск, "Подольсккабель" III кв. 2013 г. | C88: Кабель ВВГнг-FRLS 2х1,5 Цена: 63802,60:1,18:5,59*1,03*1,02 (1000 м) | D88: 0,05 0,001*50 | E88: 10162.06 | G88: 508
A89: 35 | B89: г. Подольск, "Подольсккабель" III кв. 2013 г. | C89: Кабель ВВГнг-FRLS 3х1,5 Цена: 78340,20:1,18:5,59*1,03*1,02 (1000 м) | D89: 0,02 0,001*20 | E89: 12477.52 | G89: 250
A90: 36 | B90: г. Москва, "База электроники" III кв. 2013 г. | C90: Кабель радиочастотный РК 50-11-11 Цена: 99,43:1,18:5,59*1,03*1,02 (м) | D90: 30 | E90: 15.84 | G90: 475
A91: 37 | B91: г. Москва, "Спецкабель" III кв. 2013 г. | C91: Кабель огнестойкий КСРЭВнг-FRLS 4x0,64 Цена: 17065,0:1,18:5,59*1,03*1,02 (1000 м) | D91: 0,01 0,001*10 | E91: 2718 | G91: 27
A92: 38 | B92: ТСЦ-103-0137 прим. | C92: Трубы стальные электросварные прямошовные со снятой фаской из стали марок БСт2кп-БСт4кп и БСт2пс-БСт4пс наружный диаметр 51 мм (м) | D92: 10 | E92: 30.89 | G92: 309
A93: 39 | B93: г. Москва, "Электродел" III кв. 2013 г. | C93: Кабельный канал металлический оцинкованный ККМО 15х15, длиной 2м Цена: 50,00:1,18:5,59*1,03*1,02 (шт.) | D93: 1000 | E93: 7.96 | G93: 7960
A94: Оповещение о пожаре
A95: 40 | B95: г. Королев, "Болид" III кв. 2013 г. | C95: Оповещатель пожарный световой "Люкс-12" "Выход" Цена: 110,0:1,18:5,59*1,03*1,02 (шт.) | D95: 9 | E95: 17.52 | G95: 158
A96: 41 | B96: г. Королев, "Болид" III кв. 2013 г. | C96: Оповещатель пожарный световой "Люкс-12 Д" "Выход", Цена: 302,0:1,18:5,59*1,03*1,02 (шт.) | D96: 8 | E96: 48.1 | G96: 385
A97: 42 | B97: г. Москва, "База электроники" III кв. 2013 г. | C97: Оповещатель звуковой ПКИ-РС-1 "Говорун" Цена: 344,5:1,18:5,59*1,03*1,02 (шт.) | D97: 185 | E97: 54.87 | G97: 10151
A98: 43 | B98: г. Подольск, "Подольсккабель" III кв. 2013 г. | C98: Кабель симметричный огнестойкий КПСЭнг-FRHF 1х2х1,5 Цена: 82777,0:1,18:5,59*1,03*1,02 (1000 м) | D98: 1,6 0,001*1600 | E98: 13184.18 | G98: 21095
A99: 44 | B99: г. Санкт-Петербург, "ЭТМ" III кв. 2013 г. | C99: Коробка монтажная огнестойкая КМ-О(4к) Цена: 325,0:1,18:5,59*1,03*1,02 (шт.) | D99: 189 | E99: 51.76 | G99: 9783
A100: 45 | B100: г. Москва, "Электродел" III кв. 2013 г. | C100: Кабельный канал металлический оцинкованный ККМО 15х15, длиной 2м Цена: 50,00:1,18:5,59*1,03*1,02 (шт.) | D100: 700 | E100: 7.96 | G100: 5572
A101: Итого прямые затраты по разделу в ценах 2001г. | G101: 316530
A102: Итоги по разделу 2 Материалы, не учтенные ценником :
A103: Материалы для монтажных работ | G103: 316530
A104: Итого | G104: 316530
A105: В том числе:
A106: Материалы | G106: 316530
A107: Итого по разделу 2 Материалы, не учтенные ценником | G107: 316530
A108: Раздел 3. Демонтаж существующей пожарной сигнализации (по проекту инв. №20794-99-СС) с Кдем=0,3
...

Sheet 19-4-216
A1: СОГЛАСОВАНО: | I1: УТВЕРЖДАЮ:
A4: ______________ | I4: ____________
A5: " _____ " ________________ 2012 г. | I5: "______ " _______________2012 г.
D6: г. Лесной. Свердловская область. ФГУП "Комбинат "Электрохимприбор"
D7: (наименование стройки)
D9: ЛОКАЛЬНЫЙ СМЕТНЫЙ РАСЧЕТ № 313-2227 / 19-4-216
D10: (локальная смета)
A12: на | B12: Пожарную сигнализацию и оповещение о пожаре, Здание 58. Площадка 14. Монтаж АПС и СОУЭ в зданиях комбината
D13: (наименование работ и затрат, наименование объекта)
B15: Основание: р.ч. 0503.014.0058 - ПС, инв. № 313-704, 313-703
B16: Сметная стоимость _______________________________________________________________________________________________ | D16: ___________________________11,692 | F16: тыс. руб.
B17: монтажных работ _______________________________________________________________________________________________ | D17: _______________________________________________________________________________________________7,139 | F17: тыс. руб.
B18: оборудования _______________________________________________________________________________________________ | D18: _______________________________________________________________________________________________4,553 | F18: тыс. руб.
B19: Средства на оплату труда _______________________________________________________________________________________________ | D19: ___________________________1,300 | F19: тыс. руб.
B20: Сметная трудоемкость _______________________________________________________________________________________________ | D20: _______________________________________________________________________________________________74,72 | F20: чел.час
B21: Трудозатраты механизаторов _______________________________________________________________________________________________ | D21: _______________________________________________________________________________________________14,97 | F21: чел.час
B22: Составлен(а) в ценах по состоянию на 01.01.2000 г.
A25: № пп | B25: Шифр и номер позиции норматива | C25: Наименование работ и затрат, единица измерения | D25: Количество | E25: Стоимость единицы, руб. | G25: Общая стоимость, руб. | J25: Затраты труда рабочих, чел.-ч, не занятых обслуживанием машин
E26: всего | F26: эксплуата- ции машин | G26: Всего | H26: оплаты труда | I26: эксплуата- ция машин
E27: оплаты труда | F27: в т.ч. оплаты труда | I27: в т.ч. оплаты труда | J27: на единицу | K27: всего
A28: 1 | B28: 2 | C28: 3 | D28: 4 | E28: 5 | F28: 6 | G28: 7 | H28: 8 | I28: 9 | J28: 10 | K28: 11
A29: Раздел 1. Монтажные работы и оборудование
A30: Применен повышающий территориальный коэффициент к заработной плате К=1,0434
A31: Учтены индексы:
A32: К = 3,93 - индекс перехода сметной стоимости на оборудование от цен 3 кв. 2013 г. к ценам на 01.01.2000 г. (письмо Минрегиона № 13478-СД/10 от 29.07.2013 г. прил. 5)
A33: К= 5,12 - индекс перехода к стоимости материалов от цен 3 кв. 2013 г. к ценам на 01.01.2000 г. (письмо Минрегиона № 13478-СД/10 от 29.07.2013 г. прил. 1)
A34: Учтены транспортные (3%), заготовительно-складские расходы (1,2%) на оборудование и (2%) на материалы
A36: 1 | B36: г. Москва, "Альтоника" III кв. 2013 г. | C36: Объектовый прибор со встроенным передатчиком "Риф Стринг RS-202 ТР 8" Цена: 9919,00/1,18/3,94*1,03*1,012 (компл.) | D36: 1 | E36: 2229.52 | G36: 2230
A37: 2 | B37: ТЕРм10-08-001-08 | C37: Прибор ОПС на 4 луча (1 шт.) | D37: 1 | E37: 45,14 37,04 | F37: 0.37 | G37: 45 | H37: 37 | J37: 2.4 | K37: 2.4
A38: 3 | B38: г. Москва, "Альтоника" III кв. 2013 г. | C38: Антенна АН7-433, направленная усилением +7dBd Цена: 2275,00/1,18/3,93*1,03*1,012 (шт.) | D38: 1 | E38: 511.36 | G38: 511
A39: 4 | B39: ТЕРм10-04-100-09 | C39: Антенна направленная; аппаратура настенная (1 шт.) | D39: 1 | E39: 151,45 113,1 | G39: 151 | H39: 113 | J39: 8 | K39: 8
A40: 5 | B40: г. Челябинск, "Холдинговый центр системы безопасности" III кв. 2013 г. | C40: Резервированный источник питания "Скат-1200Д исп.2" 3390,00/1,18/3,94*1,03*1,012 (шт.) | D40: 1 | E40: 761.98 | G40: 762
A41: 6 | B41: г. Челябинск, "Электромир" III кв. 2013 г., прим. | C41: Аккумуляторная батарея U= 12В, I=4,5 A, емк.12 Ач Цена: 988,00/1,18/3,94*1,03*1,012 (шт.) | D41: 1 | E41: 222.08 | G41: 222
A42: 7 | B42: ТЕРм10-08-003-03 | C42: Блок питания и контроля (1 шт.) | D42: 1 | E42: 62,22 54,02 | F42: 0.37 | G42: 62 | H42: 54 | J42: 3.6 | K42: 3.6
A43: 8 | B43: ТЕРм10-04-066-05 прим. | C43: Оповещатель комбинированный "Маяк" (1 шт.) | D43: 2 | E43: 14,44 13,33 | G43: 29 | H43: 27 | J43: 1 | K43: 2
A44: 9 | B44: ТЕРм10-04-066-05 | C44: Извещатель пожарный ручной (ИПР-55) (1 шт.) | D44: 2 | E44: 14,44 13,33 | G44: 29 | H44: 27 | J44: 1 | K44: 2
A45: 10 | B45: ТЕРм10-08-002-02 | C45: Извещатель ПС автоматический дымовой, фотоэлектрический, радиоизотопный, световой в нормальном исполнении (ИП 212-3СМ) (1 шт.) | D45: 7 | E45: 29,37 23,75 | F45: 0.46 | G45: 206 | H45: 166 | I45: 3 | J45: 1.68 | K45: 11.76
A46: 11 | B46: г. Москва, "СветЭлектро" III кв. 2013 г. | C46: Настенный шкаф R5CEX0442 c прозрачной дверью, 400х400х200 мм в комплекте с ручкой с замком R5CE205 Цена: (3146,82+251,20)/1,18/3,94*1,03*1,012 (компл.) | D46: 1 | E46: 763.78 | G46: 764
A47: 12 | B47: ТЕРм10-06-037-05 | C47: Шкаф настенный, размер до 640х840 мм (1 шт.) | D47: 1 | E47: 123,01 27,47 | F47: 2.39 | G47: 123 | H47: 27 | I47: 2 | J47: 2.06 | K47: 2.06
A48: 13 | B48: г. Москва, "СветЭлектро" III кв. 2013 г. | C48: Кронштейн настенного крепления R5A50 Цена: 282,98/1,18/3,94*1,03*1,012 (компл.) | D48: 1 | E48: 63.61 | G48: 64
A49: 14 | B49: ТЕРм10-08-002-06 прим. | C49: Конструкция для установки шкафа (кронштейн) (1 шт.) | D49: 1 | E49: 9,05 4,95 | F49: 1.08 | G49: 9 | H49: 5 | I49: 1 | J49: 0.35 | K49: 0.35
A50: 15 | B50: ТЕРм08-02-148-01 прим. | C50: Кабель связи в проложенных трубах, блоках и коробах, масса 1 м кабеля до 1 кг (100 м кабеля) | D50: 1,2 0,01*(70+10+10+20+10) | E50: 808,64 175,31 | F50: 547,32 60,38 | G50: 970 | H50: 210 | I50: 657 72 | J50: 12.4 | K50: 14.88
A51: 16 | B51: ТЕРм08-02-407-01 | C51: Труба стальная по установленным конструкциям, по стенам с креплением скобами, диаметр до 25 мм (100 м) | D51: 0,05 0,01*5 | E51: 2558,84 425,81 | F51: 911,86 334,9 | G51: 128 | H51: 21 | I51: 46 17 | J51: 30.8 | K51: 1.54
A52: 17 | B52: ТЕРм08-02-407-04 | C52: Труба стальная по установленным конструкциям, по стенам с креплением скобами, диаметр до 80 мм (100 м) | D52: 0,1 0,01*10 | E52: 3898,16 933,2 | F52: 1643,41 571,98 | G52: 390 | H52: 93 | I52: 164 57 | J52: 67.5 | K52: 6.75
A53: 18 | B53: ТЕРм10-08-019-01 | C53: Коробка ответвительная на стене (КМ-О) (1 шт.) | D53: 1 | E53: 7,62 7,18 | G53: 8 | H53: 7 | J53: 0.5 | K53: 0.5
A54: 19 | B54: ТЕРм08-02-396-05 прим. | C54: Кабельный канал металлический по стенам и потолкам, длина 2 м (100 м) | D54: 0,5 0,01*2*25 | E54: 1870,64 519,82 | F54: 796,97 211,76 | G54: 935 | H54: 260 | I54: 398 106 | J54: 37.6 | K54: 18.8
A55: 20 | B55: ТЕРм08-01-087-03 | C55: Металлические конструкции (кронштейн для мачты 0,35 м) (1 т) | D55: 0,0013 0,001*1,30*1 | E55: 18494,68 879,39 | F55: 645,33 33,04 | G55: 24 | H55: 1 | I55: 1 | J55: 62.2 | K55: 0.08
A56: Итого прямые затраты по разделу в ценах 2001г. | G56: 7662 | H56: 1048 | I56: 1272 252 | K56: 74.72
A57: Накладные расходы | G57: 1191
A58: В том числе, справочно:
A59: 80% ФОТ (от 269) (Поз. 2, 7, 10, 14, 18) | G59: 215
A60: 92% ФОТ (от 167) (Поз. 4, 8-9) | G60: 154
A61: 95% ФОТ (от 837) (Поз. 15-17, 19-20) | G61: 795
A62: 100% ФОТ (от 27) (Поз. 12) | G62: 27
A63: Сметная прибыль | G63: 832
A64: В том числе, справочно:
A65: 60% ФОТ (от 269) (Поз. 2, 7, 10, 14, 18) | G65: 161
A66: 65% ФОТ (от 1031) (Поз. 4, 8-9, 12, 15-17, 19-20) | G66: 671
A67: Итого по разделу 1 Монтажные работы и оборудование | G67: 9685 | K67: 74.72
A68: Раздел 2. Материалы, не учтенные ценником
A69: 21 | B69: г. Москва, "База электроники" III кв. 2013 г. | C69: Оповещатель комбинированный "Маяк-12-К" Цена: 416,91/1,18/5,59*1,03*1,02 (шт.) | D69: 1 | E69: 72.5 | G69: 73
A70: 22 | B70: г. Москва, "Арсенал безопасности" III кв. 2013 г. | C70: Извещатель пожарный ручной "ИПР-55" Цена: 162,50/1,18/5,59*1,03*1,02 (шт.) | D70: 2 | E70: 28.26 | G70: 57
A71: 23 | B71: г. Королев, "Болид" III кв. 2013 г. | C71: Извещатель пожарный дымовой "ИП 212-3СМ" Цена: 226,00/1,18/5,12*1,03*1,02 (шт.) | D71: 7 | E71: 39.3 | G71: 275
A72: 24 | B72: г. Челябинск, "Propartner" III кв. 2013 г. | C72: Кабель огнестойкий КСРЭВнг-FRLS 1x2x0,5 Цена: 19,80/1,18/5,12*1,03*1,02 (м) | D72: 70 | E72: 3.44 | G72: 241
A73: 25 | B73: г. Подольск, "Подольсккабель" III кв. 2013 г. | C73: Кабель ВВГнг-FRLS 2х1,5 Цена: 63802,60/1,18/5,12*1,03*1,02 (1000 м) | D73: 0,01 0,001*10 | E73: 11094.91 | G73: 111
A74: 26 | B74: г. Подольск, "Подольсккабель" III кв. 2013 г. | C74: Кабель ВВГнг-FRLS 3х1,5 Цена: 78340,20/1,18/5,12*1,03*1,02 (1000 м) | D74: 0,01 0,001*10 | E74: 13622.92 | G74: 136
A75: 27 | B75: г. Москва, "База электроники" III кв. 2013 г. | C75: Кабель радиочастотный РК 50-11-11 Цена: 99,43/1,18/5,12*1,03*1,02 (м) | D75: 20 | E75: 17.29 | G75: 346
A76: 28 | B76: г. Москва, "Спецкабель" III кв. 2013 г. | C76: Кабель КПСЭнг-FRHF 1х2х1,5 Цена: 101,60/1,18/5,12*1,03*1,02 (м) | D76: 10 | E76: 17.67 | G76: 177
A77: 29 | B77: ТСЦ-103-0128 прим. | C77: Трубы стальные электросварные прямошовные со снятой фаской из стали марок БСт2кп-БСт4кп и БСт2пс-БСт4пс наружный диаметр 15 мм (м) | D77: 5 | E77: 7.76 | G77: 39
A78: 30 | B78: ТСЦ-103-0137 прим. | C78: Трубы стальные электросварные прямошовные со снятой фаской из стали марок БСт2кп-БСт4кп и БСт2пс-БСт4пс наружный диаметр 51 мм (м) | D78: 10 | E78: 30.89 | G78: 309
A79: 31 | B79: г. Санкт-Петербург, "Гефест" III кв. 2013 г. | C79: Коробка монтажная огнестойкая КМ-О(4к) Цена: 150,00/1,18/5,12*1,03*1,02 (шт.) | D79: 1 | E79: 26.08 | G79: 26
A80: 32 | B80: г. Санкт-Петербург, "Гефест" III кв. 2013 г. | C80: Кабельный канал металлический оцинкованный ККМО 15х15, длиной 2м Цена: 50,00/1,18/5,53*1,03*1,02 (шт.) | D80: 25 | E80: 8.69 | G80: 217
A81: Итого прямые затраты по разделу в ценах 2001г. | G81: 2007
A82: Итого по разделу 2 Материалы, не учтенные ценником | G82: 2007
A83: ИТОГИ ПО СМЕТЕ:
A84: Итого прямые затраты по смете в ценах 2001г. | G84: 9669 | H84: 1048 | I84: 1272 252 | K84: 74.72
A85: Накладные расходы | G85: 1191
A86: В том числе, справочно:
A87: 80% ФОТ (от 269) (Поз. 2, 7, 10, 14, 18) | G87: 215
A88: 92% ФОТ (от 167) (Поз. 4, 8-9) | G88: 154
A89: 95% ФОТ (от 837) (Поз. 15-17, 19-20) | G89: 795
A90: 100% ФОТ (от 27) (Поз. 12) | G90: 27
A91: Сметная прибыль | G91: 832
A92: В том числе, справочно:
A93: 60% ФОТ (от 269) (Поз. 2, 7, 10, 14, 18) | G93: 161
A94: 65% ФОТ (от 1031) (Поз. 4, 8-9, 12, 15-17, 19-20) | G94: 671
A95: Итоги по смете:
A96: Итоги по разделу 1 Монтажные работы и оборудование :
A97: Итоги по Монтажным работам
A98: Монтаж оборудования:
A99: Итого Поз. 2, 7, 10, 14, 18 | G99: 330 | H99: 269 | I99: 4 | K99: 18.61
A100: Накладные расходы 80% ФОТ (от 269) | G100: 215
A101: Сметная прибыль 60% ФОТ (от 269) | G101: 161
A102: Итого c накладными и см. прибылью | G102: 706 | K102: 18.61
A103: Монтаж радиотелевизионного и электронного оборудования:
A104: Итого Поз. 4, 8-9 | G104: 209 | H104: 167 | K104: 12
A105: Накладные расходы 92% ФОТ (от 167) | G105: 154
A106: Сметная прибыль 65% ФОТ (от 167) | G106: 109
A107: Итого c накладными и см. прибылью | G107: 472 | K107: 12
A108: Прокладка и монтаж сетей связи:
...

Sheet 19-4-217
A1: СОГЛАСОВАНО: | I1: УТВЕРЖДАЮ:
A4: ______________ | I4: ____________
A5: " _____ " ________________ 2012 г. | I5: "______ " _______________2012 г.
D6: г. Лесной. Свердловская область. ФГУП "Комбинат "Электрохимприбор"
D7: (наименование стройки)
D9: ЛОКАЛЬНЫЙ СМЕТНЫЙ РАСЧЕТ № 313-2228 / 19-4-217
D10: (локальная смета)
A12: на | B12: Пожарную сигнализацию и оповещение о пожаре, Здание 400. Площадка 14. Монтаж АПС и СОУЭ в зданиях комбината
D13: (наименование работ и затрат, наименование объекта)
B15: Основание: р.ч. 0503.014.0400 - ПС, инв. № 313-700 с изм. 1, 313-699 с изм. 1
B16: Сметная стоимость _______________________________________________________________________________________________ | D16: ___________________________35,541 | F16: тыс. руб.
B17: монтажных работ _______________________________________________________________________________________________ | D17: _______________________________________________________________________________________________31,069 | F17: тыс. руб.
B18: оборудования _______________________________________________________________________________________________ | D18: _______________________________________________________________________________________________4,472 | F18: тыс. руб.
B19: Средства на оплату труда _______________________________________________________________________________________________ | D19: ___________________________4,916 | F19: тыс. руб.
B20: Сметная трудоемкость _______________________________________________________________________________________________ | D20: _______________________________________________________________________________________________289,52 | F20: чел.час
B21: Трудозатраты механизаторов _______________________________________________________________________________________________ | D21: _______________________________________________________________________________________________49,47 | F21: чел.час
B22: Составлен(а) в ценах по состоянию на 01.01.2000 г. (редакция 2009 г.)
A25: № пп | B25: Шифр и номер позиции норматива | C25: Наименование работ и затрат, единица измерения | D25: Количество | E25: Стоимость единицы, руб. | G25: Общая стоимость, руб. | J25: Затраты труда рабочих, чел.-ч, не занятых обслуживанием машин
E26: всего | F26: эксплуата- ции машин | G26: Всего | H26: оплаты труда | I26: эксплуата- ция машин
E27: оплаты труда | F27: в т.ч. оплаты труда | I27: в т.ч. оплаты труда | J27: на единицу | K27: всего
A28: 1 | B28: 2 | C28: 3 | D28: 4 | E28: 5 | F28: 6 | G28: 7 | H28: 8 | I28: 9 | J28: 10 | K28: 11
A29: Раздел 1. Монтажные работы и оборудование
A30: Применен повышающий территориальный коэффициент к заработной плате К=1,0434
A31: Учтены индексы:
A32: К = 3,94 - индекс перехода сметной стоимости на оборудование от цен 3 кв. 2013 г. к ценам на 01.01.2000 г. (письмо Минрегиона № 13478-СД/10 от 29.07.2013 г. прил. 5)
A33: К= 5,59 - индекс перехода к стоимости материалов от цен 3 кв. 2013 г. к ценам на 01.01.2000 г. (письмо Минрегиона № 13478-СД/10 от 29.07.2013 г. прил. 1)
A34: Учтены транспортные (3%), заготовительно-складские расходы (1,2%) на оборудование и (2%) на материалы
A36: Пожарная сигнализация
A37: 1 | B37: г. Москва, "Альтоника" III кв. 2013 г. | C37: Объектовый прибор со встроенным передатчиком "Риф Стринг RS-202 ТР 8" Цена: 9919,00/1,18/3,94*1,03*1,012 (компл.) | D37: 1 | E37: 2223.86 | G37: 2224
A38: 2 | B38: ТЕРм10-08-001-08 | C38: Прибор ОПС на 4 луча (1 шт.) | D38: 1 | E38: 45,14 37,04 | F38: 0.37 | G38: 45 | H38: 37 | J38: 2.4 | K38: 2.4
A39: 3 | B39: г. Москва, "Альтоника" III кв. 2013 г. | C39: Антенна АН7-433, направленная усилением +7dBd Цена: 2275,00/1,18/3,94*1,03*1,012 (шт.) | D39: 1 | E39: 510.06 | G39: 510
A40: 4 | B40: ТЕРм10-04-100-09 | C40: Антенна направленная; аппаратура настенная (1 шт.) | D40: 1 | E40: 151,45 113,1 | G40: 151 | H40: 113 | J40: 8 | K40: 8
A41: 5 | B41: г. Челябинск, "Холдинговый центр системы безопасности" III кв. 2013 г. | C41: Резервированный источник питания "Скат-1200Д исп.2" Цена: 3390,00/1,18/3,94*1,03*1,012 (шт.) | D41: 1 | E41: 760.04 | G41: 760
A42: 6 | B42: г. Челябинск, "Электромир" III кв. 2013 г. | C42: Аккумуляторная батарея U= 12В, I=4A, емк. 20 Ач Цена: 988,00/1,18/3,94*1,03*1,012 (шт.) | D42: 1 | E42: 221.51 | G42: 222
A43: 7 | B43: ТЕРм10-08-003-03 | C43: Блок питания и контроля (1 шт.) | D43: 1 | E43: 62,22 54,02 | F43: 0.37 | G43: 62 | H43: 54 | J43: 3.6 | K43: 3.6
A44: 8 | B44: ТЕРм10-04-066-05 прим. | C44: Оповещатель комбинированный "Маяк" (1 шт.) | D44: 1 | E44: 14,44 13,33 | G44: 14 | H44: 13 | J44: 1 | K44: 1
A45: 9 | B45: г. Москва, "Сигналспецавтоматика" III кв. 2013 г. | C45: Устройство контроля шлейфов УШК-02 Цена: 113,52/1,18/3,94*1,03*1,012 (шт.) | D45: 2 | E45: 25.45 | G45: 51
A46: 10 | B46: ТЕРм10-08-001-12 | C46: Устройства промежуточные на количество лучей 2 (1 шт.) | D46: 2 | E46: 131,28 121,79 | F46: 0.37 | G46: 263 | H46: 244 | I46: 1 | J46: 8 | K46: 16
A47: 11 | B47: ТЕРм10-04-066-05 | C47: Извещатель пожарный ручной (ИПР-55) (1 шт.) | D47: 3 | E47: 14,44 13,33 | G47: 43 | H47: 40 | J47: 1 | K47: 3
A48: 12 | B48: г. Королев, "Болид" III кв. 2013 г. | C48: Прибор приемно-контрольный охранно-пожарный "Сигнал-20М". Цена: 3145,31/1,18/3,94*1,03*1,012 (компл.) | D48: 1 | E48: 705.18 | G48: 705
A49: 13 | B49: ТЕРм10-08-001-02 | C49: Прибор приемно-контрольный охранно-пожарный "Сигнал -20М" (1 шт.) | D49: 1 | E49: 194,79 172,99 | F49: 0.46 | G49: 195 | H49: 173 | J49: 11.7 | K49: 11.7
A50: 14 | B50: ТЕРм10-08-002-02 | C50: Извещатель ПС автоматический дымовой, фотоэлектрический, радиоизотопный, световой в нормальном исполнении (ИП 212-3СМ) (1 шт.) | D50: 41 | E50: 29,37 23,75 | F50: 0.46 | G50: 1204 | H50: 974 | I50: 19 | J50: 1.68 | K50: 68.88
A51: 15 | B51: ТЕРм08-02-148-01 прим | C51: Кабель связи в проложенных трубах, блоках и коробах, масса 1 м кабеля до 1 кг (100 м кабеля) | D51: 2,2 0,01*(170+10+10+30) | E51: 808,64 175,31 | F51: 547,32 60,38 | G51: 1779 | H51: 386 | I51: 1204 133 | J51: 12.4 | K51: 27.28
A52: 16 | B52: ТЕРм10-08-019-01 | C52: Коробка ответвительная на стене (1 шт.) | D52: 12 | E52: 7,62 7,18 | G52: 91 | H52: 86 | J52: 0.5 | K52: 6
A53: 17 | B53: ТЕРм08-02-407-01 | C53: Труба стальная по установленным конструкциям, по стенам с креплением скобами, диаметр до 25 мм (100 м) | D53: 0,05 0,01*5 | E53: 2558,84 425,81 | F53: 911,86 334,9 | G53: 128 | H53: 21 | I53: 46 17 | J53: 30.8 | K53: 1.54
A54: 18 | B54: ТЕРм08-02-407-04 | C54: Труба стальная по установленным конструкциям, по стенам с креплением скобами, диаметр до 80 мм (100 м) | D54: 0,1 0,01*10 | E54: 3898,16 933,2 | F54: 1643,41 571,98 | G54: 390 | H54: 93 | I54: 164 57 | J54: 67.5 | K54: 6.75
A55: 19 | B55: ТЕРм08-02-396-05 прим. | C55: Мини-плинтус длиной 2,1 м (100 м) | D55: 1,4 0,01*140 | E55: 1870,64 519,82 | F55: 796,97 211,76 | G55: 2619 | H55: 728 | I55: 1116 296 | J55: 37.6 | K55: 52.64
A56: 20 | B56: ТЕРм08-01-087-03 | C56: Металлические конструкции (кронштейн для мачты 0,35 м) (1 т) | D56: 0,0013 0,001*1,30*1 | E56: 18494,68 879,39 | F56: 645,33 33,04 | G56: 24 | H56: 1 | I56: 1 | J56: 62.2 | K56: 0.08
A57: Оповещение о пожаре
A58: 21 | B58: ТЕРм08-01-081-01 прим. | C58: Аппарат (кнопка, ключ управления, замок электромагнитной блокировки, звуковой сигнал, сигнальная лампа) управления и сигнализации, количество подключаемых концов до 2 ( "Люкс" "Выход") (1 шт.) | D58: 5 | E58: 30,5 15,97 | F58: 11,72 0,76 | G58: 153 | H58: 80 | I58: 59 4 | J58: 1.13 | K58: 5.65
A59: 22 | B59: ТЕРм10-04-066-05 прим. | C59: Оповещатель звуковой ("Маяк") (1 шт.) | D59: 9 | E59: 14,44 13,33 | G59: 130 | H59: 120 | J59: 1 | K59: 9
A60: 23 | B60: ТЕРм08-02-148-01 прим. | C60: Кабель связи в проложенных трубах, блоках и коробах, масса 1 м кабеля до 1 кг (100 м кабеля) | D60: 1,2 0,01*120 | E60: 808,64 175,31 | F60: 547,32 60,38 | G60: 970 | H60: 210 | I60: 657 72 | J60: 12.4 | K60: 14.88
A61: 24 | B61: ТЕРм10-08-019-01 | C61: Коробка ответвительная на стене (КМ-О) (1 шт.) | D61: 12 | E61: 7,62 7,18 | G61: 91 | H61: 86 | J61: 0.5 | K61: 6
A62: 25 | B62: ТЕРм08-02-396-05 прим. | C62: Кабельный канал металлический по стенам и потолкам, длина 2 м (100 м) | D62: 1,2 0,01*2*60 | E62: 1870,64 519,82 | F62: 796,97 211,76 | G62: 2245 | H62: 624 | I62: 956 254 | J62: 37.6 | K62: 45.12
A63: Итого прямые затраты по разделу в ценах 2001г. | G63: 15069 | H63: 4083 | I63: 4223 833 | K63: 289.52
A64: Накладные расходы | G64: 4413
A65: В том числе, справочно:
A66: 80% ФОТ (от 1654) (Поз. 2, 7, 10, 13-14, 16, 24) | G66: 1323
A67: 92% ФОТ (от 286) (Поз. 4, 8, 11, 22) | G67: 263
A68: 95% ФОТ (от 2976) (Поз. 15, 17-21, 23, 25) | G68: 2827
A69: Сметная прибыль | G69: 3112
A70: В том числе, справочно:
A71: 60% ФОТ (от 1654) (Поз. 2, 7, 10, 13-14, 16, 24) | G71: 992
A72: 65% ФОТ (от 3262) (Поз. 4, 8, 11, 22, 15, 17-21, 23, 25) | G72: 2120
A73: Итого по разделу 1 Монтажные работы и оборудование | G73: 22594 | K73: 289.52
A74: Раздел 2. Материалы, не учтенные ценником
A75: Пожарная сигнализация
A76: 26 | B76: г. Москва, "База электроники" III кв. 2013 г. | C76: Оповещатель комбинированный "Маяк-12-К" Цена: 416,91/1,18/5,59*1,03*1,02 (шт.) | D76: 1 | E76: 66.4 | G76: 66
A77: 27 | B77: г. Москва, "Арсенал безопасности" III кв. 2013 г. | C77: Извещатель пожарный ручной "ИПР-55" Цена: 162,50/1,18/5,59*1,03*1,02 (шт.) | D77: 3 | E77: 25.88 | G77: 78
A78: 28 | B78: г. Королев, "Болид" III кв. 2013 г. | C78: Извещатель пожарный дымовой "ИП 212-3СМ" Цена: 226,00/1,18/5,59*1,03*1,02 (шт.) | D78: 41 | E78: 36 | G78: 1476
A79: 29 | B79: г. Москва, "Спецкабель" III кв. 2013 г. | C79: Кабель огнестойкий КПСЭнг-FRLS 1x0,2x0,5 Цена: 32994,00/1,18/5,59*1,03*1,02 (1000 м) | D79: 0,17 0,001*170 | E79: 5255.07 | G79: 893
A80: 30 | B80: г. Подольск, "Подольсккабель" III кв. 2013 г. | C80: Кабель ВВГнг-FRLS 2х1,5 Цена: 63802,60/1,18/5,59*1,03*1,02 (1000 м) | D80: 0,01 0,001*10 | E80: 10162.06 | G80: 102
A81: 31 | B81: г. Подольск, "Подольсккабель" III кв. 2013 г. | C81: Кабель ВВГнг-FRLS 3х1,5 Цена: 78340,20/1,18/5,59*1,03*1,02 (1000 м) | D81: 0,01 0,001*10 | E81: 12477.52 | G81: 125
A82: 32 | B82: г. Москва, "База электроники" III кв. 2013 г. | C82: Кабель радиочастотный РК 50-11-11 Цена: 99,43/1,18/5,59*1,03*1,02 (м) | D82: 30 | E82: 15.84 | G82: 475
A83: 33 | B83: ТСЦ-503-0453 | C83: Коробка универсальная марки УК-П (шт.) | D83: 12 | E83: 6.79 | G83: 81
A84: 34 | B84: ТСЦ-103-0128 прим. | C84: Трубы стальные электросварные прямошовные со снятой фаской из стали марок БСт2кп-БСт4кп и БСт2пс-БСт4пс наружный диаметр 15 мм (м) | D84: 5 | E84: 7.76 | G84: 39
A85: 35 | B85: ТСЦ-103-0137 прим. | C85: Трубы стальные электросварные прямошовные со снятой фаской из стали марок БСт2кп-БСт4кп и БСт2пс-БСт4пс наружный диаметр 51 мм (м) | D85: 10 | E85: 30.89 | G85: 309
A86: 36 | B86: г. Екатеринбург, "Legrand" III кв. 2013 г. | C86: Мини-плинтус 32х12,5 мм, L=2,10 м DLPlus, код 30014 Цена: 82,32/1,18/5,59*1,03*1,02 (шт.) | D86: 70 | E86: 13.11 | G86: 918
A87: 37 | B87: г. Екатеринбург, "Legrand" III кв. 2013 г. | C87: Накладка на стык, код 33646 Цена: 19,00/1,18/5,59*1,03*1,02 (шт.) | D87: 70 | E87: 3.03 | G87: 212
A88: 38 | B88: г. Екатеринбург, "Legrand" III кв. 2013 г. | C88: Заглушка, код 31203 Цена: 24,95/1,18/5,59*1,03*1,02 (шт.) | D88: 10 | E88: 3.97 | G88: 40
A89: 39 | B89: г. Екатеринбург, "Legrand" III кв. 2013 г. | C89: Пластиковая лента для уплотнения стыка со стеной, длиной 5 м, код 30418 Цена: 1116,06/1,18/5,59*1,03*1,02 (шт.) | D89: 28 | E89: 177.76 | G89: 4977
A90: Оповещение о пожаре
A91: 40 | B91: г. Королев, "Болид" III кв. 2013 г. | C91: Оповещатель пожарный световой "Люкс-12" "Выход", U=12В Цена: 184,00/1,18/5,59*1,03*1,02 (шт.) | D91: 5 | E91: 29.31 | G91: 147
A92: 41 | B92: г. Москва, "База электроники" III кв. 2013 г. | C92: Оповещатель комбинированный "Маяк-12-3М" Цена: 416,91/1,18/5,59*1,03*1,02 (шт.) | D92: 9 | E92: 73.57 | G92: 662
A93: 42 | B93: г. Москва, "Спецкабель" III кв. 2013 г. | C93: Кабель КПСЭнг-FRHF 1х2х1,5 Цена: 82777,00/1,18/5,59*1,03*1,02 (1000 м) | D93: 0,12 0,001*120 | E93: 13184.18 | G93: 1582
A94: 43 | B94: г. Санкт-Петербург, "ЭТМ" III кв. 2013 г. | C94: Коробка монтажная огнестойкая КМ-О(4к) Цена: 150,00/1,18/5,59*1,03*1,02 (шт.) | D94: 12 | E94: 23.89 | G94: 287
A95: 44 | B95: г. Москва, "Электродел" III кв. 2013 г. | C95: Кабельный канал металлический оцинкованный ККМО 15х15, длиной 2м Цена: 50,00/1,18/5,59*1,03*1,02 (шт.) | D95: 60 | E95: 7.96 | G95: 478
A96: Итого прямые затраты по разделу в ценах 2001г. | G96: 12947
A97: Итого по разделу 2 Материалы, не учтенные ценником | G97: 12947
A98: ИТОГИ ПО СМЕТЕ:
A99: Итого прямые затраты по смете в ценах 2001г. | G99: 28016 | H99: 4083 | I99: 4223 833 | K99: 289.52
A100: Накладные расходы | G100: 4413
A101: В том числе, справочно:
A102: 80% ФОТ (от 1654) (Поз. 2, 7, 10, 13-14, 16, 24) | G102: 1323
A103: 92% ФОТ (от 286) (Поз. 4, 8, 11, 22) | G103: 263
A104: 95% ФОТ (от 2976) (Поз. 15, 17-21, 23, 25) | G104: 2827
A105: Сметная прибыль | G105: 3112
A106: В том числе, справочно:
A107: 60% ФОТ (от 1654) (Поз. 2, 7, 10, 13-14, 16, 24) | G107: 992
A108: 65% ФОТ (от 3262) (Поз. 4, 8, 11, 22, 15, 17-21, 23, 25) | G108: 2120
...

Sheet 19-4-444
A1: СОГЛАСОВАНО: | I1: УТВЕРЖДАЮ:
A4: ______________ | I4: ____________
A5: " _____ " ________________ 2012 г. | I5: "______ " _______________2012 г.
D6: г. Лесной Свердловкой области. ФГУП "Комбинат "Электрохимприбор"
D7: (наименование стройки)
D9: ЛОКАЛЬНЫЙ СМЕТНЫЙ РАСЧЕТ № 313-2331/19-4-444
D10: (локальная смета)
A12: на | B12: Пожарную сигнализацию и оповещение о пожаре, Площадка 14. Здание 281А.
D13: (наименование работ и затрат, наименование объекта)
B15: Основание: р.ч. 0503.014.0400 - ПС, инв. № 313-691, 313-692
B16: Сметная стоимость _______________________________________________________________________________________________ | D16: ___________________________158,896 | F16: тыс. руб.
B17: монтажных работ _______________________________________________________________________________________________ | D17: _______________________________________________________________________________________________129,927 | F17: тыс. руб.
B18: оборудования _______________________________________________________________________________________________ | D18: _______________________________________________________________________________________________28,969 | F18: тыс. руб.
B19: Средства на оплату труда _______________________________________________________________________________________________ | D19: ___________________________19,734 | F19: тыс. руб.
B20: Сметная трудоемкость _______________________________________________________________________________________________ | D20: _______________________________________________________________________________________________1105,01 | F20: чел.час
B21: Трудозатраты механизаторов _______________________________________________________________________________________________ | D21: _______________________________________________________________________________________________243,74 | F21: чел.час
B22: Составлен(а) в текущих (прогнозных) ценах по состоянию на 01.01.2000 г. (Редакция 2009 г.)
A25: № пп | B25: Шифр и номер позиции норматива | C25: Наименование работ и затрат, единица измерения | D25: Количество | E25: Стоимость единицы, руб. | G25: Общая стоимость, руб. | J25: Затраты труда рабочих, чел.-ч, не занятых обслуживанием машин
E26: всего | F26: эксплуата- ции машин | G26: Всего | H26: оплаты труда | I26: эксплуата- ция машин
E27: оплаты труда | F27: в т.ч. оплаты труда | I27: в т.ч. оплаты труда | J27: на единицу | K27: всего
A28: 1 | B28: 2 | C28: 3 | D28: 4 | E28: 5 | F28: 6 | G28: 7 | H28: 8 | I28: 9 | J28: 10 | K28: 11
A29: Раздел 1. Монтажные работы и оборудование
A30: Применен повышающий территориальный коэффициент к заработной плате К=1,0434
A31: Учтены индексы:
A32: К = 3,94 - индекс перехода сметной стоимости на оборудование от цен 3 кв. 2013 г. к ценам на 01.01.2000 г. (письмо Минрегиона № 13478-СД/10 от 29.07.2013 г. прил. 5)
A33: К= 5,59 - индекс перехода к стоимости материалов от цен 3 кв. 2013 г. к ценам на 01.01.2000 г. (письмо Минрегиона № 13478-СД/10 от 29.07.2013 г. прил. 1)
A34: Учтены транспортные (3%), заготовительно-складские расходы (1,2%) и расходы на оборудование (2%)
A36: Пожарная сигнализация
A37: 1 | B37: г. Москва, "Альтоника" III кв. 2013 г. | C37: Объектовый прибор со встроенным передатчиком "Риф Стринг RS-202 ТD-RR" Цена: 4170:1,18:3,94*1,03*1,012 (компл.) | D37: 1 | E37: 934.92 | G37: 935
A38: 2 | B38: ТЕРм10-08-001-08 | C38: Прибор ОПС на 4 луча (1 шт.) | D38: 1 | E38: 45,14 37,04 | F38: 0.37 | G38: 45 | H38: 37 | J38: 2.4 | K38: 2.4
A39: 3 | B39: г. Москва, "Альтоника" III кв. 2013 г. | C39: Антенна АН7-433, направленная усилением +7dBd Цена: 2275,0:1,18:3,94*1,03*1,012 (шт.) | D39: 1 | E39: 510.06 | G39: 510
A40: 4 | B40: ТЕРм10-04-100-09 | C40: Антенна направленная; аппаратура настенная (1 шт.) | D40: 1 | E40: 151,45 113,1 | G40: 151 | H40: 113 | J40: 8 | K40: 8
A41: 5 | B41: г. Королев ЗАО НВП "Болид" III кв. 2013 г. | C41: Пульт контроля и управления С2000 М Цена: 5930,0:1,18:3,94*1,03*1,012 (шт.) | D41: 1 | E41: 1329.52 | G41: 1330
A42: 6 | B42: ТЕРм10-08-001-01 | C42: Приборы ПС приемно-контрольные, пусковые, концентратор блок базовый на 10 лучей (1 шт.) | D42: 1 | E42: 121,95 106,45 | F42: 0.46 | G42: 122 | H42: 106 | J42: 7.2 | K42: 7.2
A43: 7 | B43: г. Королев ЗАО НВП "Болид" III кв. 2013 г. | C43: Контроллер двухпроводной линии связи С2000-КДЛ Цена: 1971,2:1,18:3,94*1,03*1,012 (шт.) | D43: 1 | E43: 441.95 | G43: 442
A44: 8 | B44: ТЕРм11-03-001-02 | C44: Приборы, устанавливаемые на металлоконструкциях, щитах и пультах, масса до 10 кг (1 шт.) | D44: 1 | E44: 17,55 15,01 | G44: 18 | H44: 15 | J44: 1.03 | K44: 1.03
A45: 9 | B45: г. Королев ЗАО НВП "Болид" III кв. 2013 г. | C45: Блок сигнально-пусковой С2000-СП1 Цена: 1551:1,18:3,94*1,03*1,012 (шт.) | D45: 2 | E45: 347.74 | G45: 695
A46: 10 | B46: ТЕРм10-08-001-01 | C46: Приборы ПС приемно-контрольные, пусковые, концентратор блок базовый на 10 лучей (1 шт.) | D46: 2 | E46: 121,95 106,45 | F46: 0.46 | G46: 244 | H46: 213 | I46: 1 | J46: 7.2 | K46: 14.4
A47: 11 | B47: г. Королев ЗАО НВП "Болид" III кв. 2013 г. | C47: Адресный расширитель Цена:364:1,18:3,94*1,03*1,012 (шт.) | D47: 5 | E47: 81.61 | G47: 408
A48: 12 | B48: ТЕРм10-08-003-08 прим | C48: Адресный расширитель (1 шт.) | D48: 5 | E48: 13,95 10,18 | F48: 0.26 | G48: 70 | H48: 51 | I48: 1 | J48: 0.72 | K48: 3.6
A49: 13 | B49: г. Королев ЗАО НВП "Болид" III кв. 2013 г. | C49: Блок расширения шлейфов сигнализации С2000-БРСШ-Ex Цена:7017:1,18:3,94*1,03*1,012 (шт.) | D49: 1 | E49: 1573.23 | G49: 1573
A50: 14 | B50: ТЕРм10-08-001-09 прим. | C50: Приборы приемно-контрольные объектовые на 2 луча (1 шт.) | D50: 1 | E50: 95,37 86,77 | F50: 0.37 | G50: 95 | H50: 87 | J50: 5.7 | K50: 5.7
A51: 15 | B51: ТЕРм10-08-002-02 | C51: Извещатель ПС автоматический дымовой, фотоэлектрический, радиоизотопный, световой в нормальном исполнении (ДИП-34А-01-02) (1 шт.) | D51: 56 | E51: 29,37 23,75 | F51: 0.46 | G51: 1645 | H51: 1330 | I51: 26 | J51: 1.68 | K51: 94.08
A52: 16 | B52: ТЕРм10-04-066-05 | C52: Извещатель пожарный ручной (ИПР 513-3АМ) (1 шт.) | D52: 9 | E52: 14,44 13,33 | G52: 130 | H52: 120 | J52: 1 | K52: 9
A53: 17 | B53: ТЕРм10-08-002-03 | C53: Извещатель ПС автоматический тепловой, дымовой, световой во взрывозащищенном исполнении (1 шт.) | D53: 15 | E53: 35,7 29,18 | F53: 0.54 | G53: 536 | H53: 438 | I53: 8 | J53: 1.68 | K53: 25.2
A54: 18 | B54: г. Королев, "Болид" III кв. 2013 г. | C54: Резервированный источник питания РИП-12 исп. 02 Цена: 2464,0:1,18:3,94*1,03*1,012 (шт.) | D54: 2 | E54: 552.43 | G54: 1105
A55: 19 | B55: г. Москва, "База электроники" III кв. 2013 г. | C55: Аккумуляторная батарея U= 12В, I=2A, емк. 7 Ач Цена: 400:1,18:3,94*1,03*1,012 (шт.) | D55: 2 | E55: 89.68 | G55: 179
A56: 20 | B56: ТЕРм10-08-003-03 | C56: Блок питания и контроля (1 шт.) | D56: 2 | E56: 62,22 54,02 | F56: 0.37 | G56: 124 | H56: 108 | I56: 1 | J56: 3.6 | K56: 7.2
A57: 21 | B57: г. Королев, "Болид" III кв. 2013 г. | C57: Резервированный источник питания РИП-24 исп. 01 Цена: 3207,0:1,18:3,94*1,03*1,012 (шт.) | D57: 2 | E57: 719.02 | G57: 1438
A58: 22 | B58: г. Москва, "База электроники" III кв. 2013 г. | C58: Аккумуляторная батарея U= 24В, I=3A, емк. 7*2 Ач Цена: 1180:1,18:3,94*1,03*1,012 (шт.) | D58: 2 | E58: 264.56 | G58: 529
A59: 23 | B59: ТЕРм10-08-003-03 | C59: Блок питания и контроля (1 шт.) | D59: 2 | E59: 62,22 54,02 | F59: 0.37 | G59: 124 | H59: 108 | I59: 1 | J59: 3.6 | K59: 7.2
A60: 24 | B60: г. Москва, "База электроники" III кв. 2013 г. | C60: Блок разветвительно-изолирующий "БРИЗ" Цена: 320,61:1,18:3,94*1,03*1,012 (шт.) | D60: 3 | E60: 71.88 | G60: 216
A61: 25 | B61: ТЕРм10-08-001-05 прим | C61: Приборы ПС на 1 луч (1 шт.) | D61: 3 | E61: 33,62 25,85 | F61: 0.37 | G61: 101 | H61: 78 | I61: 1 | J61: 1.8 | K61: 5.4
A62: 26 | B62: ТЕРм10-08-002-02 | C62: Извещатель ПС автоматический дымовой, фотоэлектрический, радиоизотопный, световой в нормальном исполнении (ИП 212-3СМ) (1 шт.) | D62: 26 | E62: 29,37 23,75 | F62: 0.46 | G62: 764 | H62: 618 | I62: 12 | J62: 1.68 | K62: 43.68
A63: 27 | B63: г. Ижевск ООО "Веста" | C63: Подъемник телескопический ТЕМП-10 метров Цена: 85000,0:1,18:3,94*1,03*1,012 (шт.) | D63: 1 | E63: 19057.17 | G63: 19057
A64: 28 | B64: ТЕРм08-02-148-01 прим | C64: Кабель связи в проложенных трубах, блоках и коробах, масса 1 м кабеля до 1 кг (100 м кабеля) | D64: 9,3 0,01*(950+50+10+30-110) | E64: 808,64 175,31 | F64: 547,32 60,38 | G64: 7520 | H64: 1630 | I64: 5090 562 | J64: 12.4 | K64: 115.32
A65: 29 | B65: ТЕРм08-02-149-01 прим | C65: Кабель связи, подвешиваемый на тросе, масса 1 м кабеля до 1 кг (100 м кабеля) | D65: 1,1 0,01*110 | E65: 4558,5 241,77 | F65: 2594,28 308,6 | G65: 5014 | H65: 266 | I65: 2854 339 | J65: 17.1 | K65: 18.81
A66: 30 | B66: ТЕРм08-02-407-01 | C66: Труба стальная по установленным конструкциям, по стенам с креплением скобами, диаметр до 25 мм (100 м) | D66: 0,2 0,01*20 | E66: 2558,84 425,81 | F66: 911,86 334,9 | G66: 512 | H66: 85 | I66: 182 67 | J66: 30.8 | K66: 6.16
A67: 31 | B67: ТЕРм08-02-407-04 | C67: Труба стальная по установленным конструкциям, по стенам с креплением скобами, диаметр до 80 мм (100 м) | D67: 0,1 0,01*10 | E67: 3898,16 933,2 | F67: 1643,41 571,98 | G67: 390 | H67: 93 | I67: 164 57 | J67: 67.5 | K67: 6.75
A68: 32 | B68: ТЕРм08-02-396-06 прим. | C68: Неперфорированный лоток по стенам и потолкам с крышкой, длина 3 м (100 м) | D68: 5,49 0,01*(150+399) | E68: 1613,92 406,46 | F68: 655,79 169,39 | G68: 8860 | H68: 2231 | I68: 3600 930 | J68: 29.4 | K68: 161.41
A69: 33 | B69: ТЕРм08-01-087-03 | C69: Металлические конструкции (кронштейн для мачты 0,35 м) (1 т) | D69: 0,0013 0,001*1,30*1 | E69: 18494,68 879,39 | F69: 645,33 33,04 | G69: 24 | H69: 1 | I69: 1 | J69: 62.2 | K69: 0.08
A70: 34 | B70: ТЕРм08-02-411-01 | C70: Рукав металлический наружным диаметром до 48 мм (100 м) | D70: 0,4 0,01*40 | E70: 3967,54 479,73 | F70: 240,39 4,17 | G70: 1587 | H70: 192 | I70: 96 2 | J70: 34.7 | K70: 13.88
A71: Оповещение о пожаре
A72: 35 | B72: г. Королев, "Болид" III кв. 2013 г. | C72: Блок контрольно-пусковой С2000-КПБ Цена: 2464,0:1,18:3,94*1,03*1,012 (шт.) | D72: 1 | E72: 552.43 | G72: 552
A73: 36 | B73: ТЕРм10-08-001-01 | C73: Приборы ПС приемно-контрольные, пусковые, концентратор блок базовый на 10 лучей (1 шт.) | D73: 1 | E73: 121,95 106,45 | F73: 0.46 | G73: 122 | H73: 106 | J73: 7.2 | K73: 7.2
A74: 37 | B74: ТЕРм08-01-081-01 прим. | C74: Аппарат (кнопка, ключ управления, замок электромагнитной блокировки, звуковой сигнал, сигнальная лампа) управления и сигнализации, количество подключаемых концов до 2 ( "Люкс" "Выход") (1 шт.) | D74: 18 | E74: 30,5 15,97 | F74: 11,72 0,76 | G74: 549 | H74: 287 | I74: 211 14 | J74: 1.13 | K74: 20.34
A75: 38 | B75: ТЕРм10-04-066-05 прим. | C75: Оповещатель звуковой ("Маяк") (1 шт.) | D75: 35 34+1 | E75: 14,44 13,33 | G75: 505 | H75: 467 | J75: 1 | K75: 35
A76: 39 | B76: ТЕРм08-02-148-01 прим. | C76: Кабель связи в проложенных трубах, блоках и коробах, масса 1 м кабеля до 1 кг (100 м кабеля) | D76: 7,5 0,01*750 | E76: 808,64 175,31 | F76: 547,32 60,38 | G76: 6065 | H76: 1315 | I76: 4105 453 | J76: 12.4 | K76: 93
A77: 40 | B77: ТЕРм10-08-019-01 | C77: Коробка ответвительная на стене (КМ-О) (1 шт.) | D77: 48 | E77: 7,62 7,18 | G77: 366 | H77: 345 | J77: 0.5 | K77: 24
A78: 41 | B78: ТЕРм08-02-396-05 прим. | C78: Кабельный канал металлический по стенам и потолкам, длина 2 м (100 м) | D78: 8 0,01*400*2 | E78: 1870,64 519,82 | F78: 796,97 211,76 | G78: 14965 | H78: 4159 | I78: 6376 1694 | J78: 37.6 | K78: 300.8
A79: Итого прямые затраты по разделу в ценах 2001г. | G79: 79617 | H79: 14599 | I79: 22730 4118 | K79: 1036.84
A80: Накладные расходы | G80: 17214
A81: Сметная прибыль | G81: 11984
A82: Итоги по разделу 1 Монтажные работы и оборудование :
A83: Итого Монтажные работы | G83: 79846 | K83: 1036.84
A84: Итого Оборудование | G84: 28969
A85: Итого | G85: 108815 | K85: 1036.84
A86: В том числе:
A87: Материалы | G87: 13319
A88: Машины и механизмы | G88: 22730
A89: ФОТ | G89: 18717
A90: Оборудование | G90: 28969
A91: Накладные расходы | G91: 17214
A92: Сметная прибыль | G92: 11984
A93: Итого по разделу 1 Монтажные работы и оборудование | G93: 108815 | K93: 1036.84
A94: Раздел 2. Материалы, не учтенные ценником
A95: Пожарная сигнализация
A96: 42 | B96: г. Королев, "Болид" III кв. 2013 г. | C96: Извещатель пожарный дымовой ДИП-34А-01-02 Цена: 636,0:1,18:5,59*1,03*1,02 (шт.) | D96: 56 | E96: 101.3 | G96: 5673
A97: 43 | B97: г. Обнинск з-д "Сигнал" III кв. 2013 г. | C97: Извещатель пожарный ручной ИПР 513-3АМ Цена: 495,6:1,18:5,59*1,03*1,02 (шт.) | D97: 9 | E97: 78.94 | G97: 710
A98: 44 | B98: г. С-Петербург АО "Аргус Спектр" III кв. 2013 г. | C98: Извещатель пожарный тепловой ИП 103-2/1в к-те в кабельными вводами взрывозащищенный Цена: 2734,0:1,18:5,59*1,03*1,02 (шт.) | D98: 15 | E98: 435.45 | G98: 6532
A99: 45 | B99: г. С-Петербург АО "Аргус Спектр" III кв. 2013 г. | C99: Извещатель пожарный тепловой ИП 212-3СМ Цена: 261,0:1,18:5,59*1,03*1,02 (шт.) | D99: 26 | E99: 41.57 | G99: 1081
A100: 46 | B100: г. Москва, "Спецкабель" III кв. 2013 г. | C100: Кабель огнестойкий КПСЭнг-FRLS 1х2x1,0 Цена: 51629,07:1,18:5,59*1,03*1,02 (1000 м) | D100: 0,95 0,001*950 | E100: 8223.14 | G100: 7812
A101: 47 | B101: г. Подольск, "Подольсккабель" III кв. 2013 г. | C101: Кабель ВВГнг-FRLS 2х1,5 Цена: 63802,60:1,18:5,59*1,03*1,02 (1000 м) | D101: 0,05 0,001*50 | E101: 10162.06 | G101: 508
A102: 48 | B102: г. Подольск, "Подольсккабель" III кв. 2013 г. | C102: Кабель ВВГнг-FRLS 3х1,5 Цена: 78340,20:1,18:5,59*1,03*1,02 (1000 м) | D102: 0,01 0,001*10 | E102: 12477.52 | G102: 125
A103: 49 | B103: г. Москва, "База электроники" III кв. 2013 г. | C103: Кабель радиочастотный РК 50-11-11 Цена: 99,43:1,18:5,59*1,03*1,02 (м) | D103: 30 | E103: 15.84 | G103: 475
A104: 50 | B104: ТСЦ-103-0128 прим. | C104: Трубы стальные электросварные прямошовные со снятой фаской из стали марок БСт2кп-БСт4кп и БСт2пс-БСт4пс наружный диаметр 15 мм (м) | D104: 20 | E104: 7.76 | G104: 155
A105: 51 | B105: ТСЦ-103-0137 прим. | C105: Трубы стальные электросварные прямошовные со снятой фаской из стали марок БСт2кп-БСт4кп и БСт2пс-БСт4пс наружный диаметр 51 мм (м) | D105: 10 | E105: 30.89 | G105: 309
A106: 52 | B106: г. Екатеринбург "Коробов" III кв. 2013 г. | C106: Неперфорированный лоток 100х35мм L=3м Р35-10Ф Цена: 135,49:1,18:5,59*1,03*1,02 (шт.) | D106: 50 | E106: 21.58 | G106: 1079
A107: 53 | B107: г. Екатеринбург "Коробов" III кв. 2013 г. | C107: Крышка лотка 100 мм L=3м Цена: 122:1,18:5,59*1,03*1,02 (шт.) | D107: 50 | E107: 19.43 | G107: 972
A108: 54 | B108: г. Екатеринбург ЗАО "ДКС" III кв. 2013 г. | C108: Неперфорированный лоток 50х50мм L=3м к.35020 Цена: 114,08:1,18:5,59*1,03*1,02 (шт.) | D108: 100 | E108: 18.17 | G108: 1817
...

Sheet 19-4-453
A1: СОГЛАСОВАНО: | I1: УТВЕРЖДАЮ:
A4: ______________ | I4: ____________
A5: " _____ " ________________ 2012 г. | I5: "______ " _______________2012 г.
D6: г. Лесной Свердловской области. ФГУП "Комбинат "Электрохимприбор"
D7: (наименование стройки)
D9: ЛОКАЛЬНЫЙ СМЕТНЫЙ РАСЧЕТ № 313-2331/19-4-453
D10: (локальная смета)
A12: на | B12: Пожарную сигнализацию и оповещение о пожаре, Площадка 14. Здание 281.
D13: (наименование работ и затрат, наименование объекта)
B15: Основание: р.ч. 0503.014.0400 - ПС, инв. № 313-696, 313-695
B16: Сметная стоимость _______________________________________________________________________________________________ | D16: ___________________________101,683 | F16: тыс. руб.
B17: монтажных работ _______________________________________________________________________________________________ | D17: _______________________________________________________________________________________________73,952 | F17: тыс. руб.
B18: оборудования _______________________________________________________________________________________________ | D18: _______________________________________________________________________________________________27,731 | F18: тыс. руб.
B19: Средства на оплату труда _______________________________________________________________________________________________ | D19: ___________________________11,483 | F19: тыс. руб.
B20: Сметная трудоемкость _______________________________________________________________________________________________ | D20: _______________________________________________________________________________________________628,11 | F20: чел.час
B21: Трудозатраты механизаторов _______________________________________________________________________________________________ | D21: _______________________________________________________________________________________________156,98 | F21: чел.час
B22: Составлен(а) в ценах по состоянию на 01.01.2000 г. (редакция 2009 г.)
A25: № пп | B25: Шифр и номер позиции норматива | C25: Наименование работ и затрат, единица измерения | D25: Количество | E25: Стоимость единицы, руб. | G25: Общая стоимость, руб. | J25: Затраты труда рабочих, чел.-ч, не занятых обслуживанием машин
E26: всего | F26: эксплуата- ции машин | G26: Всего | H26: оплаты труда | I26: эксплуата- ция машин
E27: оплаты труда | F27: в т.ч. оплаты труда | I27: в т.ч. оплаты труда | J27: на единицу | K27: всего
A28: 1 | B28: 2 | C28: 3 | D28: 4 | E28: 5 | F28: 6 | G28: 7 | H28: 8 | I28: 9 | J28: 10 | K28: 11
A29: Раздел 1. Монтажные работы и оборудование
A30: Применен повышающий территориальный коэффициент к заработной плате К=1,0434
A31: Учтены индексы:
A32: К = 3,94 - индекс перехода сметной стоимости на оборудование от цен 3 кв. 2013 г. к ценам на 01.01.2000 г. (письмо Минрегиона № 13478-СД/10 от 29.07.2013 г. прил. 5)
A33: К= 5,59 - индекс перехода к стоимости материалов от цен 3 кв. 2013 г. к ценам на 01.01.2000 г. (письмо Минрегиона № 13478-СД/10 от 29.07.2013 г. прил. 1)
A34: Учтены транспортные (3%), заготовительно-складские расходы (1,2%) и расходы на оборудование (2%)
A36: Пожарная сигнализация
A37: 1 | B37: г. Москва, "Альтоника" III кв. 2013 г. | C37: Объектовый прибор со встроенным передатчиком "Риф Стринг RS-202 ТD-RR" Цена: 4170:1,18:3,94*1,03*1,012 (компл.) | D37: 1 | E37: 934.92 | G37: 935
A38: 2 | B38: ТЕРм10-08-001-08 | C38: Прибор ОПС на 4 луча (1 шт.) | D38: 1 | E38: 45,14 37,04 | F38: 0.37 | G38: 45 | H38: 37 | J38: 2.4 | K38: 2.4
A39: 3 | B39: г. Москва, "Альтоника" III кв. 2013 г. | C39: Антенна АН7-433, направленная усилением +7dBd Цена: 2275,0:1,18:3,94*1,03*1,012 (шт.) | D39: 1 | E39: 510.06 | G39: 510
A40: 4 | B40: ТЕРм10-04-100-09 | C40: Антенна направленная; аппаратура настенная (1 шт.) | D40: 1 | E40: 151,45 113,1 | G40: 151 | H40: 113 | J40: 8 | K40: 8
A41: 5 | B41: г. Королев ЗАО НВП "Болид" III кв. 2013 г. | C41: Пульт контроля и управления С2000 М Цена: 5930,0:1,18:3,94*1,03*1,012 (шт.) | D41: 1 | E41: 1329.52 | G41: 1330
A42: 6 | B42: ТЕРм10-08-001-01 | C42: Приборы ПС приемно-контрольные, пусковые, концентратор блок базовый на 10 лучей (1 шт.) | D42: 1 | E42: 121,95 106,45 | F42: 0.46 | G42: 122 | H42: 106 | J42: 7.2 | K42: 7.2
A43: 7 | B43: г. Королев ЗАО НВП "Болид" III кв. 2013 г. | C43: Контроллер двухпроводной линии связи С2000-КДЛ Цена: 1971,2:1,18:3,94*1,03*1,012 (шт.) | D43: 1 | E43: 441.95 | G43: 442
A44: 8 | B44: ТЕРм11-03-001-02 | C44: Приборы, устанавливаемые на металлоконструкциях, щитах и пультах, масса до 10 кг (1 шт.) | D44: 1 | E44: 17,55 15,01 | G44: 18 | H44: 15 | J44: 1.03 | K44: 1.03
A45: 9 | B45: г. Королев ЗАО НВП "Болид" III кв. 2013 г. | C45: Блок сигнально-пусковой С2000-СП1 Цена: 1551:1,18:3,94*1,03*1,012 (шт.) | D45: 2 | E45: 347.74 | G45: 695
A46: 10 | B46: ТЕРм10-08-001-01 | C46: Приборы ПС приемно-контрольные, пусковые, концентратор блок базовый на 10 лучей (1 шт.) | D46: 2 | E46: 121,95 106,45 | F46: 0.46 | G46: 244 | H46: 213 | I46: 1 | J46: 7.2 | K46: 14.4
A47: 11 | B47: г. Королев ЗАО НВП "Болид" III кв. 2013 г. | C47: Адресный расширитель Цена:364:1,18:3,94*1,03*1,012 (шт.) | D47: 3 | E47: 81.61 | G47: 245
A48: 12 | B48: ТЕРм10-08-003-08 прим | C48: Адресный расширитель (1 шт.) | D48: 3 | E48: 13,95 10,18 | F48: 0.26 | G48: 42 | H48: 31 | I48: 1 | J48: 0.72 | K48: 2.16
A49: 13 | B49: ТЕРм10-08-002-02 | C49: Извещатель ПС автоматический дымовой, фотоэлектрический, радиоизотопный, световой в нормальном исполнении (ДИП-34А-01-02) (1 шт.) | D49: 26 | E49: 29,37 23,75 | F49: 0.46 | G49: 764 | H49: 618 | I49: 12 | J49: 1.68 | K49: 43.68
A50: 14 | B50: ТЕРм10-04-066-05 | C50: Извещатель пожарный ручной (ИПР 513-3АМ) (1 шт.) | D50: 5 | E50: 14,44 13,33 | G50: 72 | H50: 67 | J50: 1 | K50: 5
A51: 15 | B51: г. Королев, "Болид" III кв. 2013 г. | C51: Резервированный источник питания РИП-12 исп. 02 Цена: 2464,0:1,18:3,94*1,03*1,012 (шт.) | D51: 3 | E51: 552.43 | G51: 1657
A52: 16 | B52: г. Москва, "База электроники" III кв. 2013 г. | C52: Аккумуляторная батарея U= 12В, I=2A, емк. 7 Ач Цена: 400:1,18:3,94*1,03*1,012 (шт.) | D52: 3 | E52: 89.68 | G52: 269
A53: 17 | B53: ТЕРм10-08-003-03 | C53: Блок питания и контроля (1 шт.) | D53: 3 | E53: 62,22 54,02 | F53: 0.37 | G53: 187 | H53: 162 | I53: 1 | J53: 3.6 | K53: 10.8
A54: 18 | B54: г. Королев, "Болид" III кв. 2013 г. | C54: Резервированный источник питания РИП-24 исп. 01 Цена: 3207,0:1,18:3,94*1,03*1,012 (шт.) | D54: 2 | E54: 719.02 | G54: 1438
A55: 19 | B55: г. Москва, "База электроники" III кв. 2013 г. | C55: Аккумуляторная батарея U= 24В, I=3A, емк. 7*2 Ач Цена: 1180:1,18:3,94*1,03*1,012 (шт.) | D55: 2 | E55: 264.56 | G55: 529
A56: 20 | B56: ТЕРм10-08-003-03 | C56: Блок питания и контроля (1 шт.) | D56: 2 | E56: 62,22 54,02 | F56: 0.37 | G56: 124 | H56: 108 | I56: 1 | J56: 3.6 | K56: 7.2
A57: 21 | B57: г. Москва, "База электроники" III кв. 2013 г. | C57: Блок разветвительно-изолирующий "БРИЗ" Цена: 320,61:1,18:3,94*1,03*1,012 (шт.) | D57: 1 | E57: 71.88 | G57: 72
A58: 22 | B58: ТЕРм10-08-001-05 прим | C58: Приборы ПС на 1 луч (1 шт.) | D58: 1 | E58: 33,62 25,85 | F58: 0.37 | G58: 34 | H58: 26 | J58: 1.8 | K58: 1.8
A59: 23 | B59: ТЕРм10-08-002-02 | C59: Извещатель ПС автоматический дымовой, фотоэлектрический, радиоизотопный, световой в нормальном исполнении (ИП 212-3СМ) (1 шт.) | D59: 15 | E59: 29,37 23,75 | F59: 0.46 | G59: 441 | H59: 356 | I59: 7 | J59: 1.68 | K59: 25.2
A60: 24 | B60: г. Ижевск ООО "Веста" III кв. 2013 г. | C60: Подъемник телескопический ТЕМП-10 метров Цена: 85000,0:1,18:3,94*1,03*1,012 (шт.) | D60: 1 | E60: 19057.17 | G60: 19057
A61: 25 | B61: ТЕРм08-02-148-01 прим | C61: Кабель связи в проложенных трубах, блоках и коробах, масса 1 м кабеля до 1 кг (100 м кабеля) | D61: 4,7 0,01*(500+30+10+30-100) | E61: 808,64 175,31 | F61: 547,32 60,38 | G61: 3801 | H61: 824 | I61: 2572 284 | J61: 12.4 | K61: 58.28
A62: 26 | B62: ТЕРм08-02-149-01 прим | C62: Кабель связи, подвешиваемый на тросе, масса 1 м кабеля до 1 кг (100 м кабеля) | D62: 1 0,01*100 | E62: 4558,5 241,77 | F62: 2594,28 308,6 | G62: 4559 | H62: 242 | I62: 2594 309 | J62: 17.1 | K62: 17.1
A63: 27 | B63: ТЕРм08-02-407-01 | C63: Труба стальная по установленным конструкциям, по стенам с креплением скобами, диаметр до 25 мм (100 м) | D63: 0,2 0,01*20 | E63: 2558,84 425,81 | F63: 911,86 334,9 | G63: 512 | H63: 85 | I63: 182 67 | J63: 30.8 | K63: 6.16
A64: 28 | B64: ТЕРм08-02-407-04 | C64: Труба стальная по установленным конструкциям, по стенам с креплением скобами, диаметр до 80 мм (100 м) | D64: 0,1 0,01*10 | E64: 3898,16 933,2 | F64: 1643,41 571,98 | G64: 390 | H64: 93 | I64: 164 57 | J64: 67.5 | K64: 6.75
A65: 29 | B65: ТЕРм08-02-396-06 прим. | C65: Неперфорированный лоток по стенам и потолкам с крышкой, длина 3 м (100 м) | D65: 3 0,01*300 | E65: 1613,92 406,46 | F65: 655,79 169,39 | G65: 4842 | H65: 1219 | I65: 1967 508 | J65: 29.4 | K65: 88.2
A66: 30 | B66: ТЕРм08-01-087-03 | C66: Металлические конструкции (кронштейн для мачты 0,35 м) (1 т) | D66: 0,0013 0,001*1,30*1 | E66: 18494,68 879,39 | F66: 645,33 33,04 | G66: 24 | H66: 1 | I66: 1 | J66: 62.2 | K66: 0.08
A67: Оповещение о пожаре
A68: 31 | B68: г. Королев, "Болид" III кв. 2013 г. | C68: Блок контрольно-пусковой С2000-КПБ Цена: 2464,0:1,18:3,94*1,03*1,012 (шт.) | D68: 1 | E68: 552.43 | G68: 552
A69: 32 | B69: ТЕРм10-08-001-01 | C69: Приборы ПС приемно-контрольные, пусковые, концентратор блок базовый на 10 лучей (1 шт.) | D69: 1 | E69: 121,95 106,45 | F69: 0.46 | G69: 122 | H69: 106 | J69: 7.2 | K69: 7.2
A70: 33 | B70: ТЕРм08-01-081-01 прим. | C70: Аппарат (кнопка, ключ управления, замок электромагнитной блокировки, звуковой сигнал, сигнальная лампа) управления и сигнализации, количество подключаемых концов до 2 ( "Люкс" "Выход") (1 шт.) | D70: 11 | E70: 30,5 15,97 | F70: 11,72 0,76 | G70: 336 | H70: 176 | I70: 129 8 | J70: 1.13 | K70: 12.43
A71: 34 | B71: ТЕРм10-04-066-05 прим. | C71: Оповещатель звуковой ("Маяк") (1 шт.) | D71: 23 22+1 | E71: 14,44 13,33 | G71: 332 | H71: 307 | J71: 1 | K71: 23
A72: 35 | B72: ТЕРм08-02-148-01 прим. | C72: Кабель связи в проложенных трубах, блоках и коробах, масса 1 м кабеля до 1 кг (100 м кабеля) | D72: 5 0,01*500 | E72: 808,64 175,31 | F72: 547,32 60,38 | G72: 4043 | H72: 877 | I72: 2737 302 | J72: 12.4 | K72: 62
A73: 36 | B73: ТЕРм10-08-019-01 | C73: Коробка ответвительная на стене (КМ-О) (1 шт.) | D73: 30 | E73: 7,62 7,18 | G73: 229 | H73: 215 | J73: 0.5 | K73: 15
A74: 37 | B74: ТЕРм08-02-396-05 прим. | C74: Кабельный канал металлический по стенам и потолкам, длина 2 м (100 м) | D74: 5,4 0,01*270*2 | E74: 1870,64 519,82 | F74: 796,97 211,76 | G74: 10101 | H74: 2807 | I74: 4304 1144 | J74: 37.6 | K74: 203.04
A75: Итого прямые затраты по разделу в ценах 2001г. | G75: 59266 | H75: 8804 | I75: 14673 2679 | K75: 628.11
A76: Накладные расходы | G76: 10595
A77: В том числе, справочно:
A78: 80% ФОТ (от 1993) (Поз. 2, 6, 8, 10, 12-13, 17, 20, 22-23, 32, 36) | G78: 1594
A79: 92% ФОТ (от 487) (Поз. 4, 14, 34) | G79: 448
A80: 95% ФОТ (от 9003) (Поз. 25-30, 33, 35, 37) | G80: 8553
A81: Сметная прибыль | G81: 7365
A82: В том числе, справочно:
A83: 60% ФОТ (от 1993) (Поз. 2, 6, 8, 10, 12-13, 17, 20, 22-23, 32, 36) | G83: 1196
A84: 65% ФОТ (от 9490) (Поз. 4, 14, 34, 25-30, 33, 35, 37) | G84: 6169
A85: Итого по разделу 1 Монтажные работы и оборудование | G85: 77226 | K85: 628.11
A86: Раздел 2. Материалы, не учтенные ценником
A87: Пожарная сигнализация
A88: 38 | B88: г. Королев, "Болид" III кв. 2013 г. | C88: Извещатель пожарный дымовой ДИП-34А-01-02 Цена: 636,0:1,18:5,59*1,03*1,02 (шт.) | D88: 26 | E88: 101.3 | G88: 2634
A89: 39 | B89: г. Обнинск з-д "Сигнал" III кв. 2013 г. | C89: Извещатель пожарный ручной ИПР 513-3АМ Цена: 495,6:1,18:5,59*1,03*1,02 (шт.) | D89: 5 | E89: 78.94 | G89: 395
A90: 40 | B90: г. С-Петербург АО "Аргус Спектр" III кв. 2013 г. | C90: Извещатель пожарный тепловой ИП 212-3СМ Цена: 261,0:1,18:5,59*1,03*1,02 (шт.) | D90: 15 | E90: 41.57 | G90: 624
A91: 41 | B91: г. Москва, "Спецкабель" III кв. 2013 г. | C91: Кабель огнестойкий КПСЭнг-FRLS 1х2x1,0 Цена: 51629,07:1,18:5,59*1,03*1,02 (1000 м) | D91: 0,5 0,001*500 | E91: 8223.14 | G91: 4112
A92: 42 | B92: г. Подольск, "Подольсккабель" III кв. 2013 г. | C92: Кабель ВВГнг-FRLS 2х1,5 Цена: 63802,60:1,18:5,59*1,03*1,02 (1000 м) | D92: 0,03 0,001*30 | E92: 10162.06 | G92: 305
A93: 43 | B93: г. Подольск, "Подольсккабель" III кв. 2013 г. | C93: Кабель ВВГнг-FRLS 3х1,5 Цена: 78340,20:1,18:5,59*1,03*1,02 (1000 м) | D93: 0,01 0,001*10 | E93: 12477.52 | G93: 125
A94: 44 | B94: г. Москва, "База электроники" III кв. 2013 г. | C94: Кабель радиочастотный РК 50-11-11 Цена: 99,43:1,18:5,59*1,03*1,02 (м) | D94: 30 | E94: 15.84 | G94: 475
A95: 45 | B95: ТСЦ-103-0128 прим. | C95: Трубы стальные электросварные прямошовные со снятой фаской из стали марок БСт2кп-БСт4кп и БСт2пс-БСт4пс наружный диаметр 15 мм (м) | D95: 20 | E95: 7.76 | G95: 155
A96: 46 | B96: ТСЦ-103-0137 прим. | C96: Трубы стальные электросварные прямошовные со снятой фаской из стали марок БСт2кп-БСт4кп и БСт2пс-БСт4пс наружный диаметр 51 мм (м) | D96: 10 | E96: 30.89 | G96: 309
A97: 47 | B97: г. Екатеринбург ЗАО "ДКС" III кв. 2013 г. | C97: Неперфорированный лоток 50х50мм L=3м к.35020 Цена: 114,08:1,18:5,59*1,03*1,02 (шт.) | D97: 100 | E97: 18.17 | G97: 1817
A98: 48 | B98: г. Екатеринбург ЗАО "ДКС" III кв. 2013 г. | C98: Крышка с заземлением на лоток осн.50 L=3м к.35520 Цена: 74,32:1,18:5,59*1,03*1,02 (шт.) | D98: 100 | E98: 11.84 | G98: 1184
A99: 49 | B99: г. Москва ООО "ТСРК" III кв. 2013 г. | C99: Подвес П-13 Цена: 3,0:1,18:5,59*1,03*1,02 (шт.) | D99: 270 | E99: 0.48 | G99: 130
A100: 50 | B100: ТСЦ-101-1613 прим. | C100: Проволока стальная, диаметром 3 мм (т) | D100: 0,00555 5,55*0,001 | E100: 6307 | G100: 35
A101: Оповещение о пожаре
A102: 51 | B102: г. Королев, "Болид" III кв. 2013 г. | C102: Оповещатель пожарный световой "Люкс-24" "Выход", U=12В Цена: 110,0:1,18:5,59*1,03*1,02 (шт.) | D102: 11 | E102: 17.52 | G102: 193
A103: 52 | B103: г. Москва, "База электроники" III кв. 2013 г. | C103: Оповещатель комбинированный "Маяк-12-3М" Цена: 416,91:1,18:5,59*1,03*1,02 (шт.) | D103: 22 | E103: 73.57 | G103: 1619
A104: 53 | B104: г. Москва, "База электроники" III кв. 2013 г. | C104: Оповещатель комбинированный "Маяк-12-К" Цена: 320,0:1,18:5,59*1,03*1,02 (шт.) | D104: 1 | E104: 50.97 | G104: 51
A105: 54 | B105: г. Москва, "Спецкабель" III кв. 2013 г. | C105: Кабель КПСЭнг-FRHF 1х2х1,5 Цена: 82777,00:1,18:5,59*1,03*1,02 (1000 м) | D105: 0,5 0,001*500 | E105: 13184.18 | G105: 6592
A106: 55 | B106: г. Санкт-Петербург, "ЭТМ" III кв. 2013 г. | C106: Коробка монтажная огнестойкая КМ-О(4к) Цена: 325,0:1,18:5,59*1,03*1,02 (шт.) | D106: 30 | E106: 51.76 | G106: 1553
A107: 56 | B107: г. Москва, "Электродел" III кв. 2013 г. | C107: Кабельный канал металлический оцинкованный ККМО 15х15, длиной 2м Цена: 50,00:1,18:5,59*1,03*1,02 (шт.) | D107: 270 | E107: 7.96 | G107: 2149
A108: Итого прямые затраты по разделу в ценах 2001г. | G108: 24457
...

Sheet 19-4-225
A1: СОГЛАСОВАНО: | I1: УТВЕРЖДАЮ:
A4: ______________ | I4: ____________
A5: " _____ " ________________ 2012 г. | I5: "______ " _______________2012 г.
D6: г. Лесной Свердловкой области. ФГУП "Комбинат "Электрохимприбор"
D7: (наименование стройки)
D9: ЛОКАЛЬНЫЙ СМЕТНЫЙ РАСЧЕТ № 313-2332/19-4-225
D10: (локальная смета)
A12: на | B12: Пожарную сигнализацию и оповещение о пожаре, Площадка 8. Разгруз-сарай
D13: (наименование работ и затрат, наименование объекта)
B15: Основание: р.ч. 0503.014.0400 - ПС, инв. № 313-708, 313-707
B16: Сметная стоимость _______________________________________________________________________________________________ | D16: ___________________________54,996 | F16: тыс. руб.
B17: монтажных работ _______________________________________________________________________________________________ | D17: _______________________________________________________________________________________________29,689 | F17: тыс. руб.
B18: оборудования _______________________________________________________________________________________________ | D18: _______________________________________________________________________________________________25,307 | F18: тыс. руб.
B19: Средства на оплату труда _______________________________________________________________________________________________ | D19: ___________________________4,989 | F19: тыс. руб.
B20: Сметная трудоемкость _______________________________________________________________________________________________ | D20: _______________________________________________________________________________________________266,19 | F20: чел.час
B21: Трудозатраты механизаторов _______________________________________________________________________________________________ | D21: _______________________________________________________________________________________________63,26 | F21: чел.час
B22: Составлен(а) в ценах по состоянию на 01.01.2000 г.(Редакция 2009 г.)
A25: № пп | B25: Шифр и номер позиции норматива | C25: Наименование работ и затрат, единица измерения | D25: Количество | E25: Стоимость единицы, руб. | G25: Общая стоимость, руб. | J25: Затраты труда рабочих, чел.-ч, не занятых обслуживанием машин
E26: всего | F26: эксплуата- ции машин | G26: Всего | H26: оплаты труда | I26: эксплуата- ция машин
E27: оплаты труда | F27: в т.ч. оплаты труда | I27: в т.ч. оплаты труда | J27: на единицу | K27: всего
A28: 1 | B28: 2 | C28: 3 | D28: 4 | E28: 5 | F28: 6 | G28: 7 | H28: 8 | I28: 9 | J28: 10 | K28: 11
A29: Раздел 1. Монтажные работы и оборудование
A30: Применен повышающий территориальный коэффициент к заработной плате К=1,0434
A31: Учтены индексы:
A32: К = 3,94 - индекс перехода сметной стоимости на оборудование от цен 3 кв. 2013 г. к ценам на 01.01.2000 г. (письмо Минрегиона № 13478-СД/10 от 29.07.2013 г. прил. 5)
A33: К= 5,59 - индекс перехода к стоимости материалов от цен 3 кв. 2013 г. к ценам на 01.01.2000 г. (письмо Минрегиона № 13478-СД/10 от 29.07.2013 г. прил. 1)
A34: Учтены транспортные (3%), заготовительно-складские расходы (1,2%) и расходы на оборудование (2%)
A36: Пожарная сигнализация
A37: 1 | B37: г. Москва, "Альтоника" III кв. 2013 г. | C37: Объектовый прибор со встроенным передатчиком "Риф Стринг RS-202 ТР 8" Цена: 9919,00/1,18/3,94*1,03*1,012 (компл.) | D37: 1 | E37: 2223.86 | G37: 2224
A38: 2 | B38: ТЕРм10-08-001-08 | C38: Прибор ОПС на 4 луча (1 шт.) | D38: 1 | E38: 45,14 37,04 | F38: 0.37 | G38: 45 | H38: 37 | J38: 2.4 | K38: 2.4
A39: 3 | B39: г. Москва, "Альтоника" III кв. 2013 г. | C39: Антенна АН7-433, направленная усилением +7dBd Цена: 2275,00/1,18/3,94*1,03*1,012 (шт.) | D39: 1 | E39: 510.06 | G39: 510
A40: 4 | B40: ТЕРм10-04-100-09 | C40: Антенна направленная; аппаратура настенная (1 шт.) | D40: 1 | E40: 151,45 113,1 | G40: 151 | H40: 113 | J40: 8 | K40: 8
A41: 5 | B41: г. Челябинск, "Холдинговый центр системы безопасности" III кв. 2013 г. | C41: Резервированный источник питания "Скат-1200Д исп.2" 3390,00:1,18:3,94*1,03*1,012 (шт.) | D41: 1 | E41: 760.04 | G41: 760
A42: 6 | B42: г. Челябинск, "Электромир" III кв. 2013 г. | C42: Аккумуляторная батарея U= 12В, I=4A, емк. 20 Ач Цена: 988,00:1,18:3,94*1,03*1,012 (шт.) | D42: 1 | E42: 221.51 | G42: 222
A43: 7 | B43: ТЕРм10-08-003-03 | C43: Блок питания и контроля (1 шт.) | D43: 1 | E43: 62,22 54,02 | F43: 0.37 | G43: 62 | H43: 54 | J43: 3.6 | K43: 3.6
A44: 8 | B44: ТЕРм10-08-002-02 | C44: Извещатель ПС автоматический дымовой, фотоэлектрический, радиоизотопный, световой в нормальном исполнении (ИП 212-3СМ) (1 шт.) | D44: 3 | E44: 29,37 23,75 | F44: 0.46 | G44: 88 | H44: 71 | I44: 1 | J44: 1.68 | K44: 5.04
A45: 9 | B45: ТЕРм10-04-066-05 | C45: Извещатель пожарный ручной (ИПР 3СУ) (1 шт.) | D45: 3 | E45: 14,44 13,33 | G45: 43 | H45: 40 | J45: 1 | K45: 3
A46: 10 | B46: ТЕРм10-08-002-03 | C46: Извещатель ПС автоматический тепловой, дымовой, световой во взрывозащищенном исполнении (1 шт.) | D46: 28 | E46: 35,7 29,18 | F46: 0.54 | G46: 1000 | H46: 817 | I46: 15 | J46: 1.68 | K46: 47.04
A47: 11 | B47: ТСЦ-509-8065 прим. | C47: Резисторы (шт.) | D47: 28 4+2+22 | E47: 2.24 | G47: 63
A48: 12 | B48: ТЕРм11-03-001-01 | C48: Резисторы (1 шт.) | D48: 28 4+2+22 | E48: 8,73 7,58 | G48: 244 | H48: 212 | J48: 0.52 | K48: 14.56
A49: 13 | B49: г. Новосибирск ООО "МПП "ВЭРС" III кв. 2013 г. | C49: Прибор приёмно-контрольный охранно-пожарный ВЭРС-ПК4 Цена: 2290,0:1,18:3,94*1,03*1,012 (компл.) | D49: 1 | E49: 513.42 | G49: 513
A50: 14 | B50: ТЕРм10-08-001-02 | C50: Прибор приёмно-контрольный охранно-пожарный ВЭРС-ПК4 (1 шт.) | D50: 1 | E50: 194,79 172,99 | F50: 0.46 | G50: 195 | H50: 173 | J50: 11.7 | K50: 11.7
A51: 15 | B51: ТЕРм10-06-034-12 | C51: Коробка распределительная настенная на кабеле с пластмассовой оболочкой (1 коробка) | D51: 1 | E51: 86,96 28,28 | F51: 43,15 5,54 | G51: 87 | H51: 28 | I51: 43 6 | J51: 2 | K51: 2
A52: 16 | B52: г. Ижевск ООО "Веста" | C52: Подъемник телескопический ТЕМП-10 метров Цена: 85000,0:1,18:3,94*1,03*1,012 (шт.) | D52: 1 | E52: 19057.17 | G52: 19057
A53: 17 | B53: г. Москва, "СветЭлектро" | C53: Настенный шкаф R5CEX0442 c прозрачной дверью, 800х600х250 мм в комплекте с ручкой с замком R5CEX0869 Цена: 8734:1,18:3,94*1,03*1,012 (шт.) | D53: 1 | E53: 1958.18 | G53: 1958
A54: 18 | B54: ТЕРм10-06-037-07 | C54: Шкаф для трубных проводок настенный, размер до 800х1800 мм (1 шт.) | D54: 1 | E54: 259,34 58,14 | F54: 10.79 | G54: 259 | H54: 58 | I54: 11 | J54: 4.36 | K54: 4.36
A55: 19 | B55: ТЕРм08-02-148-01 прим | C55: Кабель связи в проложенных трубах, блоках и коробах, масса 1 м кабеля до 1 кг (100 м кабеля) | D55: 0,41 0,01*(26+15) | E55: 808,64 175,31 | F55: 547,32 60,38 | G55: 332 | H55: 72 | I55: 224 25 | J55: 12.4 | K55: 5.08
A56: 20 | B56: ТЕРм08-02-149-01 прим | C56: Кабель связи, подвешиваемый на тросе, масса 1 м кабеля до 1 кг (100 м кабеля) | D56: 1,24 0,01*(130+10+10+15-41) | E56: 4558,5 241,77 | F56: 2594,28 308,6 | G56: 5653 | H56: 300 | I56: 3217 383 | J56: 17.1 | K56: 21.2
A57: 21 | B57: ТЕРм08-02-396-05 | C57: Короб металлический по стенам и потолкам, длина 2 м (100 м) | D57: 0,26 0,01*26 | E57: 1870,64 519,82 | F57: 796,97 211,76 | G57: 486 | H57: 135 | I57: 207 55 | J57: 37.6 | K57: 9.78
A58: 22 | B58: ТЕРм08-02-152-14 | C58: Конструкция из профильной стали для крепления закладных подвесок, масса до 2 кг (К101) (100 шт.) | D58: 0,2 0,01*20 | E58: 1992,28 254,49 | F58: 225,75 10,44 | G58: 398 | H58: 51 | I58: 45 2 | J58: 18 | K58: 3.6
A59: 23 | B59: ТЕРм10-08-019-01 | C59: Коробка ответвительная на стене (1 шт.) | D59: 3 | E59: 7,62 7,18 | G59: 23 | H59: 22 | J59: 0.5 | K59: 1.5
A60: 24 | B60: ТЕРм08-01-087-03 | C60: Металлические конструкции (кронштейн для мачты 0,35 м) (1 т) | D60: 0,0013 0,001*1,30*1 | E60: 18494,68 879,39 | F60: 645,33 33,04 | G60: 24 | H60: 1 | I60: 1 | J60: 62.2 | K60: 0.08
A61: 25 | B61: ТЕРм08-02-407-01 | C61: Труба стальная по установленным конструкциям, по стенам с креплением скобами, диаметр до 25 мм (100 м) | D61: 0,05 0,01*5 | E61: 2558,84 425,81 | F61: 911,86 334,9 | G61: 128 | H61: 21 | I61: 46 17 | J61: 30.8 | K61: 1.54
A62: 26 | B62: ТЕРм08-02-407-04 | C62: Труба стальная по установленным конструкциям, по стенам с креплением скобами, диаметр до 80 мм (100 м) | D62: 0,1 0,01*10 | E62: 3898,16 933,2 | F62: 1643,41 571,98 | G62: 390 | H62: 93 | I62: 164 57 | J62: 67.5 | K62: 6.75
A63: 27 | B63: ТЕРм08-02-396-05 прим. | C63: Мини-плинтус длиной 2,1 м (100 м) | D63: 1,4 0,01*140 | E63: 1870,64 519,82 | F63: 796,97 211,76 | G63: 2619 | H63: 728 | I63: 1116 296 | J63: 37.6 | K63: 52.64
A64: 28 | B64: ТЕРм08-01-087-03 | C64: Металлические конструкции (кронштейн для мачты 0,35 м) (1 т) | D64: 0,0013 0,001*1,30*1 | E64: 18494,68 879,39 | F64: 645,33 33,04 | G64: 24 | H64: 1 | I64: 1 | J64: 62.2 | K64: 0.08
A65: Оповещение о пожаре
A66: 29 | B66: ТЕРм08-01-081-01 прим. | C66: Аппарат (кнопка, ключ управления, замок электромагнитной блокировки, звуковой сигнал, сигнальная лампа) управления и сигнализации, количество подключаемых концов до 2 ( "Люкс" "Выход") (1 шт.) | D66: 2 | E66: 30,5 15,97 | F66: 11,72 0,76 | G66: 61 | H66: 32 | I66: 23 2 | J66: 1.13 | K66: 2.26
A67: 30 | B67: ТЕРм10-04-066-05 прим. | C67: Оповещатель звуковой ("Маяк") (1 шт.) | D67: 10 9+1 | E67: 14,44 13,33 | G67: 144 | H67: 133 | J67: 1 | K67: 10
A68: 31 | B68: ТЕРм08-02-148-01 прим. | C68: Кабель связи в проложенных трубах, блоках и коробах, масса 1 м кабеля до 1 кг (100 м кабеля) | D68: 1,1 0,01*110 | E68: 808,64 175,31 | F68: 547,32 60,38 | G68: 890 | H68: 193 | I68: 602 66 | J68: 12.4 | K68: 13.64
A69: 32 | B69: ТЕРм08-02-396-05 прим. | C69: Кабельный канал металлический по стенам и потолкам, длина 2 м (100 м) | D69: 0,9 0,01*90 | E69: 1870,64 519,82 | F69: 796,97 211,76 | G69: 1684 | H69: 468 | I69: 717 191 | J69: 37.6 | K69: 33.84
A70: 33 | B70: ТЕРм10-08-019-01 | C70: Коробка ответвительная на стене (КМ-О) (1 шт.) | D70: 5 | E70: 7,62 7,18 | G70: 38 | H70: 36 | J70: 0.5 | K70: 2.5
A71: Итого прямые затраты по разделу в ценах 2001г. | G71: 40375 | H71: 3889 | I71: 6433 1100 | K71: 266.19
A72: Накладные расходы | G72: 4523
A73: Сметная прибыль | G73: 3172
A74: Итоги по разделу 1 Монтажные работы и оборудование :
A75: Итого Монтажные работы | G75: 22763 | K75: 266.19
A76: Итого Оборудование | G76: 25307
A77: Итого | G77: 48070 | K77: 266.19
A78: В том числе:
A79: Материалы | G79: 4746
A80: Машины и механизмы | G80: 6433
A81: ФОТ | G81: 4989
A82: Оборудование | G82: 25307
A83: Накладные расходы | G83: 4523
A84: Сметная прибыль | G84: 3172
A85: Итого по разделу 1 Монтажные работы и оборудование | G85: 48070 | K85: 266.19
A86: Раздел 2. Материалы, не учтенные ценником
A87: Пожарная сигнализация
A88: 34 | B88: г. Королев, "Болид" III кв. 2013 г. | C88: Извещатель пожарный дымовой ИП 212-3СМ Цена: 226,0:1,18:5,59*1,03*1,02 (шт.) | D88: 3 | E88: 36 | G88: 108
A89: 35 | B89: г. Обнинск з-д "Сигнал" III кв. 2013 г. | C89: Извещатель пожарный ручной ИП 212-3СМ Цена: 168,0:1,18:5,59*1,03*1,02 (шт.) | D89: 3 | E89: 26.76 | G89: 80
A90: 36 | B90: г. С-Петербург АО "Аргус Спектр" III кв. 2013 г. | C90: Извещатель пожарный тепловой ИП 212-3СМ Цена: 261,0:1,18:5,59*1,03*1,02 (шт.) | D90: 28 | E90: 41.57 | G90: 1164
A91: 37 | B91: ТСЦ-503-0454 прим. | C91: Коробка телефонная распределительная марки КРТМ-В/20 (шт.) | D91: 1 | E91: 10.35 | G91: 10
A92: 38 | B92: г. Москва, "Спецкабель" III кв. 2013 г. | C92: Кабель огнестойкий КСРЭВнг-FRLS 0,2x0,5 Цена: 13022,0:1,18:5,59*1,03*1,02 (1000 м) | D92: 0,13 0,001*130 | E92: 2074.06 | G92: 270
A93: 39 | B93: г. Подольск, "Подольсккабель" III кв. 2013 г. | C93: Кабель ВВГнг-FRLS 3х1,5 Цена: 78340,20:1,18:5,59*1,03*1,02 (1000 м) | D93: 0,01 0,001*10 | E93: 12477.52 | G93: 125
A94: 40 | B94: г. Подольск, "Подольсккабель" III кв. 2013 г. | C94: Кабель ВВГнг-FRLS 2х1,5 Цена: 63802,60:1,18:5,59*1,03*1,02 (1000 м) | D94: 0,01 0,001*10 | E94: 10162.06 | G94: 102
A95: 41 | B95: г. Москва, "База электроники" III кв. 2013 г. | C95: Кабель радиочастотный RG-213/U (в компл. с двумя разъемами) Цена: 128,0:1,18:5,59*1,03*1,02 (м) | D95: 15 | E95: 20.39 | G95: 306
A96: 42 | B96: г. Екатеринбург "Коробов" III кв. 2013 г. | C96: Короб кабельный КСК-U90 Цена: 158:1,18:5,59*1,03*1,02 (м) | D96: 26 | E96: 25.17 | G96: 654
A97: 43 | B97: ТСЦ-509-0066 | C97: Профиль монтажный перфорированный (К101/1У2) (шт.) | D97: 20 | E97: 13.15 | G97: 263
A98: 44 | B98: г. Екатеринбург "Связьдеталь" III кв. 2013 г. | C98: Коробка ответвительная с подразетником Цена: 791:1,18:5,59*1,03*1,02 (шт.) | D98: 3 | E98: 125.99 | G98: 378
A99: 45 | B99: ТСЦ-103-0128 прим. | C99: Трубы стальные электросварные прямошовные со снятой фаской из стали марок БСт2кп-БСт4кп и БСт2пс-БСт4пс наружный диаметр 15 мм (м) | D99: 5 | E99: 7.76 | G99: 39
A100: 46 | B100: ТСЦ-103-0137 прим. | C100: Трубы стальные электросварные прямошовные со снятой фаской из стали марок БСт2кп-БСт4кп и БСт2пс-БСт4пс наружный диаметр 51 мм (м) | D100: 10 | E100: 30.89 | G100: 309
A101: 47 | B101: г. Москва ООО "ТСРК" III кв. 2013 г. | C101: Подвес П-13 Цена: 3,0:1,18:5,59*1,03*1,02 (шт.) | D101: 350 | E101: 0.48 | G101: 168
A102: 48 | B102: ТСЦ-101-1613 прим. | C102: Проволока стальная, диаметром 3 мм (т) | D102: 0,00583 5,83*0,001 | E102: 6307 | G102: 37
A103: Оповещение о пожаре
A104: 49 | B104: г. Королев, "Болид" III кв. 2013 г. | C104: Оповещатель пожарный световой "Люкс-12" "Выход", U=12В Цена: 184,00:1,18:5,59*1,03*1,02 (шт.) | D104: 2 | E104: 29.31 | G104: 59
A105: 50 | B105: г. Москва, "База электроники" III кв. 2013 г. | C105: Оповещатель комбинированный "Маяк-12-3М" Цена: 416,91:1,18:5,59*1,03*1,02 (шт.) | D105: 10 | E105: 73.57 | G105: 736
A106: 51 | B106: г. Москва, "База электроники" III кв. 2013 г. | C106: Оповещатель комбинированный "Маяк-12-К" Цена: 320,0:1,18:5,59*1,03*1,02 (шт.) | D106: 1 | E106: 50.97 | G106: 51
A107: 52 | B107: г. Москва, "Спецкабель" III кв. 2013 г. | C107: Кабель КПСЭнг-FRHF 2х1,5 Цена: 82777,00:1,18:5,59*1,03*1,02 (1000 м) | D107: 0,11 0,001*110 | E107: 13184.18 | G107: 1450
A108: 53 | B108: г. Москва, "Электродел" III кв. 2013 г. | C108: Кабельный канал металлический оцинкованный ККМО 15х15, длиной 2м Цена: 50,00:1,18:5,59*1,03*1,02 (шт.) | D108: 45 | E108: 7.96 | G108: 358
...

Sheet 19-4-446
A1: СОГЛАСОВАНО: | I1: УТВЕРЖДАЮ:
A4: ______________ | I4: ____________
A5: " _____ " ________________ 2012 г. | I5: "______ " _______________2012 г.
D6: г. Лесной Свердловкой области. ФГУП "Комбинат "Электрохимприбор"
D7: (наименование стройки)
D9: ЛОКАЛЬНЫЙ СМЕТНЫЙ РАСЧЕТ № 313-2332/19-4-446
D10: (локальная смета)
A12: на | B12: Пожарную сигнализацию и оповещение о пожаре, Площадка 8. Здание 18
D13: (наименование работ и затрат, наименование объекта)
B15: Основание: р.ч. 0503.008.0000 - ПС инв. № 313-710, 313-709
B16: Сметная стоимость _______________________________________________________________________________________________ | D16: ___________________________32,571 | F16: тыс. руб.
B17: монтажных работ _______________________________________________________________________________________________ | D17: _______________________________________________________________________________________________27,384 | F17: тыс. руб.
B18: оборудования _______________________________________________________________________________________________ | D18: _______________________________________________________________________________________________5,187 | F18: тыс. руб.
B19: Средства на оплату труда _______________________________________________________________________________________________ | D19: ___________________________4,207 | F19: тыс. руб.
B20: Сметная трудоемкость _______________________________________________________________________________________________ | D20: _______________________________________________________________________________________________248 | F20: чел.час
B21: Трудозатраты механизаторов _______________________________________________________________________________________________ | D21: _______________________________________________________________________________________________42,72 | F21: чел.час
B22: Составлен(а) в ценах по состоянию на 01.01.2000 (Редакция 2009 г.)
A25: № пп | B25: Шифр и номер позиции норматива | C25: Наименование работ и затрат, единица измерения | D25: Количество | E25: Стоимость единицы, руб. | G25: Общая стоимость, руб. | J25: Затраты труда рабочих, чел.-ч, не занятых обслуживанием машин
E26: всего | F26: эксплуата- ции машин | G26: Всего | H26: оплаты труда | I26: эксплуата- ция машин
E27: оплаты труда | F27: в т.ч. оплаты труда | I27: в т.ч. оплаты труда | J27: на единицу | K27: всего
A28: 1 | B28: 2 | C28: 3 | D28: 4 | E28: 5 | F28: 6 | G28: 7 | H28: 8 | I28: 9 | J28: 10 | K28: 11
A29: Раздел 1. Монтажные работы и оборудование
A30: Применен повышающий территориальный коэффициент к заработной плате К=1,0434
A31: Учтены индексы:
A32: К = 3,94 - индекс перехода сметной стоимости на оборудование от цен 3 кв. 2013 г. к ценам на 01.01.2000 г. (письмо Минрегиона № 13478-СД/10 от 29.07.2013 г. прил. 5)
A33: К= 5,59 - индекс перехода к стоимости материалов от цен 3 кв. 2013 г. к ценам на 01.01.2000 г. (письмо Минрегиона № 13478-СД/10 от 29.07.2013 г. прил. 1)
A34: Учтены транспортные (3%), заготовительно-складские расходы (1,2%) и расходы на материалы (2%)
A36: Пожарная сигнализация
A37: 1 | B37: г. Москва, "Альтоника" III кв. 2013 г. | C37: Объектовый прибор со встроенным передатчиком "Риф Стринг RS-202 ТР 8" Цена: 9919,00/1,18/3,94*1,03*1,012 (компл.) | D37: 1 | E37: 2223.86 | G37: 2224
A38: 2 | B38: ТЕРм10-08-001-08 | C38: Прибор ОПС на 4 луча (1 шт.) | D38: 1 | E38: 45,14 37,04 | F38: 0.37 | G38: 45 | H38: 37 | J38: 2.4 | K38: 2.4
A39: 3 | B39: г. Москва, "Альтоника" III кв. 2013 г. | C39: Антенна АН7-433, направленная усилением +7dBd Цена: 2275,00/1,18/3,94*1,03*1,012 (шт.) | D39: 1 | E39: 510.06 | G39: 510
A40: 4 | B40: ТЕРм10-04-100-09 | C40: Антенна направленная; аппаратура настенная (1 шт.) | D40: 1 | E40: 151,45 113,1 | G40: 151 | H40: 113 | J40: 8 | K40: 8
A41: 5 | B41: г. Королев, "Болид" III кв. 2013 г. | C41: Резервированный источник питания РИП-12 испе. 06 Цена: 5174,00/1,18/3,94*1,03*1,012 (шт.) | D41: 1 | E41: 1160.02 | G41: 1160
A42: 6 | B42: г. Москва, "База электроники" III кв. 2013 г. | C42: Аккумуляторная батарея U= 12В, I=6A, емк. 26 Ач Цена: 2230,00/1,18/3,94*1,03*1,012 (шт.) | D42: 1 | E42: 499.97 | G42: 500
A43: 7 | B43: ТЕРм10-08-003-03 | C43: Блок питания и контроля (1 шт.) | D43: 1 | E43: 62,22 54,02 | F43: 0.37 | G43: 62 | H43: 54 | J43: 3.6 | K43: 3.6
A44: 8 | B44: ТЕРм10-04-066-05 прим. | C44: Оповещатель комбинированный "Маяк" (1 шт.) | D44: 1 | E44: 14,44 13,33 | G44: 14 | H44: 13 | J44: 1 | K44: 1
A45: 9 | B45: ТЕРм10-08-002-02 | C45: Извещатель ПС автоматический дымовой, фотоэлектрический, радиоизотопный, световой в нормальном исполнении (ИП 212-3СМ) (1 шт.) | D45: 24 | E45: 29,37 23,75 | F45: 0.46 | G45: 705 | H45: 570 | I45: 11 | J45: 1.68 | K45: 40.32
A46: 10 | B46: ТЕРм10-04-066-05 | C46: Извещатель пожарный ручной (ИПР 3СУ) (1 шт.) | D46: 4 | E46: 14,44 13,33 | G46: 58 | H46: 53 | J46: 1 | K46: 4
A47: 11 | B47: ТСЦ-509-8065 прим. | C47: Резисторы (шт.) | D47: 28 25+3 | E47: 9.99 | G47: 280
A48: 12 | B48: ТЕРм11-03-001-01 | C48: Резисторы (1 шт.) | D48: 28 25+3 | E48: 8,73 7,58 | G48: 244 | H48: 212 | J48: 0.52 | K48: 14.56
A49: 13 | B49: г. Новосибирск ООО "МПП "ВЭРС" III кв. 2013 г. | C49: Прибор приёмно-контрольный охранно-пожарный ВЭРС-ПК4 Цена: 2290,0:1,18:3,94*1,03*1,012 (компл.) | D49: 1 | E49: 513.42 | G49: 513
A50: 14 | B50: ТЕРм10-08-001-02 | C50: Прибор приёмно-контрольный охранно-пожарный ВЭРС-ПК4 (1 шт.) | D50: 1 | E50: 194,79 172,99 | F50: 0.46 | G50: 195 | H50: 173 | J50: 11.7 | K50: 11.7
A51: 15 | B51: ТЕРм10-06-034-12 | C51: Коробка распределительная настенная на кабеле с пластмассовой оболочкой (1 коробка) | D51: 1 | E51: 86,96 28,28 | F51: 43,15 5,54 | G51: 87 | H51: 28 | I51: 43 6 | J51: 2 | K51: 2
A52: 16 | B52: ТЕРм08-02-148-01 прим | C52: Кабель связи в проложенных трубах, блоках и коробах, масса 1 м кабеля до 1 кг (100 м кабеля) | D52: 1,8 0,01*(150+10+10+10) | E52: 808,64 175,31 | F52: 547,32 60,38 | G52: 1456 | H52: 316 | I52: 985 109 | J52: 12.4 | K52: 22.32
A53: 17 | B53: ТЕРм08-02-396-05 прим. | C53: Мини-плинтус длиной 2,1 м (100 м) | D53: 1,26 0,01*126 | E53: 1870,64 519,82 | F53: 796,97 211,76 | G53: 2357 | H53: 655 | I53: 1004 267 | J53: 37.6 | K53: 47.38
A54: 18 | B54: ТЕРм10-08-019-01 | C54: Коробка ответвительная на стене (1 шт.) | D54: 1 | E54: 7,62 7,18 | G54: 8 | H54: 7 | J54: 0.5 | K54: 0.5
A55: 19 | B55: ТЕРм08-01-087-03 | C55: Металлические конструкции (кронштейн для мачты 0,35 м) (1 т) | D55: 0,0013 0,001*1,30*1 | E55: 18494,68 879,39 | F55: 645,33 33,04 | G55: 24 | H55: 1 | I55: 1 | J55: 62.2 | K55: 0.08
A56: 20 | B56: ТЕРм08-02-407-01 | C56: Труба стальная по установленным конструкциям, по стенам с креплением скобами, диаметр до 25 мм (100 м) | D56: 0,05 0,01*5 | E56: 2558,84 425,81 | F56: 911,86 334,9 | G56: 128 | H56: 21 | I56: 46 17 | J56: 30.8 | K56: 1.54
A57: 21 | B57: ТЕРм08-02-407-04 | C57: Труба стальная по установленным конструкциям, по стенам с креплением скобами, диаметр до 80 мм (100 м) | D57: 0,1 0,01*10 | E57: 3898,16 933,2 | F57: 1643,41 571,98 | G57: 390 | H57: 93 | I57: 164 57 | J57: 67.5 | K57: 6.75
A58: Оповещение о пожаре
A59: 22 | B59: ТЕРм08-01-081-01 прим. | C59: Аппарат (кнопка, ключ управления, замок электромагнитной блокировки, звуковой сигнал, сигнальная лампа) управления и сигнализации, количество подключаемых концов до 2 ( "Люкс" "Выход") (1 шт.) | D59: 9 | E59: 30,5 15,97 | F59: 11,72 0,76 | G59: 275 | H59: 144 | I59: 105 7 | J59: 1.13 | K59: 10.17
A60: 23 | B60: ТЕРм10-04-066-05 прим. | C60: Оповещатель звуковой ("Маяк") (1 шт.) | D60: 15 | E60: 14,44 13,33 | G60: 217 | H60: 200 | J60: 1 | K60: 15
A61: 24 | B61: ТЕРм08-02-148-01 прим. | C61: Кабель связи в проложенных трубах, блоках и коробах, масса 1 м кабеля до 1 кг (100 м кабеля) | D61: 1,5 0,01*150 | E61: 808,64 175,31 | F61: 547,32 60,38 | G61: 1213 | H61: 263 | I61: 821 91 | J61: 12.4 | K61: 18.6
A62: 25 | B62: ТЕРм08-02-396-05 прим. | C62: Кабельный канал металлический по стенам и потолкам, длина 2 м (100 м) | D62: 0,8 0,01*80 | E62: 1870,64 519,82 | F62: 796,97 211,76 | G62: 1497 | H62: 416 | I62: 638 169 | J62: 37.6 | K62: 30.08
A63: 26 | B63: ТЕРм10-08-019-01 | C63: Коробка ответвительная на стене (КМ-О) (1 шт.) | D63: 16 | E63: 7,62 7,18 | G63: 122 | H63: 115 | J63: 0.5 | K63: 8
A64: Итого прямые затраты по разделу в ценах 2001г. | G64: 14435 | H64: 3484 | I64: 3818 723 | K64: 248
A65: Накладные расходы | G65: 3812
A66: Сметная прибыль | G66: 2676
A67: Итоги по разделу 1 Монтажные работы и оборудование :
A68: Итого Монтажные работы | G68: 15736 | K68: 248
A69: Итого Оборудование | G69: 5187
A70: Итого | G70: 20923 | K70: 248
A71: В том числе:
A72: Материалы | G72: 1946
A73: Машины и механизмы | G73: 3818
A74: ФОТ | G74: 4207
A75: Оборудование | G75: 5187
A76: Накладные расходы | G76: 3812
A77: Сметная прибыль | G77: 2676
A78: Итого по разделу 1 Монтажные работы и оборудование | G78: 20923 | K78: 248
A79: Раздел 2. Материалы, не учтенные ценником
A80: Пожарная сигнализация
A81: 27 | B81: г. Москва, "База электроники" III кв. 2013 г. | C81: Оповещатель комбинированный "Маяк-12-К" Цена: 416,91/1,18/5,59*1,03*1,02 (шт.) | D81: 1 | E81: 66.4 | G81: 66
A82: 28 | B82: г. Королев, "Болид" III кв. 2013 г. | C82: Извещатель пожарный дымовой "ИП 212-3СМ" Цена: 226,00/1,18/5,59*1,03*1,02 (шт.) | D82: 24 | E82: 36 | G82: 864
A83: 29 | B83: г. Москва, "База электроники" III кв. 2013 г. | C83: Извещатель пожарный ручной "ИПР 3СУ" Цена: 217,80/1,18/5,59*1,03*1,02 (шт.) | D83: 4 | E83: 34.69 | G83: 139
A84: 30 | B84: ТСЦ-503-0454 прим. | C84: Коробка телефонная распределительная марки КРТМ-В/20 (шт.) | D84: 1 | E84: 65 | G84: 65
A85: 31 | B85: г. Москва, "Тинко" III кв. 2013 г. | C85: Кабель огнестойкий КСРЭВнг-FRLS 2x0,5 Цена: 13022,00/1,18/5,59*1,03*1,02 (1000 м) | D85: 0,15 0,001*150 | E85: 2074.06 | G85: 311
A86: 32 | B86: г. Подольск, "Подольсккабель" III кв. 2013 г. | C86: Кабель ВВГнг-FRLS 3х1,5 Цена: 78340,20/1,18/5,59*1,03*1,02 (1000 м) | D86: 0,01 0,001*10 | E86: 12477.52 | G86: 125
A87: 33 | B87: г. Подольск, "Подольсккабель" III кв. 2013 г. | C87: Кабель ВВГнг-FRLS 2х1,5 Цена: 63802,60/1,18/5,59*1,03*1,02 (1000 м) | D87: 0,01 0,001*10 | E87: 10162.06 | G87: 102
A88: 34 | B88: г. Москва, "База электроники" III кв. 2013 г. | C88: Кабель радиочастотный RG-213/U (в компл. с двумя разъемами и переходником) Цена: 128,0:1,18:5,59*1,03*1,02 (м) | D88: 10 | E88: 20.39 | G88: 204
A89: 35 | B89: г. Екатеринбург, "Legrand" III кв. 2013 г. | C89: Мини-плинтус 32х12,5 мм, L=2,10 м DLPlus, код 30014 Цена: 82,32/1,18/5,59*1,03*1,02 (шт.) | D89: 60 | E89: 13.11 | G89: 787
A90: 36 | B90: г. Екатеринбург, "Legrand" III кв. 2013 г. | C90: Накладка на стык, код 33646 Цена: 19,00/1,18/5,59*1,03*1,02 (шт.) | D90: 60 | E90: 3.03 | G90: 182
A91: 37 | B91: г. Екатеринбург, "Legrand" III кв. 2013 г. | C91: Заглушка, код 31203 Цена: 24,95/1,18/5,59*1,03*1,02 (шт.) | D91: 3 | E91: 3.97 | G91: 12
A92: 38 | B92: г. Екатеринбург, "Legrand" III кв. 2013 г. | C92: Пластиковая лента для уплотнения стыка со стеной, длиной 5 м, код 30418 Цена: 1116,06/1,18/5,59*1,03*1,02 (шт.) | D92: 26 | E92: 177.76 | G92: 4622
A93: 39 | B93: ТСЦ-503-0453 | C93: Коробка универсальная марки УК-П (шт.) | D93: 10 | E93: 6.79 | G93: 68
A94: 40 | B94: ТСЦ-103-0128 прим. | C94: Трубы стальные электросварные прямошовные со снятой фаской из стали марок БСт2кп-БСт4кп и БСт2пс-БСт4пс наружный диаметр 15 мм (м) | D94: 5 | E94: 1.24 | G94: 6
A95: 41 | B95: ТСЦ-103-0137 прим. | C95: Трубы стальные электросварные прямошовные со снятой фаской из стали марок БСт2кп-БСт4кп и БСт2пс-БСт4пс наружный диаметр 51 мм (м) | D95: 10 | E95: 4.92 | G95: 49
A96: Оповещение о пожаре
A97: 42 | B97: г. Королев, "Болид" III кв. 2013 г. | C97: Оповещатель пожарный световой "Люкс-12" "Выход", U=12В Цена: 184,00/1,18/5,59*1,03*1,02 (шт.) | D97: 9 | E97: 29.31 | G97: 264
A98: 43 | B98: г. Москва, "База электроники" III кв. 2013 г. | C98: Оповещатель комбинированный "Маяк-12-3М" Цена: 416,91/1,18/5,59*1,03*1,02 (шт.) | D98: 15 | E98: 73.57 | G98: 1104
A99: 44 | B99: г. Москва, "Спецкабель" III кв. 2013 г. | C99: Кабель КПСЭнг-FRHF 1х2х1,5 Цена: 82777,00/1,18/5,59*1,03*1,02 (1000 м) | D99: 0,15 0,001*150 | E99: 13184.18 | G99: 1978
A100: 45 | B100: г. Москва, "Электродел" III кв. 2013 г. | C100: Кабельный канал металлический оцинкованный ККМО 15х15, длиной 2м Цена: 50,00/1,18/5,59*1,03*1,02 (шт.) | D100: 40 | E100: 7.96 | G100: 318
A101: 46 | B101: г. Санкт-Петербург, "ЭТМ" III кв. 2013 г. | C101: Коробка монтажная огнестойкая КМ-О(4к) Цена: 150,00/1,18/5,59*1,03*1,02 (шт.) | D101: 16 | E101: 23.89 | G101: 382
A102: Итого прямые затраты по разделу в ценах 2001г. | G102: 11648
A103: Итоги по разделу 2 Материалы, не учтенные ценником :
A104: Материалы для монтажных работ | G104: 11648
A105: Итого | G105: 11648
A106: В том числе:
A107: Материалы | G107: 11648
A108: Итого по разделу 2 Материалы, не учтенные ценником | G108: 11648
...

Sheet 19-4-449
A1: СОГЛАСОВАНО: | I1: УТВЕРЖДАЮ:
A4: ______________ | I4: ____________
A5: " _____ " ________________ 2012 г. | I5: "______ " _______________2012 г.
D6: г. Лесной Свердловской области. ФГУП "Комбинат "Электрохимприбор"
D7: (наименование стройки)
D9: ЛОКАЛЬНЫЙ СМЕТНЫЙ РАСЧЕТ № 313-2361/19-4-449
D10: (локальная смета)
A12: на | B12: Пожарную сигнализацию и оповещение о пожаре, Площадка 8. Здание 400А
D13: (наименование работ и затрат, наименование объекта)
B15: Основание: р.ч. 0503.008.0000 - ПС инв. № 313-718, 313-717
B16: Сметная стоимость _______________________________________________________________________________________________ | D16: ___________________________155,704 | F16: тыс. руб.
B17: монтажных работ _______________________________________________________________________________________________ | D17: _______________________________________________________________________________________________150,051 | F17: тыс. руб.
B18: оборудования _______________________________________________________________________________________________ | D18: _______________________________________________________________________________________________5,653 | F18: тыс. руб.
B19: Средства на оплату труда _______________________________________________________________________________________________ | D19: ___________________________15,048 | F19: тыс. руб.
B20: Сметная трудоемкость _______________________________________________________________________________________________ | D20: _______________________________________________________________________________________________1014,74 | F20: чел.час
B21: Трудозатраты механизаторов _______________________________________________________________________________________________ | D21: _______________________________________________________________________________________________49,27 | F21: чел.час
B22: Составлен(а) в ценах по состоянию на 01.01.2000г. (редакция 2009г.)
A25: № пп | B25: Шифр и номер позиции норматива | C25: Наименование работ и затрат, единица измерения | D25: Количество | E25: Стоимость единицы, руб. | G25: Общая стоимость, руб. | J25: Затраты труда рабочих, чел.-ч, не занятых обслуживанием машин
E26: всего | F26: эксплуата- ции машин | G26: Всего | H26: оплаты труда | I26: эксплуата- ция машин
E27: оплаты труда | F27: в т.ч. оплаты труда | I27: в т.ч. оплаты труда | J27: на единицу | K27: всего
A28: 1 | B28: 2 | C28: 3 | D28: 4 | E28: 5 | F28: 6 | G28: 7 | H28: 8 | I28: 9 | J28: 10 | K28: 11
A29: Раздел 1. Монтажные работы и оборудование
A30: Применен повышающий территориальный коэффициент к заработной плате К=1,0434
A31: Учтены индексы:
A32: К = 3,94 - индекс перехода сметной стоимости на оборудование от цен 3 кв. 2013 г. к ценам на 01.01.2000 г. (письмо Минрегиона № 13478-СД/10 от 29.07.2013 г. прил. 5)
A33: К= 5,59 - индекс перехода к стоимости материалов от цен 3 кв. 2013 г. к ценам на 01.01.2000 г. (письмо Минрегиона № 13478-СД/10 от 29.07.2013 г. прил. 1)
A34: Учтены транспортные (3%), заготовительно-складские расходы (1,2%) и расходы на материалы (2%)
A36: Пожарная сигнализация
A37: 1 | B37: г. Москва, "Альтоника" III кв. 2013 г. | C37: Объектовый прибор со встроенным передатчиком "Риф Стринг RS-202 ТР 8" Цена: 9919,0:1,18:3,94*1,03*1,012 (компл.) | D37: 1 | E37: 2223.86 | G37: 2224
A38: 2 | B38: ТЕРм10-08-001-08 | C38: Прибор ОПС на 4 луча (1 шт.) | D38: 1 | E38: 45,14 37,04 | F38: 0.37 | G38: 45 | H38: 37 | J38: 2.4 | K38: 2.4
A39: 3 | B39: г. Москва, "Альтоника" III кв. 2013 г. | C39: Антенна АН7-433, направленная усилением +7dBd Цена: 2275,0:1,18:3,94*1,03*1,012 (шт.) | D39: 1 | E39: 510.06 | G39: 510
A40: 4 | B40: ТЕРм10-04-100-09 | C40: Антенна направленная; аппаратура настенная (1 шт.) | D40: 1 | E40: 151,45 113,1 | G40: 151 | H40: 113 | J40: 8 | K40: 8
A41: 5 | B41: г. Королев, "Болид" III кв. 2013 г. | C41: Резервированный источник питания РИП-12 исп. 06 Цена: 5174,0:1,18:3,94*1,03*1,012 (шт.) | D41: 1 | E41: 1160.02 | G41: 1160
A42: 6 | B42: г. Москва, "База электроники" III кв. 2013 г. | C42: Аккумуляторная батарея U= 12В, I=6A, емк. 26 Ач Цена: 2230,0:1,18:3,94*1,03*1,012 (шт.) | D42: 1 | E42: 499.97 | G42: 500
A43: 7 | B43: ТЕРм10-08-003-03 | C43: Блок питания и контроля (1 шт.) | D43: 1 | E43: 62,22 54,02 | F43: 0.37 | G43: 62 | H43: 54 | J43: 3.6 | K43: 3.6
A44: 8 | B44: ТЕРм10-04-066-05 прим. | C44: Оповещатель комбинированный "Маяк" (1 шт.) | D44: 1 | E44: 14,44 13,33 | G44: 14 | H44: 13 | J44: 1 | K44: 1
A45: 9 | B45: ТЕРм10-08-002-02 | C45: Извещатель ПС автоматический дымовой, фотоэлектрический, радиоизотопный, световой в нормальном исполнении (ИП 212-3СМ) (1 шт.) | D45: 42 | E45: 29,37 23,75 | F45: 0.46 | G45: 1234 | H45: 998 | I45: 19 | J45: 1.68 | K45: 70.56
A46: 10 | B46: ТЕРм10-04-066-05 | C46: Извещатель пожарный ручной (ИПР 3СУ) (1 шт.) | D46: 3 | E46: 14,44 13,33 | G46: 43 | H46: 40 | J46: 1 | K46: 3
A47: 11 | B47: г. Москва, "Сигналспецавтоматика" III кв. 2013 г. | C47: Устройство контроля шлейфов УШК-02 Цена: 113,52:1,18:3,94*1,03*1,012 (шт.) | D47: 1 | E47: 25.45 | G47: 25
A48: 12 | B48: ТЕРм10-08-001-12 | C48: Устройства промежуточные на количество лучей 2 (1 шт.) | D48: 1 | E48: 131,28 121,79 | F48: 0.37 | G48: 131 | H48: 122 | J48: 8 | K48: 8
A49: 13 | B49: ТСЦ-509-8065 прим. | C49: Резисторы (шт.) | D49: 53 8+3+42 | E49: 9.99 | G49: 529
A50: 14 | B50: ТЕРм11-03-001-01 прим. | C50: Резисторы (в том числе из комплекта "Сигнал-20М") (1 шт.) | D50: 73 8+20+3+42 | E50: 8,73 7,58 | G50: 637 | H50: 553 | J50: 0.52 | K50: 37.96
A51: 15 | B51: г. Королев, "Болид" III кв. 2013 г. | C51: Прибор приемно-контрольный охранно-пожарный "Сигнал-20М" (в комплекте 20 резисторов). Цена: 3145,31:1,18:3,94*1,03*1,012 (компл.) | D51: 1 | E51: 705.18 | G51: 705
A52: 16 | B52: ТЕРм10-08-001-02 | C52: Прибор приемно-контрольный охранно-пожарный "Сигнал -20М" (1 шт.) | D52: 1 | E52: 194,79 172,99 | F52: 0.46 | G52: 195 | H52: 173 | J52: 11.7 | K52: 11.7
A53: 17 | B53: ТЕРм10-06-034-12 | C53: Коробка распределительная настенная на кабеле с пластмассовой оболочкой (1 коробка) | D53: 1 | E53: 86,96 28,28 | F53: 43,15 5,54 | G53: 87 | H53: 28 | I53: 43 6 | J53: 2 | K53: 2
A54: 18 | B54: ТЕРм08-02-148-01 прим | C54: Кабель связи в проложенных трубах, блоках и коробах, масса 1 м кабеля до 1 кг (100 м кабеля) | D54: 10,05 0,01*(950+10+25+10+10) | E54: 808,64 175,31 | F54: 547,32 60,38 | G54: 8127 | H54: 1762 | I54: 5501 607 | J54: 12.4 | K54: 124.62
A55: 19 | B55: ТЕРм10-08-019-01 | C55: Коробка ответвительная на стене (1 шт.) | D55: 10 | E55: 7,62 7,18 | G55: 76 | H55: 72 | J55: 0.5 | K55: 5
A56: 20 | B56: ТЕРм08-01-087-03 | C56: Металлические конструкции (кронштейн для мачты 0,35 м) (1 т) | D56: 0,0013 0,001*1,30*1 | E56: 18494,68 879,39 | F56: 645,33 33,04 | G56: 24 | H56: 1 | I56: 1 | J56: 62.2 | K56: 0.08
A57: 21 | B57: ТЕРм08-02-407-03 | C57: Труба стальная по установленным конструкциям, по стенам с креплением скобами, диаметр до 50 мм (100 м) | D57: 0,05 0,01*5 | E57: 3597,85 655,31 | F57: 1394,79 519,12 | G57: 180 | H57: 33 | I57: 70 26 | J57: 47.4 | K57: 2.37
A58: 22 | B58: ТЕРм08-02-152-14 | C58: Конструкция из профильной стали для крепления закладных подвесок, масса до 2 кг (К107) (100 шт.) | D58: 0,75 0,01*75 | E58: 1992,28 254,49 | F58: 225,75 10,44 | G58: 1494 | H58: 191 | I58: 169 8 | J58: 18 | K58: 13.5
A59: Стоимость подъемника телескопического ТЕМП-10 для обслуживания извещателей, расположенных на перекрытии выше 6м, учитывается эксплуатацией
A60: 23 | B60: ТЕРм08-02-411-01 прим. | C60: Рукав металлический наружным диаметром до 48 мм (100 м) | D60: 9,5 0,01*950 | E60: 3967,54 479,73 | F60: 240,39 4,17 | G60: 37692 | H60: 4557 | I60: 2284 40 | J60: 34.7 | K60: 329.65
A61: Оповещение о пожаре
A62: 24 | B62: ТЕРм08-01-081-01 прим. | C62: Аппарат (кнопка, ключ управления, замок электромагнитной блокировки, звуковой сигнал, сигнальная лампа) управления и сигнализации, количество подключаемых концов до 2 ( "Люкс" "Выход") (1 шт.) | D62: 5 | E62: 30,5 15,97 | F62: 11,72 0,76 | G62: 153 | H62: 80 | I62: 59 4 | J62: 1.13 | K62: 5.65
A63: 25 | B63: ТЕРм10-04-066-05 прим. | C63: Оповещатель звуковой ("Маяк") (1 шт.) | D63: 15 | E63: 14,44 13,33 | G63: 217 | H63: 200 | J63: 1 | K63: 15
A64: 26 | B64: ТЕРм08-02-148-01 прим. | C64: Кабель связи в проложенных трубах, блоках и коробах, масса 1 м кабеля до 1 кг (100 м кабеля) | D64: 2,5 0,01*250 | E64: 808,64 175,31 | F64: 547,32 60,38 | G64: 2022 | H64: 438 | I64: 1368 151 | J64: 12.4 | K64: 31
A65: 27 | B65: ТЕРм10-08-019-01 | C65: Коробка ответвительная на стене (КМ-О) (1 шт.) | D65: 20 | E65: 7,62 7,18 | G65: 152 | H65: 144 | J65: 0.5 | K65: 10
A66: 28 | B66: ТЕРм08-02-411-01 прим. | C66: Рукав металлический наружным диаметром до 48 мм (100 м) | D66: 9,5 0,01*950 | E66: 3967,54 479,73 | F66: 240,39 4,17 | G66: 37692 | H66: 4557 | I66: 2284 40 | J66: 34.7 | K66: 329.65
A67: Итого прямые затраты по разделу в ценах 2001г. | G67: 96081 | H67: 14166 | I67: 11798 882 | K67: 1014.74
A68: Накладные расходы | G68: 13963
A69: Сметная прибыль | G69: 9674
A70: Итоги по разделу 1 Монтажные работы и оборудование :
A71: Итого Монтажные работы | G71: 114065 | K71: 1014.74
A72: Итого Оборудование | G72: 5653
A73: Итого | G73: 119718 | K73: 1014.74
A74: В том числе:
A75: Материалы | G75: 64464
A76: Машины и механизмы | G76: 11798
A77: ФОТ | G77: 15048
A78: Оборудование | G78: 5653
A79: Накладные расходы | G79: 13963
A80: Сметная прибыль | G80: 9674
A81: Итого по разделу 1 Монтажные работы и оборудование | G81: 119718 | K81: 1014.74
A82: Раздел 2. Материалы, не учтенные ценником
A83: Пожарная сигнализация
A84: 29 | B84: г. Москва, "База электроники" III кв. 2013 г. | C84: Оповещатель комбинированный "Маяк-12-К" Цена: 416,91:1,18:5,59*1,03*1,02 (шт.) | D84: 1 | E84: 66.4 | G84: 66
A85: 30 | B85: г. Королев, "Болид" III кв. 2013 г. | C85: Извещатель пожарный дымовой "ИП 212-3СМ" Цена: 226,00:1,18:5,59*1,03*1,02 (шт.) | D85: 42 | E85: 36 | G85: 1512
A86: 31 | B86: г. Москва, "База электроники" III кв. 2013 г. | C86: Извещатель пожарный ручной "ИПР 3СУ" Цена: 217,80:1,18:5,59*1,03*1,02 (шт.) | D86: 3 | E86: 34.69 | G86: 104
A87: 32 | B87: ТСЦ-503-0454 прим. | C87: Коробка телефонная распределительная марки КРТМ-В/20 (шт.) | D87: 1 | E87: 65 | G87: 65
A88: 33 | B88: г. Москва, "Тинко" III кв. 2013 г. | C88: Кабель огнестойкий КСРЭВнг-FRLS 2x0,5 Цена: 13022,00:1,18:5,59*1,03*1,02 (1000 м) | D88: 0,95 0,001*950 | E88: 2074.06 | G88: 1970
A89: 34 | B89: г. Москва, "Тинко" III кв. 2013 г. | C89: Кабель телефонный ТПВнг 20x2х0,5 Цена: 39981,0:1,18:5,59*1,03*1,02 (1000 м) | D89: 0,01 0,001*10 | E89: 6367.91 | G89: 64
A90: 35 | B90: г. Москва, "База электроники" III кв. 2013 г. | C90: Кабель радиочастотный РК 50-11-11 Цена: 99,43:1,18:5,59*1,03*1,02 (м) | D90: 25 | E90: 15.84 | G90: 396
A91: 36 | B91: г. Подольск, "Подольсккабель" III кв. 2013 г. | C91: Кабель ВВГнг-FRLS 2х1,5 Цена: 63802,6:1,18:5,59*1,03*1,02 (1000 м) | D91: 0,01 0,001*10 | E91: 10162.06 | G91: 102
A92: 37 | B92: г. Подольск, "Подольсккабель" III кв. 2013 г. | C92: Кабель ВВГнг-FRLS 3х1,5 Цена: 78340,20:1,18:5,59*1,03*1,02 (1000 м) | D92: 0,01 0,001*10 | E92: 12477.52 | G92: 125
A93: 38 | B93: ТСЦ-103-0133 прим. | C93: Трубы стальные электросварные прямошовные со снятой фаской из стали марок БСт2кп-БСт4кп и БСт2пс-БСт4пс наружный диаметр 40 мм, толщина стенки 1,6 мм (м) | D93: 5 | E93: 3.15 | G93: 16
A94: 39 | B94: ТСЦ-509-0161 прим. | C94: Полоса монтажная (К107) (м) | D94: 150 2*75 | E94: 18.84 | G94: 2826
A95: 40 | B95: г. Казань ООО "Спецприбор" III кв. 2013 г. | C95: Металлополимерный рукав, диам. 8 мм Цена:80:1,18:5,59*1,03*1,02 (м) | D95: 950 | E95: 12.74 | G95: 12103
A96: Оповещение о пожаре
A97: 41 | B97: г. Королев, "Болид" III кв. 2013 г. | C97: Оповещатель пожарный световой "Люкс-12" "Выход", U=12В Цена: 184,00:1,18:5,59*1,03*1,02 (шт.) | D97: 5 | E97: 29.31 | G97: 147
A98: 42 | B98: г. Москва, "База электроники" III кв. 2013 г. | C98: Оповещатель комбинированный "Маяк-12-3М" Цена: 416,91:1,18:5,59*1,03*1,02 (шт.) | D98: 15 | E98: 73.57 | G98: 1104
A99: 43 | B99: г. Москва, "Спецкабель" III кв. 2013 г. | C99: Кабель КСРЭПнг-FRHF 1х2х1,38 Цена: 70455:1,18:5,59*1,03*1,02 (1000 м) | D99: 0,25 0,001*250 | E99: 11221.62 | G99: 2805
A100: 44 | B100: г. Санкт-Петербург, "ЭТМ" III кв. 2013 г. | C100: Коробка монтажная огнестойкая КМ-О(6к) Цена: 150,00:1,18:5,59*1,03*1,02 (шт.) | D100: 20 | E100: 23.89 | G100: 478
A101: 45 | B101: г. Казань ООО "Спецприбор" III кв. 2013 г. | C101: Металлополимерный рукав, диам. 8 мм Цена:80:1,18:5,59*1,03*1,02 (м) | D101: 950 | E101: 12.74 | G101: 12103
A102: Итого прямые затраты по разделу в ценах 2001г. | G102: 35986
A103: Итоги по разделу 2 Материалы, не учтенные ценником :
A104: Материалы для монтажных работ | G104: 35986
A105: Итого | G105: 35986
A106: В том числе:
A107: Материалы | G107: 35986
A108: Итого по разделу 2 Материалы, не учтенные ценником | G108: 35986
...

Sheet 19-4-224
A1: СОГЛАСОВАНО: | I1: УТВЕРЖДАЮ:
A4: ______________ | I4: ____________
A5: " _____ " ________________ 2012 г. | I5: "______ " _______________2012 г.
D6: г. Лесной Свердловской области. ФГУП "Комбинат "Электрохимприбор"
D7: (наименование стройки)
D9: ЛОКАЛЬНЫЙ СМЕТНЫЙ РАСЧЕТ № 313-2472/19-4-224
D10: (локальная смета)
A12: на | B12: Пожарную сигнализацию и оповещение о пожаре, Площадка 14. База снабжения отдела 071. Здание 367
D13: (наименование работ и затрат, наименование объекта)
B15: Основание: р.ч. 0503.014.0367 - ПС, инв. № 313-772, 313-771
B16: Сметная стоимость _______________________________________________________________________________________________ | D16: ___________________________100,881 | F16: тыс. руб.
B17: монтажных работ _______________________________________________________________________________________________ | D17: _______________________________________________________________________________________________93,743 | F17: тыс. руб.
B18: оборудования _______________________________________________________________________________________________ | D18: _______________________________________________________________________________________________7,138 | F18: тыс. руб.
B19: Средства на оплату труда _______________________________________________________________________________________________ | D19: ___________________________13,308 | F19: тыс. руб.
B20: Сметная трудоемкость _______________________________________________________________________________________________ | D20: _______________________________________________________________________________________________805,7 | F20: чел.час
B21: Трудозатраты механизаторов _______________________________________________________________________________________________ | D21: _______________________________________________________________________________________________117,38 | F21: чел.час
B22: Составлен(а) в ценах по состоянию на 01.01.2000 г. (Редакция 2009 г.)
A25: № пп | B25: Шифр и номер позиции норматива | C25: Наименование работ и затрат, единица измерения | D25: Количество | E25: Стоимость единицы, руб. | G25: Общая стоимость, руб. | J25: Затраты труда рабочих, чел.-ч, не занятых обслуживанием машин
E26: всего | F26: эксплуата- ции машин | G26: Всего | H26: оплаты труда | I26: эксплуата- ция машин
E27: оплаты труда | F27: в т.ч. оплаты труда | I27: в т.ч. оплаты труда | J27: на единицу | K27: всего
A28: 1 | B28: 2 | C28: 3 | D28: 4 | E28: 5 | F28: 6 | G28: 7 | H28: 8 | I28: 9 | J28: 10 | K28: 11
A29: Раздел 1. Монтажные работы и оборудование
A30: Применен повышающий территориальный коэффициент к заработной плате К=1,0434
A31: Учтены индексы:
A32: К = 3,94 - индекс перехода сметной стоимости на оборудование от цен 3 кв. 2013 г. к ценам на 01.01.2000 г. (письмо Минрегиона № 13478-СД/10 от 29.07.2013 г. прил. 5)
A33: К= 5,59 - индекс перехода к стоимости материалов от цен 3 кв. 2013 г. к ценам на 01.01.2000 г. (письмо Минрегиона № 13478-СД/10 от 29.07.2013 г. прил. 1)
A34: Учтены транспортные (3%), заготовительно-складские расходы (1,2%) и расходы на оборудование (2%)
A36: Пожарная сигнализация
A37: 1 | B37: г. Королев ЗАО НВП "Болид" III кв. 2013 г. | C37: Преобразователь протокола С2000-ПП Цена: 567,58:1,18:3,94*1,03*1,012 (шт.) | D37: 1 | E37: 127.25 | G37: 127
A38: 2 | B38: ТЕРм11-04-008-01 | C38: Съемные и выдвижные блоки (модули, ячейки, ТЭЗ), масса до 5 кг (1 шт.) | D38: 1 | E38: 14,42 13,08 | F38: 1.09 | G38: 14 | H38: 13 | I38: 1 | J38: 1.03 | K38: 1.03
A39: 3 | B39: г. Королев ЗАО НВП "Болид" III кв. 2013 г. | C39: Пульт контроля и управления С2000 М Цена: 5930,0:1,18:3,94*1,03*1,012 (шт.) | D39: 1 | E39: 1329.52 | G39: 1330
A40: 4 | B40: ТЕРм10-08-001-01 | C40: Приборы ПС приемно-контрольные, пусковые, концентратор блок базовый на 10 лучей (1 шт.) | D40: 1 | E40: 121,95 106,45 | F40: 0.46 | G40: 122 | H40: 106 | J40: 7.2 | K40: 7.2
A41: 5 | B41: г. Королев ЗАО НВП "Болид" III кв. 2013 г. | C41: Блок индикации С2000-БКИ Цена: 3645,0:1,18:3,94*1,03*1,012 (шт.) | D41: 1 | E41: 817.22 | G41: 817
A42: 6 | B42: ТЕРм10-08-001-08 | C42: Прибор ОПС на 4 луча (1 шт.) | D42: 1 | E42: 45,14 37,04 | F42: 0.37 | G42: 45 | H42: 37 | J42: 2.4 | K42: 2.4
A43: 7 | B43: г. Королев ЗАО НВП "Болид" III кв. 2013 г. | C43: Контроллер двухпроводной линии связи С2000-КДЛ Цена: 1971,2:1,18:3,94*1,03*1,012 (шт.) | D43: 1 | E43: 441.95 | G43: 442
A44: 8 | B44: ТЕРм11-03-001-02 | C44: Приборы, устанавливаемые на металлоконструкциях, щитах и пультах, масса до 10 кг (1 шт.) | D44: 1 | E44: 17,55 15,01 | G44: 18 | H44: 15 | J44: 1.03 | K44: 1.03
A45: 9 | B45: г. Москва, "База электроники" III кв. 2013 г. | C45: Блок разветвительно-изолирующий "БРИЗ" Цена: 320,61:1,18:3,94*1,03*1,012 (шт.) | D45: 4 | E45: 71.88 | G45: 288
A46: 10 | B46: ТЕРм10-08-001-05 прим | C46: Приборы ПС на 1 луч (1 шт.) | D46: 4 | E46: 33,62 25,85 | F46: 0.37 | G46: 134 | H46: 103 | I46: 1 | J46: 1.8 | K46: 7.2
A47: 11 | B47: г. Королев, "Болид" III кв. 2013 г. | C47: Резервированный источник питания РИП-12 исп. 06 Цена: 2464,0:1,18:3,94*1,03*1,012 (шт.) | D47: 1 | E47: 552.43 | G47: 552
A48: 12 | B48: г. Москва, "База электроники" III кв. 2013 г. | C48: Аккумуляторная батарея U= 12В, I=6A, емк. 26 Ач Цена: 400:1,18:3,94*1,03*1,012 (шт.) | D48: 1 | E48: 89.68 | G48: 90
A49: 13 | B49: ТЕРм10-08-003-03 | C49: Блок питания и контроля (1 шт.) | D49: 1 | E49: 62,22 54,02 | F49: 0.37 | G49: 62 | H49: 54 | J49: 3.6 | K49: 3.6
A50: 14 | B50: г. Москва, "Альтоника" III кв. 2013 г. | C50: Объектовый прибор со встроенным передатчиком "Риф Стринг RS-202 ТD-RR" Цена: 4170:1,18:3,94*1,03*1,012 (компл.) | D50: 1 | E50: 934.92 | G50: 935
A51: 15 | B51: ТЕРм10-08-001-08 | C51: Прибор ОПС на 4 луча (1 шт.) | D51: 1 | E51: 45,14 37,04 | F51: 0.37 | G51: 45 | H51: 37 | J51: 2.4 | K51: 2.4
A52: 16 | B52: г. Москва, "Альтоника" III кв. 2013 г. | C52: Антенна АН7-433, направленная усилением +7dBd Цена: 1470,0:1,18:3,94*1,03*1,012 (шт.) | D52: 1 | E52: 329.58 | G52: 330
A53: 17 | B53: ТЕРм10-04-100-09 | C53: Антенна направленная; аппаратура настенная (1 шт.) | D53: 1 | E53: 151,45 113,1 | G53: 151 | H53: 113 | J53: 8 | K53: 8
A54: 18 | B54: ТЕРм11-04-020-01 | C54: Разъемы штепсельные с разделкой и включением экранированного кабеля, сечение жилы до 1 мм2, количество подключаемых жил 14 шт. (1 шт.) | D54: 2 1+1 | E54: 35,04 28,48 | G54: 70 | H54: 57 | J54: 2.06 | K54: 4.12
A55: 19 | B55: ТЕРм08-01-061-01 прим. | C55: Грозоразрядник (1 шт.) | D55: 1 | E55: 38,29 15,97 | F55: 7,28 0,55 | G55: 38 | H55: 16 | I55: 7 1 | J55: 1.13 | K55: 1.13
A56: 20 | B56: г. Королев, "Болид" III кв. 2013 г. | C56: Резервированный источник питания РИП-24 исп. 02 Цена: 3207,0:1,18:3,94*1,03*1,012 (шт.) | D56: 1 | E56: 719.02 | G56: 719
A57: 21 | B57: г. Москва, "База электроники" III кв. 2013 г. | C57: Аккумуляторная батарея U= 12В, I=2A, емк. 7 Ач Цена: 1180:1,18:3,94*1,03*1,012 (шт.) | D57: 1 | E57: 264.56 | G57: 265
A58: 22 | B58: ТЕРм10-08-003-03 | C58: Блок питания и контроля (1 шт.) | D58: 1 | E58: 62,22 54,02 | F58: 0.37 | G58: 62 | H58: 54 | J58: 3.6 | K58: 3.6
A59: 23 | B59: ТЕРм10-08-002-02 | C59: Извещатель ПС автоматический дымовой, фотоэлектрический, радиоизотопный, световой в нормальном исполнении (ИП 212-34А) (1 шт.) | D59: 56 | E59: 29,37 23,75 | F59: 0.46 | G59: 1645 | H59: 1330 | I59: 26 | J59: 1.68 | K59: 94.08
A60: 24 | B60: ТЕРм10-04-066-05 | C60: Извещатель пожарный ручной (ИПР 513-3АМ) (1 шт.) | D60: 9 | E60: 14,44 13,33 | G60: 130 | H60: 120 | J60: 1 | K60: 9
A61: 25 | B61: ТЕРм08-02-148-01 прим | C61: Кабель связи в проложенных трубах, блоках и коробах, масса 1 м кабеля до 1 кг (100 м кабеля) | D61: 10,8 0,01*(950+80+15+15+20) | E61: 808,64 175,31 | F61: 547,32 60,38 | G61: 8733 | H61: 1893 | I61: 5911 652 | J61: 12.4 | K61: 133.92
A62: 26 | B62: ТЕРм10-04-100-01 прим. | C62: Шкаф серии ATLANTIC (1 шт.) | D62: 1 | E62: 187,31 183,79 | G62: 187 | H62: 184 | J62: 13 | K62: 13
A63: 27 | B63: ТЕРм10-01-001-10 | C63: Плата разного назначения с подготовкой места установки (1 шт.) | D63: 1 | E63: 102,39 80,16 | F63: 17,06 3,59 | G63: 102 | H63: 80 | I63: 17 4 | J63: 5.67 | K63: 5.67
A64: 28 | B64: ТЕРм08-02-411-01 прим. | C64: Рукав металлический наружным диаметром до 48 мм, установка резьбовых крепежных элементов, скоб (100 м) | D64: 5,5 0,01*550 | E64: 3967,54 479,73 | F64: 240,39 4,17 | G64: 21821 | H64: 2639 | I64: 1322 23 | J64: 34.7 | K64: 190.85
A65: 29 | B65: ТЕРм08-01-087-03 | C65: Металлические конструкции (кронштейн для мачты 0,35 м) (1 т) | D65: 0,0039 0,001*1,30*3 | E65: 18494,68 879,39 | F65: 645,33 33,04 | G65: 72 | H65: 3 | I65: 3 | J65: 62.2 | K65: 0.24
A66: 30 | B66: ТЕРм08-02-407-04 | C66: Труба стальная по установленным конструкциям, по стенам с креплением скобами, диаметр до 80 мм (100 м) | D66: 0,09 0,01*9 | E66: 3898,16 933,2 | F66: 1643,41 571,98 | G66: 351 | H66: 84 | I66: 148 51 | J66: 67.5 | K66: 6.08
A67: Оповещение о пожаре
A68: 31 | B68: г. Королев, "Болид" III кв. 2013 г. | C68: Блок контрольно-пусковой С2000-КПБ Цена: 2464,0:1,18:3,94*1,03*1,012 (шт.) | D68: 1 | E68: 552.43 | G68: 552
A69: 32 | B69: ТЕРм10-08-001-01 | C69: Приборы ПС приемно-контрольные, пусковые, концентратор блок базовый на 10 лучей (1 шт.) | D69: 1 | E69: 121,95 106,45 | F69: 0.46 | G69: 122 | H69: 106 | J69: 7.2 | K69: 7.2
A70: 33 | B70: г. Королев, "Болид" III кв. 2013 г. | C70: Резервированный источник питания РИП-12 исп. 04 Цена: 2464,0:1,18:3,94*1,03*1,012 (шт.) | D70: 1 | E70: 552.43 | G70: 552
A71: 34 | B71: г. Москва, "База электроники" III кв. 2013 г. | C71: Аккумуляторная батарея U=12В, емк. 4 Ач Цена: 400:1,18:3,94*1,03*1,012 (шт.) | D71: 1 | E71: 89.68 | G71: 90
A72: 35 | B72: ТЕРм10-08-003-03 | C72: Блок питания и контроля (1 шт.) | D72: 1 | E72: 62,22 54,02 | F72: 0.37 | G72: 62 | H72: 54 | J72: 3.6 | K72: 3.6
A73: 36 | B73: г. Королев, "Болид" III кв. 2013 г. | C73: Модуль подключения нагрузки МНП Цена: 36,34:1,18:3,94*1,03*1,012 (шт.) | D73: 6 | E73: 8.15 | G73: 49
A74: 37 | B74: ТЕРм11-03-001-01 | C74: Приборы, устанавливаемые на металлоконструкциях, щитах и пультах, масса до 5 кг (1 шт.) | D74: 6 | E74: 8,73 7,58 | G74: 52 | H74: 45 | J74: 0.52 | K74: 3.12
A75: 38 | B75: ТЕРм10-04-066-05 прим. | C75: Оповещатель звуковой ("EMA 1224BR") (1 шт.) | D75: 30 | E75: 14,44 13,33 | G75: 433 | H75: 400 | J75: 1 | K75: 30
A76: 39 | B76: ТЕРм08-01-081-01 прим. | C76: Аппарат (кнопка, ключ управления, замок электромагнитной блокировки, звуковой сигнал, сигнальная лампа) управления и сигнализации, количество подключаемых концов до 2 ( "Сфера Х-12" "Выход") (1 шт.) | D76: 7 | E76: 30,5 15,97 | F76: 11,72 0,76 | G76: 214 | H76: 112 | I76: 82 5 | J76: 1.13 | K76: 7.91
A77: 40 | B77: ТЕРм08-02-148-01 прим. | C77: Кабель связи в проложенных трубах, блоках и коробах, масса 1 м кабеля до 1 кг (100 м кабеля) | D77: 8,06 0,01*(800+3+3) | E77: 808,64 175,31 | F77: 547,32 60,38 | G77: 6518 | H77: 1413 | I77: 4411 487 | J77: 12.4 | K77: 99.94
A78: 41 | B78: ТЕРм08-02-396-05 прим. | C78: Кабельный канал металлический по стенам и потолкам, длина 2 м (100 м) | D78: 3,8 0,01*380 | E78: 1870,64 519,82 | F78: 796,97 211,76 | G78: 7108 | H78: 1975 | I78: 3028 805 | J78: 37.6 | K78: 142.88
A79: 42 | B79: ТЕРм10-08-019-01 | C79: Коробка ответвительная на стене (КМ-О) (1 шт.) | D79: 33 | E79: 7,62 7,18 | G79: 251 | H79: 237 | J79: 0.5 | K79: 16.5
A80: Итого прямые затраты по разделу в ценах 2001г. | G80: 55700 | H80: 11280 | I80: 14957 2028 | K80: 805.7
A81: Накладные расходы | G81: 12277
A82: Сметная прибыль | G82: 8537
A83: Итоги по разделу 1 Монтажные работы и оборудование :
A84: Итого Монтажные работы | G84: 69376 | K84: 805.7
A85: Итого Оборудование | G85: 7138
A86: Итого | G86: 76514 | K86: 805.7
A87: В том числе:
A88: Материалы | G88: 22325
A89: Машины и механизмы | G89: 14957
A90: ФОТ | G90: 13308
A91: Оборудование | G91: 7138
A92: Накладные расходы | G92: 12277
A93: Сметная прибыль | G93: 8537
A94: Итого по разделу 1 Монтажные работы и оборудование | G94: 76514 | K94: 805.7
A95: Раздел 2. Материалы, не учтенные ценником
A96: Пожарная сигнализация
A97: 43 | B97: г. С-Петербург АО "Аргус Спектр" III кв. 2013 г. | C97: Извещатель пожарный дымовой ИП 212-34А Цена: 261,0:1,18:5,59*1,03*1,02 (шт.) | D97: 56 | E97: 41.57 | G97: 2328
A98: 44 | B98: г. Обнинск з-д "Сигнал" III кв. 2013 г. | C98: Извещатель пожарный ручной ИПР 513-3АМ Цена: 495,6:1,18:5,59*1,03*1,02 (шт.) | D98: 9 | E98: 78.94 | G98: 710
A99: 45 | B99: г. Москва, "Альтоника" III кв. 2013 г. | C99: Розетка обжимная на кабеле RG-213/U Цена: 55,0:1,18:5,59*1,03*1,02 (шт.) | D99: 1 | E99: 8.76 | G99: 9
A100: 46 | B100: г. Москва, "Альтоника" III кв. 2013 г. | C100: Вилка обжимная на кабеле RG-58/U Цена: 125,0:1,18:5,59*1,03*1,02 (шт.) | D100: 1 | E100: 19.91 | G100: 20
A101: 47 | B101: г. Москва, "Альтоника" III кв. 2013 г. | C101: Грозоразрядник с газонаполнением N-712Q Цена: 1812,25:1,18:5,59*1,03*1,02 (шт.) | D101: 1 | E101: 288.64 | G101: 289
A102: 48 | B102: г. Москва, "Спецкабель" III кв. 2013 г. | C102: Кабель огнестойкий КСРЭВнг-FRLS 2x0,8 Цена: 9550,0:1,18:5,59*1,03*1,02 (1000 м) | D102: 0,95 0,001*950 | E102: 1521.06 | G102: 1445
A103: 49 | B103: г. Москва, "Спецкабель" III кв. 2013 г. | C103: Кабель огнестойкий КСРЭВнг-FRLS 4x0,8 Цена: 17065,0:1,18:5,59*1,03*1,02 (1000 м) | D103: 0,08 0,001*80 | E103: 2718 | G103: 217
A104: 50 | B104: г. Подольск, "Подольсккабель" III кв. 2013 г. | C104: Кабель ВВГнг-FRLS 2х1,5 Цена: 63802,60:1,18:5,59*1,03*1,02 (1000 м) | D104: 0,015 0,001*15 | E104: 10162.06 | G104: 152
A105: 51 | B105: г. Подольск, "Подольсккабель" III кв. 2013 г. | C105: Кабель ВВГнг-FRLS 3х1,5 Цена: 78340,20:1,18:5,59*1,03*1,02 (1000 м) | D105: 0,015 0,001*15 | E105: 12477.52 | G105: 187
A106: 52 | B106: г. Москва, "База электроники" III кв. 2013 г. | C106: Кабель радиочастотный RG-213/U (в компл. с двумя разъемами и переходником) Цена: 128,0:1,18:5,59*1,03*1,02 (м) | D106: 20 | E106: 20.39 | G106: 408
A107: 53 | B107: г. Екатеринбург Legrand III кв. 2013 г. | C107: Шкаф серии ATLANTIC (код 35493) с платой Lina25 (код 36015), рукояткой оснащенной замком (код 36806), металлич.вставкой замка (код36820), вставкой замка (код 36826), набором ключей (код36545) Цена: (8392,52+1197,41+426,10+107,10+145,14+58,27):1,18:5,59*1,03*1,02 (компл.) | D107: 1 | E107: 1644.74 | G107: 1645
A108: 54 | B108: ТСЦ-101-2161 прим. | C108: Металлополимерный рукав диам. усл. проход 10 мм (м) | D108: 550 | E108: 11.9 | G108: 6545
...

Sheet 19-4-447
A1: СОГЛАСОВАНО: | I1: УТВЕРЖДАЮ:
A4: ______________ | I4: ____________
A5: " _____ " ________________ 2012 г. | I5: "______ " _______________2012 г.
D6: г. Лесной Свердловской области. ФГУП "Комбинат "Электрохимприбор"
D7: (наименование стройки)
D9: ЛОКАЛЬНЫЙ СМЕТНЫЙ РАСЧЕТ № 313-2473/19-4-447
D10: (локальная смета)
A12: на | B12: Пожарную сигнализацию и оповещение о пожаре, Площадка 8. Здание 440
D13: (наименование работ и затрат, наименование объекта)
B15: Основание: р.ч. 0503.008.0440 - ПС инв. № 313-714, 313-713
B16: Сметная стоимость _______________________________________________________________________________________________ | D16: ___________________________49,010 | F16: тыс. руб.
B17: строительных работ _______________________________________________________________________________________________ | D17: _______________________________________________________________________________________________0,635 | F17: тыс. руб.
B18: монтажных работ _______________________________________________________________________________________________ | D18: _______________________________________________________________________________________________43,286 | F18: тыс. руб.
B19: оборудования _______________________________________________________________________________________________ | D19: _______________________________________________________________________________________________5,089 | F19: тыс. руб.
B20: Средства на оплату труда _______________________________________________________________________________________________ | D20: ___________________________5,917 | F20: тыс. руб.
B21: Сметная трудоемкость _______________________________________________________________________________________________ | D21: _______________________________________________________________________________________________347,55 | F21: чел.час
B22: Трудозатраты механизаторов _______________________________________________________________________________________________ | D22: _______________________________________________________________________________________________59,53 | F22: чел.час
B23: Составлен(а) в ценах по состоянию на 01.01.2000 г. (Редакция 2009 г.)
A26: № пп | B26: Шифр и номер позиции норматива | C26: Наименование работ и затрат, единица измерения | D26: Количество | E26: Стоимость единицы, руб. | G26: Общая стоимость, руб. | J26: Затраты труда рабочих, чел.-ч, не занятых обслуживанием машин
E27: всего | F27: эксплуата- ции машин | G27: Всего | H27: оплаты труда | I27: эксплуата- ция машин
E28: оплаты труда | F28: в т.ч. оплаты труда | I28: в т.ч. оплаты труда | J28: на единицу | K28: всего
A29: 1 | B29: 2 | C29: 3 | D29: 4 | E29: 5 | F29: 6 | G29: 7 | H29: 8 | I29: 9 | J29: 10 | K29: 11
A30: Раздел 1. Монтажные работы и оборудование
A31: Применен повышающий территориальный коэффициент к заработной плате К=1,0434
A32: Учтены индексы:
A33: К = 3,94 - индекс перехода сметной стоимости на оборудование от цен 3 кв. 2013 г. к ценам на 01.01.2000 г. (письмо Минрегиона № 13478-СД/10 от 29.07.2013 г. прил. 5)
A34: К= 5,59 - индекс перехода к стоимости материалов от цен 3 кв. 2013 г. к ценам на 01.01.2000 г. (письмо Минрегиона № 13478-СД/10 от 29.07.2013 г. прил. 1)
A35: Учтены транспортные (3%), заготовительно-складские расходы (1,2%) и расходы на материалы (2%)
A37: Пожарная сигнализация
A38: 1 | B38: г. Москва, "Альтоника" III кв. 2013 г. | C38: Объектовый прибор со встроенным передатчиком "Риф Стринг RS-202 ТР 8" Цена: 9919,00:1,18:3,94*1,03*1,012 (компл.) | D38: 1 | E38: 2223.86 | G38: 2224
A39: 2 | B39: ТЕРм10-08-001-08 | C39: Прибор ОПС на 4 луча (1 шт.) | D39: 1 | E39: 45,14 37,04 | F39: 0.37 | G39: 45 | H39: 37 | J39: 2.4 | K39: 2.4
A40: 3 | B40: г. Москва, "Альтоника" III кв. 2013 г. | C40: Антенна АН7-433, направленная усилением +7dBd Цена: 1470,00:1,18:3,94*1,03*1,012 (шт.) | D40: 1 | E40: 329.58 | G40: 330
A41: 4 | B41: ТЕРм10-04-100-09 | C41: Антенна направленная; аппаратура настенная (1 шт.) | D41: 1 | E41: 151,45 113,1 | G41: 151 | H41: 113 | J41: 8 | K41: 8
A42: 5 | B42: ТЕРм11-04-020-01 | C42: Разъемы штепсельные с разделкой и включением экранированного кабеля, сечение жилы до 1 мм2, количество подключаемых жил 14 шт. (1 шт.) | D42: 2 1+1 | E42: 35,04 28,48 | G42: 70 | H42: 57 | J42: 2.06 | K42: 4.12
A43: 6 | B43: ТЕРм08-01-061-01 прим. | C43: Грозоразрядник (1 шт.) | D43: 1 | E43: 38,29 15,97 | F43: 7,28 0,55 | G43: 38 | H43: 16 | I43: 7 1 | J43: 1.13 | K43: 1.13
A44: 7 | B44: ТЕРм10-04-066-06 прим. | C44: Оповещатель комбинированный "Маяк" (1 шт.) | D44: 1 | E44: 102,01 78,13 | G44: 102 | H44: 78 | J44: 6 | K44: 6
A45: 8 | B45: ТЕРм10-08-002-02 | C45: Извещатель ПС автоматический дымовой, фотоэлектрический, радиоизотопный, световой в нормальном исполнении (ИП 212-3СМ) (1 шт.) | D45: 22 | E45: 29,37 23,75 | F45: 0.46 | G45: 646 | H45: 523 | I45: 10 | J45: 1.68 | K45: 36.96
A46: 9 | B46: ТЕРм10-08-002-06 | C46: Конструкция для установки извещателя (1 шт.) | D46: 6 | E46: 9,05 4,95 | F46: 1.08 | G46: 54 | H46: 30 | I46: 6 | J46: 0.35 | K46: 2.1
A47: 10 | B47: ТЕРм10-04-066-05 | C47: Извещатель пожарный ручной (ИПР 3СУ) (1 шт.) | D47: 4 | E47: 14,44 13,33 | G47: 58 | H47: 53 | J47: 1 | K47: 4
A48: 11 | B48: г. Королев, "Болид" III кв. 2013 г. | C48: Прибор приемно-контрольный охранно-пожарный "Сигнал-20М" (в комплекте 20 резисторов). Цена: 3145,31:1,18:3,94*1,03*1,012 (компл.) | D48: 1 | E48: 705.18 | G48: 705
A49: 12 | B49: ТЕРм10-08-001-02 | C49: Прибор приемно-контрольный охранно-пожарный "Сигнал -20М" (1 шт.) | D49: 1 | E49: 194,79 172,99 | F49: 0.46 | G49: 195 | H49: 173 | J49: 11.7 | K49: 11.7
A50: 13 | B50: ТСЦ-509-8065 прим. | C50: Резисторы (шт.) | D50: 34 8+4+22 | E50: 9.99 | G50: 340
A51: 14 | B51: ТЕРм11-03-001-01 | C51: Резисторы (1 шт.) | D51: 54 8+4+22+20 | E51: 8,73 7,58 | G51: 471 | H51: 409 | J51: 0.52 | K51: 28.08
A52: 15 | B52: ТЕРм10-06-034-12 | C52: Коробка распределительная настенная на кабеле с пластмассовой оболочкой (КРТМ) (1 коробка) | D52: 1 | E52: 86,96 28,28 | F52: 43,15 5,54 | G52: 87 | H52: 28 | I52: 43 6 | J52: 2 | K52: 2
A53: 16 | B53: ТЕРм10-08-002-03 | C53: Извещатель ПС автоматический тепловой, дымовой, световой во взрывозащищенном исполнении (ИП 103-2/1) (1 шт.) | D53: 3 | E53: 35,7 29,18 | F53: 0.54 | G53: 107 | H53: 88 | I53: 2 | J53: 1.68 | K53: 5.04
A54: 17 | B54: г. Москва, "Сигналспецавтоматика" III кв. 2013 г. | C54: Устройство контроля шлейфов УШК-02 Цена: 113,52:1,18:3,94*1,03*1,012 (шт.) | D54: 2 | E54: 25.45 | G54: 51
A55: 18 | B55: г. Королев, "Болид" III кв. 2013 г. | C55: Резервированный источник питания РИП-12 исп. 02 Цена: 2464,0:1,18:3,94*1,03*1,012 (шт.) | D55: 1 | E55: 552.43 | G55: 552
A56: 19 | B56: г. Москва, "База электроники" III кв. 2013 г. | C56: Аккумуляторная батарея U= 12В, I=2A, емк. 7 Ач Цена: 400:1,18:3,94*1,03*1,012 (шт.) | D56: 1 | E56: 89.68 | G56: 90
A57: 20 | B57: ТЕРм10-08-003-03 | C57: Блок питания и контроля (1 шт.) | D57: 1 | E57: 62,22 54,02 | F57: 0.37 | G57: 62 | H57: 54 | J57: 3.6 | K57: 3.6
A58: 21 | B58: г. Королев, "Болид" III кв. 2013 г. | C58: Прибор приемно-контрольный охранно-пожарный Яхонт-1И-01. Цена: 3422,0:1,18:3,94*1,03*1,012 (компл.) | D58: 1 | E58: 767.22 | G58: 767
A59: 22 | B59: ТЕРм10-08-001-02 | C59: Прибор приемно-контрольный охранно-пожарный "Яхонт-1И-01" (1 шт.) | D59: 1 | E59: 194,79 172,99 | F59: 0.46 | G59: 195 | H59: 173 | J59: 11.7 | K59: 11.7
A60: 23 | B60: ТСЦ-509-8065 прим. | C60: Резисторы (шт.) | D60: 3 1+1+1 | E60: 9.99 | G60: 30
A61: 24 | B61: ТЕРм11-03-001-01 | C61: Резисторы (1 шт.) | D61: 3 1+1+1 | E61: 8,73 7,58 | G61: 26 | H61: 23 | J61: 0.52 | K61: 1.56
A62: 25 | B62: ТЕРм08-02-148-01 прим | C62: Кабель связи в проложенных трубах, блоках и коробах, масса 1 м кабеля до 1 кг (100 м кабеля) | D62: 3 0,01*(250+5+25+10+10) | E62: 808,64 175,31 | F62: 547,32 60,38 | G62: 2426 | H62: 526 | I62: 1642 181 | J62: 12.4 | K62: 37.2
A63: 26 | B63: ТЕРм10-08-019-01 прим. | C63: Коробка соединительно-разветвительная на стене (КСРВ) (1 шт.) | D63: 1 | E63: 7,62 7,18 | G63: 8 | H63: 7 | J63: 0.5 | K63: 0.5
A64: 27 | B64: ТЕРм10-08-019-01 | C64: Коробка ответвительная на стене (УК-П) (1 шт.) | D64: 8 | E64: 7,62 7,18 | G64: 61 | H64: 57 | J64: 0.5 | K64: 4
A65: 28 | B65: ТЕРм08-01-087-03 | C65: Металлические конструкции (кронштейн для мачты 0,35 м) (1 т) | D65: 0,0026 0,001*1,30*2 | E65: 18494,68 879,39 | F65: 645,33 33,04 | G65: 48 | H65: 2 | I65: 2 | J65: 62.2 | K65: 0.16
A66: 29 | B66: ТЕРм08-02-407-04 | C66: Труба стальная по установленным конструкциям, по стенам с креплением скобами, диаметр до 80 мм (100 м) | D66: 0,05 0,01*5 | E66: 3898,16 933,2 | F66: 1643,41 571,98 | G66: 195 | H66: 47 | I66: 82 29 | J66: 67.5 | K66: 3.38
A67: 30 | B67: ТЕРм08-02-396-05 прим. | C67: Мини-плинтус длиной 2,1 м (100 м) | D67: 2,1 0,01*210 | E67: 1870,64 519,82 | F67: 796,97 211,76 | G67: 3928 | H67: 1092 | I67: 1674 445 | J67: 37.6 | K67: 78.96
A68: 31 | B68: ТЕРм08-02-411-01 прим. | C68: Рукав металлический наружным диаметром до 48 мм в комплекте с муфтами и скобами (100 м) | D68: 0,2 0,01*20 | E68: 3967,54 479,73 | F68: 240,39 4,17 | G68: 794 | H68: 96 | I68: 48 1 | J68: 34.7 | K68: 6.94
A69: 32 | B69: ТЕРм08-02-409-01 | C69: Труба винипластовая по установленным конструкциям, по стенам и колоннам с креплением скобами, диаметр до 25 мм (100 м) | D69: 0,3 0,01*30 | E69: 2459,69 329,04 | F69: 622,38 259,63 | G69: 738 | H69: 99 | I69: 187 78 | J69: 23.8 | K69: 7.14
A70: Оповещение о пожаре
A71: 33 | B71: ТЕРм10-04-066-05 прим. | C71: Оповещатель звуковой ("ЕхОППЗ-2В") (1 шт.) | D71: 2 | E71: 14,44 13,33 | G71: 29 | H71: 27 | J71: 1 | K71: 2
A72: 34 | B72: ТЕРм10-08-002-03 | C72: Извещатель ПС автоматический тепловой, дымовой, световой во взрывозащищенном исполнении (1 шт.) | D72: 2 | E72: 35,7 29,18 | F72: 0.54 | G72: 71 | H72: 58 | I72: 1 | J72: 1.68 | K72: 3.36
A73: 35 | B73: ТЕРм08-01-081-01 прим. | C73: Аппарат (кнопка, ключ управления, замок электромагнитной блокировки, звуковой сигнал, сигнальная лампа) управления и сигнализации, количество подключаемых концов до 2 ( "Люкс" "Выход") (1 шт.) | D73: 3 | E73: 30,5 15,97 | F73: 11,72 0,76 | G73: 92 | H73: 48 | I73: 35 2 | J73: 1.13 | K73: 3.39
A74: 36 | B74: ТЕРм10-04-066-05 прим. | C74: Оповещатель звуковой ("Маяк") (1 шт.) | D74: 8 | E74: 14,44 13,33 | G74: 116 | H74: 107 | J74: 1 | K74: 8
A75: 37 | B75: ТЕРм08-02-148-01 прим. | C75: Кабель связи в проложенных трубах, блоках и коробах, масса 1 м кабеля до 1 кг (100 м кабеля) | D75: 0,9 0,01*90 | E75: 808,64 175,31 | F75: 547,32 60,38 | G75: 728 | H75: 158 | I75: 493 54 | J75: 12.4 | K75: 11.16
A76: 38 | B76: ТЕРм08-02-396-05 прим. | C76: Кабельный канал металлический по стенам и потолкам, длина 2 м (100 м) | D76: 0,8 0,01*80 | E76: 1870,64 519,82 | F76: 796,97 211,76 | G76: 1497 | H76: 416 | I76: 638 169 | J76: 37.6 | K76: 30.08
A77: 39 | B77: ТЕРм10-08-019-01 | C77: Коробка ответвительная на стене (КМ-О) (1 шт.) | D77: 9 | E77: 7,62 7,18 | G77: 69 | H77: 65 | J77: 0.5 | K77: 4.5
A78: 40 | B78: ТЕРм10-08-019-01 прим. | C78: Коробка соединительно-разветвительная на стене (КСРВ) (1 шт.) | D78: 2 1+1 | E78: 7,62 7,18 | G78: 15 | H78: 14 | J78: 0.5 | K78: 1
A79: 41 | B79: ТЕРм08-02-411-01 прим. | C79: Рукав металлический наружным диаметром до 48 мм в комплекте с муфтами и скобами (100 м) | D79: 0,1 0,01*10 | E79: 3967,54 479,73 | F79: 240,39 4,17 | G79: 397 | H79: 48 | I79: 24 | J79: 34.7 | K79: 3.47
A80: 42 | B80: ТЕРм08-02-155-01 прим. Кмат=0 | C80: Герметизация проходов при вводе кабелей во взрывоопасные помещения уплотнительной массой (1 проход кабеля) | D80: 15 | E80: 6,65 6,65 | G80: 100 | H80: 100 | J80: 0.47 | K80: 7.05
A81: Итого прямые затраты по разделу в ценах 2001г. | G81: 18708 | H81: 4822 | I81: 4894 966 | K81: 340.68
A82: Накладные расходы | G82: 5231
A83: Сметная прибыль | G83: 3677
A84: Итоги по разделу 1 Монтажные работы и оборудование :
A85: Итого Монтажные работы | G85: 22527 | K85: 340.68
A86: Итого Оборудование | G86: 5089
A87: Итого | G87: 27616 | K87: 340.68
A88: В том числе:
A89: Материалы | G89: 3903
A90: Машины и механизмы | G90: 4894
A91: ФОТ | G91: 5788
A92: Оборудование | G92: 5089
A93: Накладные расходы | G93: 5231
A94: Сметная прибыль | G94: 3677
A95: Итого по разделу 1 Монтажные работы и оборудование | G95: 27616 | K95: 340.68
A96: Раздел 2. Материалы, не учтенные ценником
A97: Пожарная сигнализация
A98: 43 | B98: г. Москва, "База электроники" III кв. 2013 г. | C98: Оповещатель комбинированный "Маяк-12-К" Цена: 416,91:1,18:5,59*1,03*1,02 (шт.) | D98: 1 | E98: 66.4 | G98: 66
A99: 44 | B99: г. Королев, "Болид" III кв. 2013 г. | C99: Извещатель пожарный дымовой "ИП 212-3СМ" Цена: 226,00:1,18:5,59*1,03*1,02 (шт.) | D99: 22 | E99: 36 | G99: 792
A100: 45 | B100: г. Королев, "Болид" III кв. 2013 г. | C100: Комплект монтажных частей КМЧ-2 Цена: 35,0:1,18:5,59*1,03*1,02 (шт.) | D100: 6 | E100: 5.57 | G100: 33
A101: 46 | B101: г. Москва, "База электроники" III кв. 2013 г. | C101: Извещатель пожарный ручной "ИПР 3СУ" Цена: 217,80:1,18:5,59*1,03*1,02 (шт.) | D101: 4 | E101: 34.69 | G101: 139
A102: 47 | B102: г. Москва, "Альтоника" III кв. 2013 г. | C102: Розетка обжимная на кабеле RG-213/U Цена: 55,0:1,18:5,59*1,03*1,02 (шт.) | D102: 1 | E102: 8.76 | G102: 9
A103: 48 | B103: г. Москва, "Альтоника" III кв. 2013 г. | C103: Вилка обжимная на кабеле RG-58/U Цена: 125,0:1,18:5,59*1,03*1,02 (шт.) | D103: 1 | E103: 19.91 | G103: 20
A104: 49 | B104: г. Москва, "Альтоника" III кв. 2013 г. | C104: Грозоразрядник с газонаполнением N-712Q Цена: 1812,25:1,18:5,59*1,03*1,02 (шт.) | D104: 1 | E104: 288.64 | G104: 289
A105: 50 | B105: ТСЦ-503-0454 прим. | C105: Коробка телефонная распределительная марки КРТМ-В/10 (шт.) | D105: 1 | E105: 65 | G105: 65
A106: 51 | B106: г. С-Петербург АО "Аргус Спектр" III кв. 2013 г. | C106: Извещатель пожарный тепловой ИП 103-2/1 Цена: 2734,0:1,18:5,59*1,03*1,02 (шт.) | D106: 3 | E106: 435.45 | G106: 1306
A107: 52 | B107: г. Москва, "Тинко" III кв. 2013 г. | C107: Кабель огнестойкий КСРЭВнг-FRLS 2x0,5 Цена: 9550,0:1,18:5,59*1,03*1,02 (1000 м) | D107: 0,25 0,001*250 | E107: 1521.06 | G107: 380
A108: 53 | B108: г. Москва, "Тинко" III кв. 2013 г. | C108: Кабель огнестойкий КСРЭВнг-FRLS 10x0,5 Цена: 38855,00:1,18:5,59*1,03*1,02 (1000 м) | D108: 0,005 0,001*5 | E108: 6188.57 | G108: 31
...

Sheet 19-4-454
A1: СОГЛАСОВАНО: | I1: УТВЕРЖДАЮ:
A4: ______________ | I4: ____________
A5: " _____ " ________________ 2012 г. | I5: "______ " _______________2012 г.
D6: г. Лесной Свердловской области. ФГУП "Комбинат "Электрохимприбор"
D7: (наименование стройки)
D9: ЛОКАЛЬНЫЙ СМЕТНЫЙ РАСЧЕТ № 313-2475/19-4-454
D10: (локальная смета)
A12: на | B12: Пожарную сигнализацию и оповещение о пожаре, Площадка 1. Здание 307
D13: (наименование работ и затрат, наименование объекта)
B15: Основание: р.ч. 0503.001.0307 - ПС, инв. № 313-726, 313-725
B16: Сметная стоимость _______________________________________________________________________________________________ | D16: ___________________________62,761 | F16: тыс. руб.
B17: монтажных работ _______________________________________________________________________________________________ | D17: _______________________________________________________________________________________________57,767 | F17: тыс. руб.
B18: оборудования _______________________________________________________________________________________________ | D18: _______________________________________________________________________________________________4,994 | F18: тыс. руб.
B19: Средства на оплату труда _______________________________________________________________________________________________ | D19: ___________________________10,377 | F19: тыс. руб.
B20: Сметная трудоемкость _______________________________________________________________________________________________ | D20: _______________________________________________________________________________________________586,01 | F20: чел.час
B21: Трудозатраты механизаторов _______________________________________________________________________________________________ | D21: _______________________________________________________________________________________________126,04 | F21: чел.час
B22: Составлен(а) в ценах по состоянию на 01.01.2000 г. (Редакция 2009 г.)
A25: № пп | B25: Шифр и номер позиции норматива | C25: Наименование работ и затрат, единица измерения | D25: Количество | E25: Стоимость единицы, руб. | G25: Общая стоимость, руб. | J25: Затраты труда рабочих, чел.-ч, не занятых обслуживанием машин
E26: всего | F26: эксплуата- ции машин | G26: Всего | H26: оплаты труда | I26: эксплуата- ция машин
E27: оплаты труда | F27: в т.ч. оплаты труда | I27: в т.ч. оплаты труда | J27: на единицу | K27: всего
A28: 1 | B28: 2 | C28: 3 | D28: 4 | E28: 5 | F28: 6 | G28: 7 | H28: 8 | I28: 9 | J28: 10 | K28: 11
A29: Раздел 1. Монтажные работы и оборудование
A30: Применен повышающий территориальный коэффициент к заработной плате К=1,0434
A31: Учтены индексы:
A32: К = 3,94 - индекс перехода сметной стоимости на оборудование от цен 3 кв. 2013 г. к ценам на 01.01.2000 г. (письмо Минрегиона № 13478-СД/10 от 29.07.2013 г. прил. 5)
A33: К= 5,59 - индекс перехода к стоимости материалов от цен 3 кв. 2013 г. к ценам на 01.01.2000 г. (письмо Минрегиона № 13478-СД/10 от 29.07.2013 г. прил. 1)
A34: Учтены транспортные (3%), заготовительно-складские расходы (1,2%) и расходы на оборудование (2%)
A36: Пожарная сигнализация
A37: 1 | B37: г. Москва, "Альтоника" III кв. 2013 г. | C37: Объектовый прибор со встроенным передатчиком "Риф Стринг RS-202 ТD-RR" Цена: 4170:1,18:3,94*1,03*1,012 (компл.) | D37: 1 | E37: 934.92 | G37: 935
A38: 2 | B38: ТЕРм10-08-001-08 | C38: Прибор ОПС на 4 луча (1 шт.) | D38: 1 | E38: 45,14 37,04 | F38: 0.37 | G38: 45 | H38: 37 | J38: 2.4 | K38: 2.4
A39: 3 | B39: г. Москва, "Альтоника" III кв. 2013 г. | C39: Антенна АН7-433, направленная усилением +7dBd Цена: 1470,0:1,18:3,94*1,03*1,012 (шт.) | D39: 1 | E39: 329.58 | G39: 330
A40: 4 | B40: ТЕРм10-04-100-09 | C40: Антенна направленная; аппаратура настенная (1 шт.) | D40: 1 | E40: 151,45 113,1 | G40: 151 | H40: 113 | J40: 8 | K40: 8
A41: 5 | B41: г. Москва, "Юнитест" III кв. 2013 г. | C41: Прибор ППКОПУ "Минитроник А32М" Цена:3900,0:1,18:3,94*1,03*1,012 (шт.) | D41: 1 | E41: 874.39 | G41: 874
A42: 6 | B42: ТЕРм10-08-001-01 | C42: Приборы ПС приемно-контрольные, пусковые, концентратор блок базовый на 10 лучей (1 шт.) | D42: 1 | E42: 121,95 106,45 | F42: 0.46 | G42: 122 | H42: 106 | J42: 7.2 | K42: 7.2
A43: 7 | B43: г. Москва, "Юнитест" III кв. 2013 г. | C43: Модуль адресный управляющий А16-УОП Цена:422,0:1,18:3,94*1,03*1,012 (шт.) | D43: 4 | E43: 94.61 | G43: 378
A44: 8 | B44: г. Москва, "Юнитест" III кв. 2013 г. | C44: Модуль адресный управляющий А16-УОП-В Цена:422,0:1,18:3,94*1,03*1,012 (шт.) | D44: 2 | E44: 94.61 | G44: 189
A45: 9 | B45: ТЕРм10-08-001-09 прим. | C45: Приборы приемно-контрольные объектовые на 2 луча (1 шт.) | D45: 6 4+2 | E45: 95,37 86,77 | F45: 0.37 | G45: 572 | H45: 521 | I45: 2 | J45: 5.7 | K45: 34.2
A46: 10 | B46: ТЕРм10-08-002-02 | C46: Извещатель ПС автоматический дымовой, фотоэлектрический, радиоизотопный, световой в нормальном исполнении (ИП 212-108) (1 шт.) | D46: 52 | E46: 29,37 23,75 | F46: 0.46 | G46: 1527 | H46: 1235 | I46: 24 | J46: 1.68 | K46: 87.36
A47: 11 | B47: ТЕРм10-04-066-05 | C47: Извещатель пожарный ручной (А16-ИПР) (1 шт.) | D47: 4 | E47: 14,44 13,33 | G47: 58 | H47: 53 | J47: 1 | K47: 4
A48: 12 | B48: г. Королев, "Болид" III кв. 2013 г. | C48: Блок резервного питания БРП24/5 Цена: 3243,0:1,18:3,94*1,03*1,012 (шт.) | D48: 1 | E48: 727.09 | G48: 727
A49: 13 | B49: г. Москва, "База электроники" III кв. 2013 г. | C49: Аккумуляторная батарея, емк. 2*26 Ач Цена: 1180:1,18:3,94*1,03*1,012 (шт.) | D49: 1 | E49: 264.56 | G49: 265
A50: 14 | B50: ТЕРм10-08-003-03 | C50: Блок питания и контроля (1 шт.) | D50: 1 | E50: 62,22 54,02 | F50: 0.37 | G50: 62 | H50: 54 | J50: 3.6 | K50: 3.6
A51: 15 | B51: г. Королев, "Болид" III кв. 2013 г. | C51: Блок резервного питания БРП24/3 Цена: 3481,0:1,18:3,94*1,03*1,012 (шт.) | D51: 1 | E51: 780.45 | G51: 780
A52: 16 | B52: г. Москва, "База электроники" III кв. 2013 г. | C52: Аккумуляторная батарея, емк. 2*7 Ач Цена: 400:1,18:3,94*1,03*1,012 (шт.) | D52: 1 | E52: 89.68 | G52: 90
A53: 17 | B53: ТЕРм10-08-003-03 | C53: Блок питания и контроля (1 шт.) | D53: 1 | E53: 62,22 54,02 | F53: 0.37 | G53: 62 | H53: 54 | J53: 3.6 | K53: 3.6
A54: 18 | B54: г. Королев, "Болид" III кв. 2013 г. | C54: Блок резервного питания БРП12/3 Цена: 1497,0:1,18:3,94*1,03*1,012 (шт.) | D54: 1 | E54: 335.63 | G54: 336
A55: 19 | B55: г. Москва, "База электроники" III кв. 2013 г. | C55: Аккумуляторная батарея, емк. 7 Ач Цена: 400:1,18:3,94*1,03*1,012 (шт.) | D55: 1 | E55: 89.68 | G55: 90
A56: 20 | B56: ТЕРм10-08-003-03 | C56: Блок питания и контроля (1 шт.) | D56: 1 | E56: 62,22 54,02 | F56: 0.37 | G56: 62 | H56: 54 | J56: 3.6 | K56: 3.6
A57: 21 | B57: ТЕРм08-02-148-01 прим | C57: Кабель связи в проложенных трубах, блоках и коробах, масса 1 м кабеля до 1 кг (100 м кабеля) | D57: 6,7 0,01*(590+30+10+30+10) | E57: 808,64 175,31 | F57: 547,32 60,38 | G57: 5418 | H57: 1175 | I57: 3667 405 | J57: 12.4 | K57: 83.08
A58: 22 | B58: ТЕРм08-02-407-01 | C58: Труба стальная по установленным конструкциям, по стенам с креплением скобами, диаметр до 25 мм (100 м) | D58: 0,2 0,01*20 | E58: 2558,84 425,81 | F58: 911,86 334,9 | G58: 512 | H58: 85 | I58: 182 67 | J58: 30.8 | K58: 6.16
A59: 23 | B59: ТЕРм08-02-407-04 | C59: Труба стальная по установленным конструкциям, по стенам с креплением скобами, диаметр до 80 мм (100 м) | D59: 0,1 0,01*10 | E59: 3898,16 933,2 | F59: 1643,41 571,98 | G59: 390 | H59: 93 | I59: 164 57 | J59: 67.5 | K59: 6.75
A60: 24 | B60: ТЕРм08-02-396-05 прим. | C60: Кабельный канал металлический по стенам и потолкам, длина 2 м (100 м) | D60: 4 0,01*400 | E60: 1870,64 519,82 | F60: 796,97 211,76 | G60: 7483 | H60: 2079 | I60: 3188 847 | J60: 37.6 | K60: 150.4
A61: 25 | B61: ТЕРм08-01-087-03 | C61: Металлические конструкции (кронштейн для мачты 0,35 м) (1 т) | D61: 0,0013 0,001*1,30*1 | E61: 18494,68 879,39 | F61: 645,33 33,04 | G61: 24 | H61: 1 | I61: 1 | J61: 62.2 | K61: 0.08
A62: Оповещение о пожаре
A63: 26 | B63: ТЕРм08-01-081-01 | C63: Аппарат (кнопка, ключ управления, замок электромагнитной блокировки, звуковой сигнал, сигнальная лампа) управления и сигнализации, количество подключаемых концов до 2 ( "Люкс" "Выход") (1 шт.) | D63: 8 | E63: 30,5 15,97 | F63: 11,72 0,76 | G63: 244 | H63: 128 | I63: 94 6 | J63: 1.13 | K63: 9.04
A64: 27 | B64: ТЕРм10-04-066-05 | C64: Оповещатель звуковой ("Маяк") (1 шт.) | D64: 23 22+1 | E64: 14,44 13,33 | G64: 332 | H64: 307 | J64: 1 | K64: 23
A65: 28 | B65: ТЕРм08-02-148-01 | C65: Кабель связи в проложенных трубах, блоках и коробах, масса 1 м кабеля до 1 кг (100 м кабеля) | D65: 4,4 0,01*440 | E65: 808,64 175,31 | F65: 547,32 60,38 | G65: 3558 | H65: 771 | I65: 2408 266 | J65: 12.4 | K65: 54.56
A66: 29 | B66: ТЕРм10-08-019-01 | C66: Коробка ответвительная на стене (КМ-О) (1 шт.) | D66: 25 | E66: 7,62 7,18 | G66: 191 | H66: 180 | J66: 0.5 | K66: 12.5
A67: 30 | B67: ТЕРм08-02-396-05 | C67: Кабельный канал металлический по стенам и потолкам, длина 2 м (100 м) | D67: 2,3 0,01*230 | E67: 1870,64 519,82 | F67: 796,97 211,76 | G67: 4302 | H67: 1196 | I67: 1833 487 | J67: 37.6 | K67: 86.48
A68: Итого прямые затраты по разделу в ценах 2001г. | G68: 30109 | H68: 8242 | I68: 11563 2135 | K68: 586.01
A69: Накладные расходы | G69: 9508
A70: Сметная прибыль | G70: 6633
A71: Итоги по разделу 1 Монтажные работы и оборудование :
A72: Итого Монтажные работы | G72: 41256 | K72: 586.01
A73: Итого Оборудование | G73: 4994
A74: Итого | G74: 46250 | K74: 586.01
A75: В том числе:
A76: Материалы | G76: 5310
A77: Машины и механизмы | G77: 11563
A78: ФОТ | G78: 10377
A79: Оборудование | G79: 4994
A80: Накладные расходы | G80: 9508
A81: Сметная прибыль | G81: 6633
A82: Итого по разделу 1 Монтажные работы и оборудование | G82: 46250 | K82: 586.01
A83: Раздел 2. Материалы, не учтенные ценником
A84: Пожарная сигнализация
A85: 31 | B85: г. Королев, "Болид" III кв. 2013 г. | C85: Извещатель пожарный дымовой ИП 212-108 Цена: 226,0:1,18:5,59*1,03*1,02 (шт.) | D85: 52 | E85: 36 | G85: 1872
A86: 32 | B86: г. Обнинск з-д "Сигнал" III кв. 2013 г. | C86: Извещатель пожарный ручной А16-ИПР Цена: 345:1,18:5,59*1,03*1,02 (шт.) | D86: 4 | E86: 54.95 | G86: 220
A87: 33 | B87: г. Москва, "Спецкабель" III кв. 2013 г. | C87: Кабель сигнальный UT 105нг FRLS FE 180 Цена: 17,5:1,18:5,59*1,03*1,02 (м) | D87: 590 | E87: 2.79 | G87: 1646
A88: 34 | B88: г. Подольск, "Подольсккабель" III кв. 2013 г. | C88: Кабель ВВГнг-FRLS 2х1,5 Цена: 63802,60:1,18:5,59*1,03*1,02 (1000 м) | D88: 0,03 0,001*30 | E88: 10162.06 | G88: 305
A89: 35 | B89: г. Подольск, "Подольсккабель" III кв. 2013 г. | C89: Кабель ВВГнг-FRLS 3х1,5 Цена: 78340,20:1,18:5,59*1,03*1,02 (1000 м) | D89: 0,01 0,001*10 | E89: 12477.52 | G89: 125
A90: 36 | B90: г. Москва, "База электроники" III кв. 2013 г. | C90: Кабель радиочастотный РК 50-11-11 Цена: 99,43:1,18:5,59*1,03*1,02 (м) | D90: 30 | E90: 15.84 | G90: 475
A91: 37 | B91: г. Москва, "Спецкабель" III кв. 2013 г. | C91: Кабель огнестойкий КСРЭВнг-FRLS 4x0,64 Цена: 17065,0:1,18:5,59*1,03*1,02 (1000 м) | D91: 0,01 0,001*10 | E91: 2718 | G91: 27
A92: 38 | B92: ТСЦ-103-0127 прим. | C92: Трубы стальные электросварные прямошовные со снятой фаской из стали марок БСт2кп-БСт4кп и БСт2пс-БСт4пс наружный диаметр 15 мм (м) | D92: 20 | E92: 6.02 | G92: 120
A93: 39 | B93: ТСЦ-103-0137 прим. | C93: Трубы стальные электросварные прямошовные со снятой фаской из стали марок БСт2кп-БСт4кп и БСт2пс-БСт4пс наружный диаметр 51 мм (м) | D93: 10 | E93: 30.89 | G93: 309
A94: 40 | B94: г. Москва, "Электродел" III кв. 2013 г. | C94: Кабельный канал металлический оцинкованный ККМО 15х15, длиной 2м Цена: 50,00:1,18:5,59*1,03*1,02 (шт.) | D94: 200 | E94: 7.96 | G94: 1592
A95: Оповещение о пожаре
A96: 41 | B96: г. Королев, "Болид" III кв. 2013 г. | C96: Оповещатель пожарный световой "Люкс-24" "Выход", U=12В Цена: 110,0:1,18:5,59*1,03*1,02 (шт.) | D96: 8 | E96: 17.52 | G96: 140
A97: 42 | B97: г. Москва, "База электроники" III кв. 2013 г. | C97: Оповещатель комбинированный "Маяк-12-3М" Цена: 416,91:1,18:5,59*1,03*1,02 (шт.) | D97: 22 | E97: 73.57 | G97: 1619
A98: 43 | B98: г. Москва, "База электроники" III кв. 2013 г. | C98: Оповещатель комбинированный "Маяк-12-К" Цена: 320,0:1,18:5,59*1,03*1,02 (шт.) | D98: 1 | E98: 50.97 | G98: 51
A99: 44 | B99: г. Подольск, "Подольсккабель" III кв. 2013 г. | C99: Кабель симметричный огнестойкий КПСЭнг-FRHF 3х1,5 Цена: 82777,0:1,18:5,59*1,03*1,02 (1000 м) | D99: 0,44 0,001*440 | E99: 13184.18 | G99: 5801
A100: 45 | B100: г. Санкт-Петербург, "ЭТМ" III кв. 2013 г. | C100: Коробка монтажная огнестойкая КМ-О(4к) Цена: 325,0:1,18:5,59*1,03*1,02 (шт.) | D100: 25 | E100: 51.76 | G100: 1294
A101: 46 | B101: г. Москва, "Электродел" III кв. 2013 г. | C101: Кабельный канал металлический оцинкованный ККМО 15х15, длиной 2м Цена: 50,00:1,18:5,59*1,03*1,02 (шт.) | D101: 115 | E101: 7.96 | G101: 915
A102: Итого прямые затраты по разделу в ценах 2001г. | G102: 16511
A103: Итоги по разделу 2 Материалы, не учтенные ценником :
A104: Материалы для монтажных работ | G104: 16511
A105: Итого | G105: 16511
A106: В том числе:
A107: Материалы | G107: 16511
A108: Итого по разделу 2 Материалы, не учтенные ценником | G108: 16511
...

Sheet 19-4-456
A1: СОГЛАСОВАНО: | I1: УТВЕРЖДАЮ:
A4: ______________ | I4: ____________
A5: " _____ " ________________ 2012 г. | I5: "______ " _______________2012 г.
D6: г. Лесной Свердловской области. ФГУП "Комбинат "Электрохимприбор"
D7: (наименование стройки)
D9: ЛОКАЛЬНЫЙ СМЕТНЫЙ РАСЧЕТ № 313-2475/19-4-456
D10: (локальная смета)
A12: на | B12: Пожарную сигнализацию и оповещение о пожаре, Площадка 1. Здание 351
D13: (наименование работ и затрат, наименование объекта)
B15: Основание: р.ч. 0503.001.0351 - ПС, инв. № 313-729, 313-730
B16: Сметная стоимость _______________________________________________________________________________________________ | D16: ___________________________11,073 | F16: тыс. руб.
B17: монтажных работ _______________________________________________________________________________________________ | D17: _______________________________________________________________________________________________9,786 | F17: тыс. руб.
B18: оборудования _______________________________________________________________________________________________ | D18: _______________________________________________________________________________________________1,287 | F18: тыс. руб.
B19: Средства на оплату труда _______________________________________________________________________________________________ | D19: ___________________________1,725 | F19: тыс. руб.
B20: Сметная трудоемкость _______________________________________________________________________________________________ | D20: _______________________________________________________________________________________________97,82 | F20: чел.час
B21: Трудозатраты механизаторов _______________________________________________________________________________________________ | D21: _______________________________________________________________________________________________20,24 | F21: чел.час
B22: Составлен(а) в ценах по состоянию на 01.01.2000 г. (Редакция 2009 г.)
A25: № пп | B25: Шифр и номер позиции норматива | C25: Наименование работ и затрат, единица измерения | D25: Количество | E25: Стоимость единицы, руб. | G25: Общая стоимость, руб. | J25: Затраты труда рабочих, чел.-ч, не занятых обслуживанием машин
E26: всего | F26: эксплуата- ции машин | G26: Всего | H26: оплаты труда | I26: эксплуата- ция машин
E27: оплаты труда | F27: в т.ч. оплаты труда | I27: в т.ч. оплаты труда | J27: на единицу | K27: всего
A28: 1 | B28: 2 | C28: 3 | D28: 4 | E28: 5 | F28: 6 | G28: 7 | H28: 8 | I28: 9 | J28: 10 | K28: 11
A29: Раздел 1. Монтажные работы и оборудование
A30: Применен повышающий территориальный коэффициент к заработной плате К=1,0434
A31: Учтены индексы:
A32: К = 3,94 - индекс перехода сметной стоимости на оборудование от цен 3 кв. 2013 г. к ценам на 01.01.2000 г. (письмо Минрегиона № 13478-СД/10 от 29.07.2013 г. прил. 5)
A33: К= 5,59 - индекс перехода к стоимости материалов от цен 3 кв. 2013 г. к ценам на 01.01.2000 г. (письмо Минрегиона № 13478-СД/10 от 29.07.2013 г. прил. 1)
A34: Учтены транспортные (3%), заготовительно-складские расходы (1,2%) и расходы на оборудование (2%)
A36: Пожарная сигнализация
A37: 1 | B37: ТЕРм10-08-002-02 | C37: Извещатель ПС автоматический дымовой, фотоэлектрический, радиоизотопный, световой в нормальном исполнении (ИП 212-3СМ) (1 шт.) | D37: 9 | E37: 29,37 23,75 | F37: 0.46 | G37: 264 | H37: 214 | I37: 4 | J37: 1.68 | K37: 15.12
A38: 2 | B38: ТЕРм10-04-066-05 | C38: Извещатель пожарный ручной (ИПР 3СУ) (1 шт.) | D38: 2 | E38: 14,44 13,33 | G38: 29 | H38: 27 | J38: 1 | K38: 2
A39: 3 | B39: г. Москва "Юнитест" III кв. 2013 г. | C39: Метка адресная пожарная МА-7TCH Цена:611,0:1,18:3,94*1,03*1,012 (шт.) | D39: 1 | E39: 136.99 | G39: 137
A40: 4 | B40: ТЕРм10-08-001-09 прим. | C40: Приборы приемно-контрольные объектовые на 2 луча (1 шт.) | D40: 1 | E40: 95,37 86,77 | F40: 0.37 | G40: 95 | H40: 87 | J40: 5.7 | K40: 5.7
A41: 5 | B41: г. Челябинск, "Холдинговый центр системы безопасности" III кв. 2013 г. | C41: Резервированный источник питания "Скат-1200Д исп.2" Цена:3390,00:1,18:3,94*1,03*1,012 (шт.) | D41: 1 | E41: 760.04 | G41: 760
A42: 6 | B42: г. Челябинск, "Электромир" III кв. 2013 г. | C42: Аккумуляторная батарея 1,2 Ач Цена: 400,0:1,18:3,94*1,03*1,012 (шт.) | D42: 1 | E42: 89.68 | G42: 90
A43: 7 | B43: ТЕРм10-08-003-03 | C43: Блок питания и контроля (1 шт.) | D43: 1 | E43: 62,22 54,02 | F43: 0.37 | G43: 62 | H43: 54 | J43: 3.6 | K43: 3.6
A44: 8 | B44: ТЕРм08-02-148-01 прим | C44: Кабель связи в проложенных трубах, блоках и коробах, масса 1 м кабеля до 1 кг (100 м кабеля) | D44: 1,8 0,01*(20+140+10+10) | E44: 808,64 175,31 | F44: 547,32 60,38 | G44: 1456 | H44: 316 | I44: 985 109 | J44: 12.4 | K44: 22.32
A45: 9 | B45: ТЕРм10-08-019-01 | C45: Коробка ответвительная на стене (1 шт.) | D45: 3 | E45: 7,62 7,18 | G45: 23 | H45: 22 | J45: 0.5 | K45: 1.5
A46: 10 | B46: ТЕРм08-02-396-05 прим. | C46: Кабельный канал металлический по стенам и потолкам, длина 2 м (100 м) | D46: 1 0,01*100 | E46: 1870,64 519,82 | F46: 796,97 211,76 | G46: 1871 | H46: 520 | I46: 797 212 | J46: 37.6 | K46: 37.6
A47: Оповещение о пожаре
A48: 11 | B48: г. Москва "Юнитест" III кв. 2013 г. | C48: Модуль адресации управляющий МА-УОП Цена:1338,0:1,18:3,94*1,03*1,012 (шт.) | D48: 1 | E48: 299.98 | G48: 300
A49: 12 | B49: ТЕРм11-03-001-01 прим. | C49: Приборы, устанавливаемые на металлоконструкциях, щитах и пультах, масса до 5 кг (1 шт.) | D49: 1 | E49: 8,73 7,58 | G49: 9 | H49: 8 | J49: 0.52 | K49: 0.52
A50: 13 | B50: ТЕРм10-04-066-05 прим. | C50: Оповещатель звуковой ("Маяк") (1 шт.) | D50: 3 | E50: 14,44 13,33 | G50: 43 | H50: 40 | J50: 1 | K50: 3
A51: 14 | B51: ТЕРм08-02-148-01 прим. | C51: Кабель связи в проложенных трубах, блоках и коробах, масса 1 м кабеля до 1 кг (100 м кабеля) | D51: 0,4 0,01*40 | E51: 808,64 175,31 | F51: 547,32 60,38 | G51: 323 | H51: 70 | I51: 219 24 | J51: 12.4 | K51: 4.96
A52: 15 | B52: ТЕРм10-08-019-01 | C52: Коробка ответвительная на стене (КМ-О) (1 шт.) | D52: 3 | E52: 7,62 7,18 | G52: 23 | H52: 22 | J52: 0.5 | K52: 1.5
A53: Итого прямые затраты по разделу в ценах 2001г. | G53: 5485 | H53: 1380 | I53: 2005 345 | K53: 97.82
A54: Накладные расходы | G54: 1576
A55: Сметная прибыль | G55: 1101
A56: Итоги по разделу 1 Монтажные работы и оборудование :
A57: Итого Монтажные работы | G57: 6875 | K57: 97.82
A58: Итого Оборудование | G58: 1287
A59: Итого | G59: 8162 | K59: 97.82
A60: В том числе:
A61: Материалы | G61: 813
A62: Машины и механизмы | G62: 2005
A63: ФОТ | G63: 1725
A64: Оборудование | G64: 1287
A65: Накладные расходы | G65: 1576
A66: Сметная прибыль | G66: 1101
A67: Итого по разделу 1 Монтажные работы и оборудование | G67: 8162 | K67: 97.82
A68: Раздел 2. Материалы, не учтенные ценником
A69: Пожарная сигнализация
A70: 16 | B70: г. Королев, "Болид" III кв. 2013 г. | C70: Извещатель пожарный дымовой ИП 212-3СМ Цена: 226,0:1,18:5,59*1,03*1,02 (шт.) | D70: 9 | E70: 36 | G70: 324
A71: 17 | B71: г. Обнинск з-д "Сигнал" III кв. 2013 г. | C71: Извещатель пожарный ручной ИПР-3СУ Цена: 168,0:1,18:5,59*1,03*1,02 (шт.) | D71: 2 | E71: 26.76 | G71: 54
A72: 18 | B72: г. Москва, "Спецкабель" III кв. 2013 г. | C72: Кабель сигнальный UT 105нг FRLS FE 180 Цена: 17,5:1,18:5,59*1,03*1,02 (м) | D72: 20 | E72: 2.79 | G72: 56
A73: 19 | B73: г. Москва, "Спецкабель" III кв. 2013 г. | C73: Кабель огнестойкий КПСЭнг-FRLS 1х2x0,75 Цена: 41667:1,18:5,59*1,03*1,02 (1000 м) | D73: 0,14 0,001*140 | E73: 6636.45 | G73: 929
A74: 20 | B74: г. Подольск, "Подольсккабель" III кв. 2013 г. | C74: Кабель ВВГнг-FRLS 3х1,5 Цена: 78340,20:1,18:5,59*1,03*1,02 (1000 м) | D74: 0,01 0,001*10 | E74: 12477.52 | G74: 125
A75: 21 | B75: г. Подольск, "Подольсккабель" III кв. 2013 г. | C75: Кабель ВВГнг-FRLS 2х1,5 Цена: 63802,60:1,18:5,59*1,03*1,02 (1000 м) | D75: 0,01 0,001*10 | E75: 10162.06 | G75: 102
A76: 22 | B76: ТСЦ-503-0453 | C76: Коробка универсальная марки УК-П (шт.) | D76: 3 | E76: 6.79 | G76: 20
A77: 23 | B77: г. Москва, "Электродел" III кв. 2013 г. | C77: Кабельный канал металлический оцинкованный ККМО 15х15, длиной 2м Цена: 50,00:1,18:5,59*1,03*1,02 (шт.) | D77: 50 | E77: 7.96 | G77: 398
A78: Оповещение о пожаре
A79: 24 | B79: г. Москва, "База электроники" III кв. 2013 г. | C79: Оповещатель комбинированный "Маяк-12-3М" Цена: 416,91:1,18:5,59*1,03*1,02 (шт.) | D79: 3 | E79: 73.57 | G79: 221
A80: 25 | B80: г. Москва, "Спецкабель" III кв. 2013 г. | C80: Кабель КПСЭнг-FRHF 2х1,5 Цена: 82777,00:1,18:5,59*1,03*1,02 (1000 м) | D80: 0,04 0,001*40 | E80: 13184.18 | G80: 527
A81: 26 | B81: г. Санкт-Петербург, "ЭТМ" III кв. 2013 г. | C81: Коробка монтажная огнестойкая КМ-О(4к) Цена: 325,0:1,18:5,59*1,03*1,02 (шт.) | D81: 3 | E81: 51.76 | G81: 155
A82: Итого прямые затраты по разделу в ценах 2001г. | G82: 2911
A83: Итоги по разделу 2 Материалы, не учтенные ценником :
A84: Материалы для монтажных работ | G84: 2911
A85: Итого | G85: 2911
A86: В том числе:
A87: Материалы | G87: 2911
A88: Итого по разделу 2 Материалы, не учтенные ценником | G88: 2911
A89: ИТОГИ ПО СМЕТЕ:
A90: Итого прямые затраты по смете в ценах 2001г. | G90: 8396 | H90: 1380 | I90: 2005 345 | K90: 97.82
A91: Накладные расходы | G91: 1576
A92: В том числе, справочно:
A93: 80% ФОТ (от 407) (Поз. 1, 4, 7, 9, 12, 15) | G93: 326
A94: 92% ФОТ (от 67) (Поз. 2, 13) | G94: 62
A95: 95% ФОТ (от 1251) (Поз. 8, 10, 14) | G95: 1188
A96: Сметная прибыль | G96: 1101
A97: В том числе, справочно:
A98: 60% ФОТ (от 407) (Поз. 1, 4, 7, 9, 12, 15) | G98: 244
A99: 65% ФОТ (от 1318) (Поз. 2, 13, 8, 10, 14) | G99: 857
A100: Итоги по смете:
A101: Итоги по разделу 1 Монтажные работы и оборудование :
A102: Итоги по Монтажным работам
A103: Монтаж оборудования:
A104: Итого Поз. 1, 4, 7, 9, 12, 15 | G104: 476 | H104: 407 | I104: 4 | K104: 27.94
A105: Накладные расходы 80% ФОТ (от 407) | G105: 326
A106: Сметная прибыль 60% ФОТ (от 407) | G106: 244
A107: Итого c накладными и см. прибылью | G107: 1046 | K107: 27.94
A108: Монтаж радиотелевизионного и электронного оборудования:
...

Sheet 19-4-460
A1: СОГЛАСОВАНО: | I1: УТВЕРЖДАЮ:
A4: ______________ | I4: ____________
A5: " _____ " ________________ 2012 г. | I5: "______ " _______________2012 г.
D6: г. Лесной Свердловской области. ФГУП "Комбинат "Электрохимприбор"
D7: (наименование стройки)
D9: ЛОКАЛЬНЫЙ СМЕТНЫЙ РАСЧЕТ № 313-2475/19-4-460
D10: (локальная смета)
A12: на | B12: Пожарную сигнализацию и оповещение о пожаре, Площадка 1. Здание 353.
D13: (наименование работ и затрат, наименование объекта)
B15: Основание: р.ч. 0503.001.0353 - ПС инв. № 313-738, 313-737
B16: Сметная стоимость _______________________________________________________________________________________________ | D16: ___________________________57,921 | F16: тыс. руб.
B17: строительных работ _______________________________________________________________________________________________ | D17: _______________________________________________________________________________________________0,635 | F17: тыс. руб.
B18: монтажных работ _______________________________________________________________________________________________ | D18: _______________________________________________________________________________________________51,069 | F18: тыс. руб.
B19: оборудования _______________________________________________________________________________________________ | D19: _______________________________________________________________________________________________6,217 | F19: тыс. руб.
B20: Средства на оплату труда _______________________________________________________________________________________________ | D20: ___________________________6,824 | F20: тыс. руб.
B21: Сметная трудоемкость _______________________________________________________________________________________________ | D21: _______________________________________________________________________________________________403,43 | F21: чел.час
B22: Трудозатраты механизаторов _______________________________________________________________________________________________ | D22: _______________________________________________________________________________________________66,35 | F22: чел.час
B23: Составлен(а) в ценах по состоянию на 01.01.2000 г. (Редакция 2009 г.)
A26: № пп | B26: Шифр и номер позиции норматива | C26: Наименование работ и затрат, единица измерения | D26: Количество | E26: Стоимость единицы, руб. | G26: Общая стоимость, руб. | J26: Затраты труда рабочих, чел.-ч, не занятых обслуживанием машин
E27: всего | F27: эксплуата- ции машин | G27: Всего | H27: оплаты труда | I27: эксплуата- ция машин
E28: оплаты труда | F28: в т.ч. оплаты труда | I28: в т.ч. оплаты труда | J28: на единицу | K28: всего
A29: 1 | B29: 2 | C29: 3 | D29: 4 | E29: 5 | F29: 6 | G29: 7 | H29: 8 | I29: 9 | J29: 10 | K29: 11
A30: Раздел 1. Монтажные работы и оборудование
A31: Применен повышающий территориальный коэффициент к заработной плате К=1,0434
A32: Учтены индексы:
A33: К = 3,94 - индекс перехода сметной стоимости на оборудование от цен 3 кв. 2013 г. к ценам на 01.01.2000 г. (письмо Минрегиона № 13478-СД/10 от 29.07.2013 г. прил. 5)
A34: К= 5,59 - индекс перехода к стоимости материалов от цен 3 кв. 2013 г. к ценам на 01.01.2000 г. (письмо Минрегиона № 13478-СД/10 от 29.07.2013 г. прил. 1)
A35: Учтены транспортные (3%), заготовительно-складские расходы (1,2%) и расходы на материалы (2%)
A37: Пожарная сигнализация
A38: 1 | B38: г. Москва, "Альтоника" III кв. 2013 г. | C38: Объектовый прибор со встроенным передатчиком "Риф Стринг RS-202 ТР 8" Цена: 9919,00:1,18:3,94*1,03*1,012 (компл.) | D38: 1 | E38: 2223.86 | G38: 2224
A39: 2 | B39: ТЕРм10-08-001-08 | C39: Прибор ОПС на 4 луча (1 шт.) | D39: 1 | E39: 45,14 37,04 | F39: 0.37 | G39: 45 | H39: 37 | J39: 2.4 | K39: 2.4
A40: 3 | B40: г. Москва, "Альтоника" III кв. 2013 г. | C40: Антенна АН7-433, направленная усилением +7dBd Цена: 1470:1,18:3,94*1,03*1,012 (шт.) | D40: 1 | E40: 329.58 | G40: 330
A41: 4 | B41: ТЕРм10-04-100-09 | C41: Антенна направленная; аппаратура настенная (1 шт.) | D41: 1 | E41: 151,45 113,1 | G41: 151 | H41: 113 | J41: 8 | K41: 8
A42: 5 | B42: г. Королев, "Болид" III кв. 2013 г. | C42: Резервированный источник питания РИП-12 испе. 06 Цена: 5174,00:1,18:3,94*1,03*1,012 (шт.) | D42: 1 | E42: 1160.02 | G42: 1160
A43: 6 | B43: г. Москва, "База электроники" III кв. 2013 г. | C43: Аккумуляторная батарея U= 12В, I=6A, емк. 26 Ач Цена: 2230,00:1,18:3,94*1,03*1,012 (шт.) | D43: 1 | E43: 499.97 | G43: 500
A44: 7 | B44: ТЕРм10-08-003-03 | C44: Блок питания и контроля (1 шт.) | D44: 1 | E44: 62,22 54,02 | F44: 0.37 | G44: 62 | H44: 54 | J44: 3.6 | K44: 3.6
A45: 8 | B45: ТЕРм10-04-066-06 прим. | C45: Оповещатель комбинированный (1 шт.) | D45: 1 | E45: 102,01 78,13 | G45: 102 | H45: 78 | J45: 6 | K45: 6
A46: 9 | B46: ТЕРм10-08-002-02 | C46: Извещатель ПС автоматический дымовой, фотоэлектрический, радиоизотопный, световой в нормальном исполнении (ИП 212-3СМ) (1 шт.) | D46: 29 | E46: 29,37 23,75 | F46: 0.46 | G46: 852 | H46: 689 | I46: 13 | J46: 1.68 | K46: 48.72
A47: 10 | B47: ТЕРм10-04-066-05 | C47: Извещатель пожарный ручной (ИПР 3СУ) (1 шт.) | D47: 4 | E47: 14,44 13,33 | G47: 58 | H47: 53 | J47: 1 | K47: 4
A48: 11 | B48: ТЕРм10-08-002-03 | C48: Извещатель ПС автоматический тепловой, дымовой, световой во взрывозащищенном исполнении (ИП 103-2/1) (1 шт.) | D48: 3 | E48: 35,7 29,18 | F48: 0.54 | G48: 107 | H48: 88 | I48: 2 | J48: 1.68 | K48: 5.04
A49: 12 | B49: г. Москва, "Сигналспецавтоматика" III кв. 2013 г. | C49: Устройство контроля шлейфов УКШ-02 Цена: 113,52:1,18:3,94*1,03*1,012 (шт.) | D49: 2 | E49: 25.45 | G49: 51
A50: 13 | B50: ТЕРм10-08-001-08 | C50: Прибор ОПС на 4 луча (1 шт.) | D50: 2 | E50: 45,14 37,04 | F50: 0.37 | G50: 90 | H50: 74 | I50: 1 | J50: 2.4 | K50: 4.8
A51: 14 | B51: ТСЦ-509-8065 прим. | C51: Резисторы (шт.) | D51: 48 8+4+29+1+2+1+1+1+1 | E51: 9.99 | G51: 480
A52: 15 | B52: ТЕРм11-03-001-01 | C52: Резисторы (1 шт.) | D52: 68 8+20+4+29+1+2+1+1+1+1 | E52: 8,73 7,58 | G52: 594 | H52: 515 | J52: 0.52 | K52: 35.36
A53: 16 | B53: г. Королев, "Болид" III кв. 2013 г. | C53: Прибор приемно-контрольный охранно-пожарный "Сигнал-20М" (в комплекте 20 резисторов). Цена: 3145,31:1,18:3,94*1,03*1,012 (компл.) | D53: 1 | E53: 705.18 | G53: 705
A54: 17 | B54: ТЕРм10-08-001-02 | C54: Прибор приемно-контрольный охранно-пожарный "Сигнал -20М" (1 шт.) | D54: 1 | E54: 194,79 172,99 | F54: 0.46 | G54: 195 | H54: 173 | J54: 11.7 | K54: 11.7
A55: 18 | B55: ТЕРм10-06-034-12 | C55: Коробка распределительная настенная на кабеле с пластмассовой оболочкой (КРТМ) (1 коробка) | D55: 1 | E55: 86,96 28,28 | F55: 43,15 5,54 | G55: 87 | H55: 28 | I55: 43 6 | J55: 2 | K55: 2
A56: 19 | B56: г. Королев, "Болид" III кв. 2013 г. | C56: Прибор приемно-контрольный охранно-пожарный Яхонт-1И-01. Цена: 3422,0:1,18:3,94*1,03*1,012 (компл.) | D56: 1 | E56: 767.22 | G56: 767
A57: 20 | B57: ТЕРм10-08-001-02 | C57: Прибор приемно-контрольный охранно-пожарный "Яхонт-1И-01" (1 шт.) | D57: 1 | E57: 194,79 172,99 | F57: 0.46 | G57: 195 | H57: 173 | J57: 11.7 | K57: 11.7
A58: 21 | B58: ТЕРм08-02-148-01 прим | C58: Кабель связи в проложенных трубах, блоках и коробах, масса 1 м кабеля до 1 кг (100 м кабеля) | D58: 3,5 0,01*(300+5+25+10+10) | E58: 808,64 175,31 | F58: 547,32 60,38 | G58: 2830 | H58: 614 | I58: 1916 211 | J58: 12.4 | K58: 43.4
A59: 22 | B59: ТЕРм10-08-019-01 | C59: Коробка ответвительная на стене (1 шт.) | D59: 15 | E59: 7,62 7,18 | G59: 114 | H59: 108 | J59: 0.5 | K59: 7.5
A60: 23 | B60: ТЕРм08-01-087-03 | C60: Металлические конструкции (кронштейн для мачты 0,35 м) (1 т) | D60: 0,0026 0,001*1,30*2 | E60: 18494,68 879,39 | F60: 645,33 33,04 | G60: 48 | H60: 2 | I60: 2 | J60: 62.2 | K60: 0.16
A61: 24 | B61: ТЕРм08-02-407-04 | C61: Труба стальная по установленным конструкциям, по стенам с креплением скобами, диаметр до 80 мм (100 м) | D61: 0,03 0,01*3 | E61: 3898,16 933,2 | F61: 1643,41 571,98 | G61: 117 | H61: 28 | I61: 49 17 | J61: 67.5 | K61: 2.03
A62: 25 | B62: ТЕРм08-02-396-05 прим. | C62: Мини-плинтус длиной 2,1 м (100 м) | D62: 2,52 0,01*252 | E62: 1870,64 519,82 | F62: 796,97 211,76 | G62: 4714 | H62: 1310 | I62: 2008 534 | J62: 37.6 | K62: 94.75
A63: 26 | B63: ТЕРм08-02-411-01 прим. | C63: Рукав металлический наружным диаметром до 48 мм (100 м) | D63: 0,35 0,01*35 | E63: 3967,54 479,73 | F63: 240,39 4,17 | G63: 1389 | H63: 168 | I63: 84 1 | J63: 34.7 | K63: 12.15
A64: Оповещение о пожаре
A65: 27 | B65: ТЕРм10-04-066-05 прим. | C65: Оповещатель звуковой ("ЕхОППЗ-2В") (1 шт.) | D65: 2 | E65: 14,44 13,33 | G65: 29 | H65: 27 | J65: 1 | K65: 2
A66: 28 | B66: ТЕРм10-08-002-03 | C66: Извещатель ПС автоматический тепловой, дымовой, световой во взрывозащищенном исполнении (1 шт.) | D66: 2 | E66: 35,7 29,18 | F66: 0.54 | G66: 71 | H66: 58 | I66: 1 | J66: 1.68 | K66: 3.36
A67: 29 | B67: ТЕРм08-01-081-01 прим. | C67: Аппарат (кнопка, ключ управления, замок электромагнитной блокировки, звуковой сигнал, сигнальная лампа) управления и сигнализации, количество подключаемых концов до 2 ( "Люкс" "Выход") (1 шт.) | D67: 3 | E67: 30,5 15,97 | F67: 11,72 0,76 | G67: 92 | H67: 48 | I67: 35 2 | J67: 1.13 | K67: 3.39
A68: 30 | B68: ТЕРм10-04-066-05 прим. | C68: Оповещатель звуковой ("Маяк") (1 шт.) | D68: 9 | E68: 14,44 13,33 | G68: 130 | H68: 120 | J68: 1 | K68: 9
A69: 31 | B69: ТЕРм08-02-148-01 прим. | C69: Кабель связи в проложенных трубах, блоках и коробах, масса 1 м кабеля до 1 кг (100 м кабеля) | D69: 1,3 0,01*130 | E69: 808,64 175,31 | F69: 547,32 60,38 | G69: 1051 | H69: 228 | I69: 712 78 | J69: 12.4 | K69: 16.12
A70: 32 | B70: ТЕРм08-02-396-05 прим. | C70: Кабельный канал металлический по стенам и потолкам, длина 2 м (100 м) | D70: 1,1 0,01*110 | E70: 1870,64 519,82 | F70: 796,97 211,76 | G70: 2058 | H70: 572 | I70: 877 233 | J70: 37.6 | K70: 41.36
A71: 33 | B71: ТЕРм10-08-019-01 | C71: Коробка ответвительная на стене (КМ-О) (1 шт.) | D71: 13 | E71: 7,62 7,18 | G71: 99 | H71: 93 | J71: 0.5 | K71: 6.5
A72: 34 | B72: ТЕРм10-08-019-01 прим. | C72: Коробка соединительно-разветвительная на стене (КСРВ) (1 шт.) | D72: 2 | E72: 7,62 7,18 | G72: 15 | H72: 14 | J72: 0.5 | K72: 1
A73: 35 | B73: ТЕРм08-02-411-01 прим. | C73: Рукав металлический наружным диаметром до 48 мм в комплекте с муфтами и скобами (100 м) | D73: 0,1 0,01*10 | E73: 3967,54 479,73 | F73: 240,39 4,17 | G73: 397 | H73: 48 | I73: 24 | J73: 34.7 | K73: 3.47
A74: 36 | B74: ТЕРм08-02-155-01 прим. Кмат=0 | C74: Герметизация проходов при вводе кабелей во взрывоопасные помещения уплотнительной массой (1 проход кабеля) | D74: 15 | E74: 6,65 6,65 | G74: 100 | H74: 100 | J74: 0.47 | K74: 7.05
A75: Итого прямые затраты по разделу в ценах 2001г. | G75: 22009 | H75: 5613 | I75: 5767 1082 | K75: 396.56
A76: Накладные расходы | G76: 6039
A77: Сметная прибыль | G77: 4248
A78: Итоги по разделу 1 Монтажные работы и оборудование :
A79: Итого Монтажные работы | G79: 26079 | K79: 396.56
A80: Итого Оборудование | G80: 6217
A81: Итого | G81: 32296 | K81: 396.56
A82: В том числе:
A83: Материалы | G83: 4412
A84: Машины и механизмы | G84: 5767
A85: ФОТ | G85: 6695
A86: Оборудование | G86: 6217
A87: Накладные расходы | G87: 6039
A88: Сметная прибыль | G88: 4248
A89: Итого по разделу 1 Монтажные работы и оборудование | G89: 32296 | K89: 396.56
A90: Раздел 2. Материалы, не учтенные ценником
A91: Пожарная сигнализация
A92: 37 | B92: г. Москва, "База электроники" III кв. 2013 г. | C92: Оповещатель комбинированный "Маяк-12-К" Цена: 416,91:1,18:5,59*1,03*1,02 (шт.) | D92: 1 | E92: 66.4 | G92: 66
A93: 38 | B93: г. Королев, "Болид" III кв. 2013 г. | C93: Извещатель пожарный дымовой "ИП 212-3СМ" Цена: 226,00:1,18:5,59*1,03*1,02 (шт.) | D93: 29 | E93: 36 | G93: 1044
A94: 39 | B94: г. Москва, "База электроники" III кв. 2013 г. | C94: Извещатель пожарный ручной "ИПР 3СУ" Цена: 217,80:1,18:5,59*1,03*1,02 (шт.) | D94: 4 | E94: 34.69 | G94: 139
A95: 40 | B95: г. С-Петербург АО "Аргус Спектр" III кв. 2013 г. | C95: Извещатель пожарный тепловой ИП 103-2/1 Цена: 2734,0:1,18:5,59*1,03*1,02 (шт.) | D95: 3 | E95: 435.45 | G95: 1306
A96: 41 | B96: ТСЦ-503-0454 прим. | C96: Коробка телефонная распределительная марки КРТМ-В/10 (шт.) | D96: 1 | E96: 65 | G96: 65
A97: 42 | B97: г. Москва, "Тинко" III кв. 2013 г. | C97: Кабель огнестойкий КСРЭВнг-FRLS 2x0,5 Цена: 9550,0:1,18:5,59*1,03*1,02 (1000 м) | D97: 0,3 0,001*300 | E97: 1521.06 | G97: 456
A98: 43 | B98: г. Москва, "Тинко" III кв. 2013 г. | C98: Кабель огнестойкий КСРЭВнг-FRLS 10x0,5 Цена: 38855,00:1,18:5,59*1,03*1,02 (1000 м) | D98: 0,005 0,001*5 | E98: 6188.57 | G98: 31
A99: 44 | B99: г. Москва, "База электроники" III кв. 2013 г. | C99: Кабель радиочастотный RG-213/U (в компл. с двумя разъемами и переходником) Цена: 128,0:1,18:5,59*1,03*1,02 (м) | D99: 25 | E99: 20.39 | G99: 510
A100: 45 | B100: г. Подольск, "Подольсккабель" III кв. 2013 г. | C100: Кабель ВВГнг-FRLS 3х1,5 Цена: 78340,20:1,18:5,59*1,03*1,02 (1000 м) | D100: 0,01 0,001*10 | E100: 12477.52 | G100: 125
A101: 46 | B101: г. Подольск, "Подольсккабель" III кв. 2013 г. | C101: Кабель ВВГнг-FRLS 2х1,5 Цена: 63802,60:1,18:5,59*1,03*1,02 (1000 м) | D101: 0,01 0,001*10 | E101: 10162.06 | G101: 102
A102: 47 | B102: ТСЦ-503-0453 | C102: Коробка универсальная марки УК-П (шт.) | D102: 15 | E102: 6.79 | G102: 102
A103: 48 | B103: ТСЦ-103-0137 прим. | C103: Трубы стальные электросварные прямошовные со снятой фаской из стали марок БСт2кп-БСт4кп и БСт2пс-БСт4пс наружный диаметр 51 мм (м) | D103: 3 | E103: 30.89 | G103: 93
A104: 49 | B104: г. Екатеринбург, "Legrand" III кв. 2013 г. | C104: Мини-плинтус 20х12,5 мм, L=2,10 м DLPlus, код 30008 Цена: 82,32:1,18:5,59*1,03*1,02 (шт.) | D104: 120 | E104: 13.11 | G104: 1573
A105: 50 | B105: г. Екатеринбург Legrand III кв. 2013 г. | C105: Накладка на стык DLPlus (код 33602) Цена: 29,06:1,18:5,59*1,03*1,02 (шт.) | D105: 120 | E105: 4.63 | G105: 556
A106: 51 | B106: г. Екатеринбург, "Legrand" III кв. 2013 г. | C106: Заглушка, код 31203 Цена: 24,95:1,18:5,59*1,03*1,02 (шт.) | D106: 2 | E106: 3.97 | G106: 8
A107: 52 | B107: г. Екатеринбург, "Legrand" III кв. 2013 г. | C107: Пластиковая лента для уплотнения стыка со стеной, длиной 5 м, код 30418 Цена: 1116,06:1,18:5,59*1,03*1,02 (шт.) | D107: 51 | E107: 177.76 | G107: 9066
A108: 53 | B108: ТСЦ-101-2161 прим. | C108: Металлополимерный рукав диам. усл. проход 10 мм (м) | D108: 35 | E108: 11.9 | G108: 417
...

Sheet 19-4-451
A1: СОГЛАСОВАНО: | I1: УТВЕРЖДАЮ:
A4: ______________ | I4: ____________
A5: " _____ " ________________ 2012 г. | I5: "______ " _______________2012 г.
D6: г. Лесной Свердловской области. ФГУП "Комбинат "Электрохимприбор"
D7: (наименование стройки)
D9: ЛОКАЛЬНЫЙ СМЕТНЫЙ РАСЧЕТ № 314-1931/19-4-451
D10: (локальная смета)
A12: на | B12: Пожарную сигнализацию и оповещение о пожаре, Площадка 8. Здание 447
D13: (наименование работ и затрат, наименование объекта)
B15: Основание: р.ч. 0503.008.0447 - ПС инв. № 313-722, 313-721
B16: Сметная стоимость _______________________________________________________________________________________________ | D16: ___________________________52,909 | F16: тыс. руб.
B17: строительных работ _______________________________________________________________________________________________ | D17: _______________________________________________________________________________________________0,635 | F17: тыс. руб.
B18: монтажных работ _______________________________________________________________________________________________ | D18: _______________________________________________________________________________________________46,679 | F18: тыс. руб.
B19: оборудования _______________________________________________________________________________________________ | D19: _______________________________________________________________________________________________5,595 | F19: тыс. руб.
B20: Средства на оплату труда _______________________________________________________________________________________________ | D20: ___________________________6,152 | F20: тыс. руб.
B21: Сметная трудоемкость _______________________________________________________________________________________________ | D21: _______________________________________________________________________________________________363,79 | F21: чел.час
B22: Трудозатраты механизаторов _______________________________________________________________________________________________ | D22: _______________________________________________________________________________________________59,98 | F22: чел.час
B23: Составлен(а) в ценах по состоянию на 01.01.2000 г. (Редакция 2009 г.)
A26: № пп | B26: Шифр и номер позиции норматива | C26: Наименование работ и затрат, единица измерения | D26: Количество | E26: Стоимость единицы, руб. | G26: Общая стоимость, руб. | J26: Затраты труда рабочих, чел.-ч, не занятых обслуживанием машин
E27: всего | F27: эксплуата- ции машин | G27: Всего | H27: оплаты труда | I27: эксплуата- ция машин
E28: оплаты труда | F28: в т.ч. оплаты труда | I28: в т.ч. оплаты труда | J28: на единицу | K28: всего
A29: 1 | B29: 2 | C29: 3 | D29: 4 | E29: 5 | F29: 6 | G29: 7 | H29: 8 | I29: 9 | J29: 10 | K29: 11
A30: Раздел 1. Монтажные работы и оборудование
A31: Применен повышающий территориальный коэффициент к заработной плате К=1,0434
A32: Учтены индексы:
A33: К = 3,94 - индекс перехода сметной стоимости на оборудование от цен 3 кв. 2013 г. к ценам на 01.01.2000 г. (письмо Минрегиона № 13478-СД/10 от 29.07.2013 г. прил. 5)
A34: К= 5,59 - индекс перехода к стоимости материалов от цен 3 кв. 2013 г. к ценам на 01.01.2000 г. (письмо Минрегиона № 13478-СД/10 от 29.07.2013 г. прил. 1)
A35: Учтены транспортные (3%), заготовительно-складские расходы (1,2%) и расходы на материалы (2%)
A37: Пожарная сигнализация
A38: 1 | B38: г. Москва, "Альтоника" III кв. 2013 г. | C38: Объектовый прибор со встроенным передатчиком "Риф Стринг RS-202 ТР 8" Цена: 9919,00:1,18:3,94*1,03*1,012 (компл.) | D38: 1 | E38: 2223.86 | G38: 2224
A39: 2 | B39: ТЕРм10-08-001-08 | C39: Прибор ОПС на 4 луча (1 шт.) | D39: 1 | E39: 45,14 37,04 | F39: 0.37 | G39: 45 | H39: 37 | J39: 2.4 | K39: 2.4
A40: 3 | B40: г. Москва, "Альтоника" III кв. 2013 г. | C40: Антенна АН7-433, направленная усилением +7dBd Цена: 1470,00:1,18:3,94*1,03*1,012 (шт.) | D40: 1 | E40: 329.58 | G40: 330
A41: 4 | B41: ТЕРм10-04-100-09 | C41: Антенна направленная; аппаратура настенная (1 шт.) | D41: 1 | E41: 151,45 113,1 | G41: 151 | H41: 113 | J41: 8 | K41: 8
A42: 5 | B42: ТЕРм11-04-020-01 | C42: Разъемы штепсельные с разделкой и включением экранированного кабеля, сечение жилы до 1 мм2, количество подключаемых жил 14 шт. (1 шт.) | D42: 2 1+1 | E42: 35,04 28,48 | G42: 70 | H42: 57 | J42: 2.06 | K42: 4.12
A43: 6 | B43: ТЕРм08-01-061-01 | C43: Грозоразрядник (1 шт.) | D43: 1 | E43: 38,29 15,97 | F43: 7,28 0,55 | G43: 38 | H43: 16 | I43: 7 1 | J43: 1.13 | K43: 1.13
A44: 7 | B44: ТЕРм10-04-066-06 прим. | C44: Оповещатель комбинированный (1 шт.) | D44: 1 | E44: 102,01 78,13 | G44: 102 | H44: 78 | J44: 6 | K44: 6
A45: 8 | B45: ТЕРм10-08-002-02 | C45: Извещатель ПС автоматический дымовой, фотоэлектрический, радиоизотопный, световой в нормальном исполнении (ИП 212-3СМ) (1 шт.) | D45: 19 | E45: 29,37 23,75 | F45: 0.46 | G45: 558 | H45: 451 | I45: 9 | J45: 1.68 | K45: 31.92
A46: 9 | B46: ТЕРм10-04-066-05 | C46: Извещатель пожарный ручной (ИПР 3СУ) (1 шт.) | D46: 7 | E46: 14,44 13,33 | G46: 101 | H46: 93 | J46: 1 | K46: 7
A47: 10 | B47: ТЕРм10-04-100-01 | C47: Оборудование радиотрансляционных узлов шкаф или статив (стойка), масса до 100 кг (1 шт.) | D47: 1 | E47: 187,31 183,79 | G47: 187 | H47: 184 | J47: 13 | K47: 13
A48: 11 | B48: ТСЦ-509-8065 прим. | C48: Резисторы (шт.) | D48: 4 1+2+1 | E48: 9.99 | G48: 40
A49: 12 | B49: ТЕРм11-03-001-01 | C49: Резисторы (1 шт.) | D49: 4 1+2+1 | E49: 8,73 7,58 | G49: 35 | H49: 30 | J49: 0.52 | K49: 2.08
A50: 13 | B50: г. Королев, "Болид" III кв. 2013 г. | C50: Прибор приемно-контрольный охранно-пожарный "Сигнал-20М" (в комплекте 20 резисторов). Цена: 3145,31:1,18:3,94*1,03*1,012 (компл.) | D50: 1 | E50: 705.18 | G50: 705
A51: 14 | B51: ТЕРм10-08-001-02 | C51: Прибор приемно-контрольный охранно-пожарный "Сигнал -20М" (1 шт.) | D51: 1 | E51: 194,79 172,99 | F51: 0.46 | G51: 195 | H51: 173 | J51: 11.7 | K51: 11.7
A52: 15 | B52: ТСЦ-509-8065 прим. | C52: Резисторы (шт.) | D52: 34 8+7+19 | E52: 9.99 | G52: 340
A53: 16 | B53: ТЕРм11-03-001-01 | C53: Резисторы (1 шт.) | D53: 54 8+7+19+20 | E53: 8,73 7,58 | G53: 471 | H53: 409 | J53: 0.52 | K53: 28.08
A54: 17 | B54: ТЕРм10-06-034-12 | C54: Коробка распределительная настенная на кабеле с пластмассовой оболочкой (КРТ-10) (1 коробка) | D54: 1 | E54: 86,96 28,28 | F54: 43,15 5,54 | G54: 87 | H54: 28 | I54: 43 6 | J54: 2 | K54: 2
A55: 18 | B55: г. Королев, "Болид" III кв. 2013 г. | C55: Резервированный источник питания РИП-12 исп. 02 Цена: 2464,0:1,18:3,94*1,03*1,012 (шт.) | D55: 1 | E55: 552.43 | G55: 552
A56: 19 | B56: г. Москва, "База электроники" III кв. 2013 г. | C56: Аккумуляторная батарея U= 12В, I=2A, емк. 7 Ач Цена: 400:1,18:3,94*1,03*1,012 (шт.) | D56: 1 | E56: 89.68 | G56: 90
A57: 20 | B57: г. Москва, "База электроники" III кв. 2013 г. | C57: Аккумуляторная батарея DTM 1226 U= 12В, емк. 26 Ач Цена: 2306:1,18:3,94*1,03*1,012 (шт.) | D57: 1 | E57: 517.01 | G57: 517
A58: 21 | B58: ТЕРм10-08-003-03 | C58: Блок питания и контроля (1 шт.) | D58: 1 | E58: 62,22 54,02 | F58: 0.37 | G58: 62 | H58: 54 | J58: 3.6 | K58: 3.6
A59: 22 | B59: ТЕРм10-08-002-03 | C59: Извещатель ПС автоматический тепловой, дымовой, световой во взрывозащищенном исполнении (ИП 103-2/1) (1 шт.) | D59: 3 | E59: 35,7 29,18 | F59: 0.54 | G59: 107 | H59: 88 | I59: 2 | J59: 1.68 | K59: 5.04
A60: 23 | B60: г. Королев, "Болид" III кв. 2013 г. | C60: Прибор приемно-контрольный охранно-пожарный Яхонт-1И-01. Цена: 3422,0:1,18:3,94*1,03*1,012 (компл.) | D60: 1 | E60: 767.22 | G60: 767
A61: 24 | B61: ТЕРм10-08-001-02 | C61: Прибор приемно-контрольный охранно-пожарный "Яхонт-1И-01" (1 шт.) | D61: 1 | E61: 194,79 172,99 | F61: 0.46 | G61: 195 | H61: 173 | J61: 11.7 | K61: 11.7
A62: 25 | B62: ТСЦ-509-8065 прим. | C62: Резисторы (шт.) | D62: 3 1+1+1 | E62: 9.99 | G62: 30
A63: 26 | B63: ТЕРм11-03-001-01 | C63: Резисторы (1 шт.) | D63: 3 1+1+1 | E63: 8,73 7,58 | G63: 26 | H63: 23 | J63: 0.52 | K63: 1.56
A64: 27 | B64: ТЕРм08-02-148-01 прим | C64: Кабель связи в проложенных трубах, блоках и коробах, масса 1 м кабеля до 1 кг (100 м кабеля) | D64: 2,9 0,01*(230+15+25+10+10) | E64: 808,64 175,31 | F64: 547,32 60,38 | G64: 2345 | H64: 508 | I64: 1587 175 | J64: 12.4 | K64: 35.96
A65: 28 | B65: ТЕРм10-08-019-01 прим. | C65: Коробка соединительно-разветвительная на стене (КСРВ) (1 шт.) | D65: 1 | E65: 7,62 7,18 | G65: 8 | H65: 7 | J65: 0.5 | K65: 0.5
A66: 29 | B66: ТЕРм10-08-019-01 | C66: Коробка ответвительная на стене (УК-П) (1 шт.) | D66: 8 | E66: 7,62 7,18 | G66: 61 | H66: 57 | J66: 0.5 | K66: 4
A67: 30 | B67: ТЕРм08-01-087-03 | C67: Металлические конструкции (кронштейн для мачты 0,35 м) (1 т) | D67: 0,0026 0,001*1,30*2 | E67: 18494,68 879,39 | F67: 645,33 33,04 | G67: 48 | H67: 2 | I67: 2 | J67: 62.2 | K67: 0.16
A68: 31 | B68: ТЕРм08-02-407-04 | C68: Труба стальная по установленным конструкциям, по стенам с креплением скобами, диаметр до 80 мм (100 м) | D68: 0,05 0,01*5 | E68: 3898,16 933,2 | F68: 1643,41 571,98 | G68: 195 | H68: 47 | I68: 82 29 | J68: 67.5 | K68: 3.38
A69: 32 | B69: ТЕРм08-02-396-05 прим. | C69: Мини-плинтус длиной 2,1 м (100 м) | D69: 2,3 0,01*230 | E69: 1870,64 519,82 | F69: 796,97 211,76 | G69: 4302 | H69: 1196 | I69: 1833 487 | J69: 37.6 | K69: 86.48
A70: 33 | B70: ТЕРм08-02-411-01 прим. | C70: Рукав металлический наружным диаметром до 48 мм в комплекте с муфтами и скобами (100 м) | D70: 0,1 0,01*10 | E70: 3967,54 479,73 | F70: 240,39 4,17 | G70: 397 | H70: 48 | I70: 24 | J70: 34.7 | K70: 3.47
A71: Оповещение о пожаре
A72: 34 | B72: ТЕРм10-04-066-05 прим. | C72: Оповещатель звуковой ("ЕхОППЗ-2В") (1 шт.) | D72: 2 | E72: 14,44 13,33 | G72: 29 | H72: 27 | J72: 1 | K72: 2
A73: 35 | B73: ТЕРм10-08-002-03 | C73: Извещатель ПС автоматический тепловой, дымовой, световой во взрывозащищенном исполнении (1 шт.) | D73: 2 | E73: 35,7 29,18 | F73: 0.54 | G73: 71 | H73: 58 | I73: 1 | J73: 1.68 | K73: 3.36
A74: 36 | B74: ТЕРм08-01-081-01 прим. | C74: Аппарат (кнопка, ключ управления, замок электромагнитной блокировки, звуковой сигнал, сигнальная лампа) управления и сигнализации, количество подключаемых концов до 2 ( "Люкс" "Выход") (1 шт.) | D74: 6 | E74: 30,5 15,97 | F74: 11,72 0,76 | G74: 183 | H74: 96 | I74: 70 5 | J74: 1.13 | K74: 6.78
A75: 37 | B75: ТЕРм10-04-066-05 прим. | C75: Оповещатель звуковой ("Маяк") (1 шт.) | D75: 6 | E75: 14,44 13,33 | G75: 87 | H75: 80 | J75: 1 | K75: 6
A76: 38 | B76: ТЕРм08-02-148-01 прим. | C76: Кабель связи в проложенных трубах, блоках и коробах, масса 1 м кабеля до 1 кг (100 м кабеля) | D76: 1 0,01*100 | E76: 808,64 175,31 | F76: 547,32 60,38 | G76: 809 | H76: 175 | I76: 547 60 | J76: 12.4 | K76: 12.4
A77: 39 | B77: ТЕРм08-02-396-05 прим. | C77: Кабельный канал металлический по стенам и потолкам, длина 2 м (100 м) | D77: 1 0,01*100 | E77: 1870,64 519,82 | F77: 796,97 211,76 | G77: 1871 | H77: 520 | I77: 797 212 | J77: 37.6 | K77: 37.6
A78: 40 | B78: ТЕРм10-08-019-01 | C78: Коробка ответвительная на стене (КМ-О) (1 шт.) | D78: 10 | E78: 7,62 7,18 | G78: 76 | H78: 72 | J78: 0.5 | K78: 5
A79: 41 | B79: ТЕРм10-08-019-01 прим. | C79: Коробка соединительно-разветвительная на стене (КСРВ) (1 шт.) | D79: 2 1+1 | E79: 7,62 7,18 | G79: 15 | H79: 14 | J79: 0.5 | K79: 1
A80: 42 | B80: ТЕРм08-02-411-01 прим. | C80: Рукав металлический наружным диаметром до 48 мм (100 м) | D80: 0,05 0,01*5 | E80: 3967,54 479,73 | F80: 240,39 4,17 | G80: 198 | H80: 24 | I80: 12 | J80: 34.7 | K80: 1.74
A81: 43 | B81: ТЕРм08-02-407-07 прим. | C81: Установка гильз (100 м) | D81: 0,03 0,2*15*0,01 | E81: 1799,84 327,66 | F81: 272,55 15,19 | G81: 54 | H81: 10 | I81: 8 | J81: 23.7 | K81: 0.71
A82: 44 | B82: ТЕРм08-02-155-01 прим. Кмат=0 | C82: Герметизация проходов при вводе кабелей во взрывоопасные помещения уплотнительной массой (1 проход кабеля) | D82: 15 | E82: 6,65 6,65 | G82: 100 | H82: 100 | J82: 0.47 | K82: 7.05
A83: Итого прямые затраты по разделу в ценах 2001г. | G83: 18874 | H83: 5048 | I83: 5024 975 | K83: 356.92
A84: Накладные расходы | G84: 5457
A85: Сметная прибыль | G85: 3833
A86: Итоги по разделу 1 Монтажные работы и оборудование :
A87: Итого Монтажные работы | G87: 22569 | K87: 356.92
A88: Итого Оборудование | G88: 5595
A89: Итого | G89: 28164 | K89: 356.92
A90: В том числе:
A91: Материалы | G91: 3207
A92: Машины и механизмы | G92: 5024
A93: ФОТ | G93: 6023
A94: Оборудование | G94: 5595
A95: Накладные расходы | G95: 5457
A96: Сметная прибыль | G96: 3833
A97: Итого по разделу 1 Монтажные работы и оборудование | G97: 28164 | K97: 356.92
A98: Раздел 2. Материалы, не учтенные ценником
A99: Пожарная сигнализация
A100: 45 | B100: г. Москва, "Альтоника" III кв. 2013 г. | C100: Розетка обжимная на кабеле RG-213/U Цена: 55,0:1,18:5,59*1,03*1,02 (шт.) | D100: 1 | E100: 8.76 | G100: 9
A101: 46 | B101: г. Москва, "Альтоника" III кв. 2013 г. | C101: Вилка обжимная на кабеле RG-58/U Цена: 125,0:1,18:5,59*1,03*1,02 (шт.) | D101: 1 | E101: 19.91 | G101: 20
A102: 47 | B102: г. Москва, "Альтоника" III кв. 2013 г. | C102: Грозоразрядник с газонаполнением N-712Q Цена: 1812,25:1,18:5,59*1,03*1,02 (шт.) | D102: 1 | E102: 288.64 | G102: 289
A103: 48 | B103: г. Москва, "База электроники" III кв. 2013 г. | C103: Оповещатель комбинированный "Маяк-12-К" Цена: 416,91:1,18:5,59*1,03*1,02 (шт.) | D103: 1 | E103: 66.4 | G103: 66
A104: 49 | B104: г. Королев, "Болид" III кв. 2013 г. | C104: Извещатель пожарный дымовой "ИП 212-3СМ" Цена: 226,00:1,18:5,59*1,03*1,02 (шт.) | D104: 19 | E104: 36 | G104: 684
A105: 50 | B105: г. Москва, "База электроники" III кв. 2013 г. | C105: Извещатель пожарный ручной "ИПР 3СУ" Цена: 217,80:1,18:5,59*1,03*1,02 (шт.) | D105: 7 | E105: 34.69 | G105: 243
A106: 51 | B106: ТСЦ-503-0454 прим. | C106: Коробка телефонная распределительная марки КРТ-10 (шт.) | D106: 1 | E106: 65 | G106: 65
A107: 52 | B107: г. С-Петербург АО "Аргус Спектр" III кв. 2013 г. | C107: Извещатель пожарный тепловой ИП 103-2/1 Цена: 2734,0:1,18:5,59*1,03*1,02 (шт.) | D107: 3 | E107: 435.45 | G107: 1306
A108: 53 | B108: ООО "ТЗМА" III кв. 2013 г. | C108: Шкаф утепленный обогреваемый КШО-Э-З(Н), разм. 1000х600х530 мм Цена: 11639,40:1,18:5,59*1,03*1,012 (шт.) | D108: 1 | E108: 1853.85 | G108: 1854
...

Sheet 19-4-462
A1: СОГЛАСОВАНО: | I1: УТВЕРЖДАЮ:
A4: ______________ | I4: ____________
A5: " _____ " ________________ 2012 г. | I5: "______ " _______________2012 г.
D6: г. Лесной Свердловской области. ФГУП "Комбинат "Электрохимприбор"
D7: (наименование стройки)
D9: ЛОКАЛЬНЫЙ СМЕТНЫЙ РАСЧЕТ № 314-1931/19-4-462
D10: (локальная смета)
A12: на | B12: Пожарную сигнализацию и оповещение о пожаре, Площадка 1. Склады цеха 032
D13: (наименование работ и затрат, наименование объекта)
B15: Основание: р.ч. 0503.001.0351 - ПС, инв. № 313-729, 313-730
B16: Сметная стоимость _______________________________________________________________________________________________ | D16: ___________________________24,833 | F16: тыс. руб.
B17: строительных работ _______________________________________________________________________________________________ | D17: _______________________________________________________________________________________________0,424 | F17: тыс. руб.
B18: монтажных работ _______________________________________________________________________________________________ | D18: _______________________________________________________________________________________________23,212 | F18: тыс. руб.
B19: оборудования _______________________________________________________________________________________________ | D19: _______________________________________________________________________________________________1,197 | F19: тыс. руб.
